Workbook

Sheet USE OF DATA
C1: WHAT DO USERS WANT?
C2: MAIN USE OF DATA | D2: WHAT DATA SHOULD I USE? | E2: WORKSHEET
B3: 1 | C3: Policy Formulations | D3: The original unadjusted series and all components | E3: Original_VA
B4: 2 | C4: Macro-economic model building | D4: Could be Unadjusted, adjusted, trend-cycle or all components depending on the main purpose of the model | E4: Original_VA, Deseason_VA, Trend_VA
B5: 3 | C5: To determine what actually happened | D5: The original unadjusted series | E5: Original_VA
B6: 4 | C6: Analysis of the effect of particular events such as a strike | D6: The irregular component | E6: Deseason_VA and Trend_VA
B7: 5 | C7: Business Cycle analysis & detection of turning points | D7: Trend-cycle and irregular component | E7: Trend_VA
B8: 6 | C8: Short-term and medium term forecasting | D8: Original unadjusted series and all its components | E8: Original_VA
B9: 7 | C9: Long-term forecasting | D9: The trend cycle component | E9: Trend_VA
C12: Notes:
B13: a | C13: Original (Unadjusted) estimates have been benchmarked to the revised 2024/25 Annual GDP estimates (October release 2025) and therefore revisions have been made to all Quarters of 2024/25.
B14: b | C14: Revisions in series of Food Crops, Cash crops, Trade & Repairs, Food & Accommodation service and Financial & Insurance Services were due to benchmarking the estimates
B15: c | C15: Seasonally adjusted data are subject to revisions as future data become available, even when the original data are not revised.
B16: d | C16: Seasonally adjusted and Trend-cycle estimates represent an analytical elaboration of the data designed to show the underlying movements that may be hidden by the seasonal variations.
B17: e | C17: Seasonally adjusted data is the sum of the Trend-cycle component and the Irregular component. When the Irregular component is strong, the Seasonally adjusted series may not present a smooth pattern.
B18: f | C18: Original (Unadjusted) data are useful in their own right. They show the actual economic events that have occurred and therefore Seasonally adjusted data should not replace the unadjusted data.

Sheet Summary
A2: TABLE 1: SUMMARY OF QGDP AT CONSTANT 2016/17 PRICES, BILLION SHILLINGS, 2016/17-2024/25
A3: Year | B3: 2016/17 | F3: 2017/18 | G3: 2017/18 | J3: 2018/19 | N3: 2019/20 | R3: 2020/21 | V3: 2021/22 | Z3: 2022/23 | AD3: 2023/24 | AH3: 2024/25
A4: Period | B4: Q1 | C4: Q2 | D4: Q3 | E4: Q4 | F4: Q1 | G4: Q2 | H4: Q3 | I4: Q4 | J4: Q1 | K4: Q2 | L4: Q3 | M4: Q4 | N4: Q1 | O4: Q2 | P4: Q3 | Q4: Q4 | R4: Q1 | S4: Q2 | T4: Q3 | U4: Q4 | V4: Q1 | W4: Q2 | X4: Q3 | Y4: Q4 | Z4: Q1 | AA4: Q2 | AB4: Q3 | AC4: Q4 | AD4: Q1 | AE4: Q2 | AF4: Q3 | AG4: Q4 | AH4: Q1 | AI4: Q2 | AJ4: Q3 | AK4: Q4
A5: ORIGINAL ESTIMATES
A6: GDP at market prices | B6: 28577.25 | C6: 26610.224 | D6: 26240.151 | E6: 27090.416 | F6: 30772.211 | G6: 28335.282 | H6: 27653.33 | I6: 28598.112 | J6: 32487.628 | K6: 29958.638 | L6: 29773.221 | M6: 30567.116 | N6: 34943.76 | O6: 32466.476 | P6: 30130.098 | Q6: 28870.078 | R6: 34802.79 | S6: 32477.032 | T6: 30975.068 | U6: 32626.128 | V6: 35622.479 | W6: 34024.497 | X6: 32716.622 | Y6: 34522.269 | Z6: 38746.74 | AA6: 35491.988 | AB6: 33446.221 | AC6: 36506.48 | AD6: 41068.053 | AE6: 37544.269 | AF6: 35728.81 | AG6: 38581.926 | AH6: 43605.801 | AI6: 39557.92 | AJ6: 38728.024 | AK6: 40714.112
A7: Agriculture, Forestry & Fishing | B7: 8012.3898 | C7: 6110.5575 | D7: 5359.3298 | E7: 5974.7915 | F7: 8783.7536 | G7: 6199.5724 | H7: 5495.0897 | I7: 6096.0101 | J7: 8974.6097 | K7: 6448.4413 | L7: 5935.2774 | M7: 6628.7289 | N7: 9517.4185 | O7: 6941.2508 | P7: 5858.4835 | Q7: 7019.6669 | R7: 10178.838 | S7: 7480.0515 | T7: 5874.7257 | U7: 7070.5839 | V7: 10624.95 | W7: 7330.892 | X7: 6120.4466 | Y7: 7804.9868 | Z7: 11088.263 | AA7: 8197.4364 | AB7: 6452.1008 | AC7: 7589.8403 | AD7: 11715.27 | AE7: 8365.8311 | AF7: 6712.9791 | AG7: 8392.5624 | AH7: 12457.04 | AI7: 9018.0557 | AJ7: 7404.857 | AK7: 8683.383
A8: Industry | B8: 6768.716 | C8: 7106.9089 | D8: 7305.3933 | E8: 7067.3073 | F8: 7134.88 | G8: 7312.6338 | H8: 7537.2012 | I8: 7631.559 | J8: 7779.6771 | K8: 8068.1914 | L8: 8243.4977 | M8: 8201.904 | N8: 8570.222 | O8: 8886.3537 | P8: 8486.8215 | Q8: 7398.8259 | R8: 8380.9727 | S8: 8755.8128 | T8: 8669.1217 | U8: 8693.545 | V8: 8370.9889 | W8: 9440.9003 | X8: 9148.3101 | Y8: 9308.0272 | Z8: 9399.6531 | AA8: 9216.6 | AB8: 9213.3947 | AC8: 9900.0046 | AD8: 10329.759 | AE8: 9629.8792 | AF8: 9832.846 | AG8: 10008.722 | AH8: 10858.952 | AI8: 10366.675 | AJ8: 10560.473 | AK8: 10766.263
A9: Services | B9: 11937.718 | C9: 11574.904 | D9: 11626.767 | E9: 12042.627 | F9: 12862.303 | G9: 12815.187 | H9: 12685.299 | I9: 12837.368 | J9: 13754.229 | K9: 13368.754 | L9: 13465.069 | M9: 13600.746 | N9: 14658.783 | O9: 14367.919 | P9: 13669.805 | Q9: 12849.733 | R9: 14119.436 | S9: 14074.464 | T9: 14391.411 | U9: 14495.401 | V9: 14539.217 | W9: 14902.836 | X9: 14962.97 | Y9: 14980.554 | Z9: 15799.82 | AA9: 15607.29 | AB9: 15193.7 | AC9: 16317.734 | AD9: 16221.882 | AE9: 16906.179 | AF9: 16418.929 | AG9: 17379.216 | AH9: 17192.952 | AI9: 17283.664 | AJ9: 17847.735 | AK9: 18239.581
A10: Adjustments
A11: Taxes on products | B11: 1858.4261 | C11: 1817.8528 | D11: 1948.6611 | E11: 2005.691 | F11: 1991.2744 | G11: 2007.8887 | H11: 1935.7403 | I11: 2033.1747 | J11: 1979.1119 | K11: 2073.2514 | L11: 2129.377 | M11: 2135.7379 | N11: 2197.3365 | O11: 2270.9524 | P11: 2114.9878 | Q11: 1601.8521 | R11: 2123.5437 | S11: 2166.7043 | T11: 2039.8093 | U11: 2366.598 | V11: 2087.3237 | W11: 2349.8691 | X11: 2484.895 | Y11: 2428.7012 | Z11: 2459.0041 | AA11: 2470.6617 | AB11: 2587.0261 | AC11: 2698.9015 | AD11: 2801.1416 | AE11: 2642.3794 | AF11: 2764.0558 | AG11: 2801.4262 | AH11: 3096.8575 | AI11: 2889.5255 | AJ11: 2914.9594 | AK11: 3024.8849
A13: SEASONALLY ADJUSTED ESTIMATES
A14: GDP at market prices | B14: 26412.382 | C14: 26833.178 | D14: 27615.092 | E14: 27881.12 | F14: 28280.027 | G14: 28575.32 | H14: 29218.34 | I14: 29435.05 | J14: 29940.121 | K14: 30171.336 | L14: 31551.784 | M14: 31384.57 | N14: 32281.331 | O14: 32718.16 | P14: 31924.5 | Q14: 29657.775 | R14: 31892.811 | S14: 32711.164 | T14: 32892.138 | U14: 33292.407 | V14: 32651.965 | W14: 34298.482 | X14: 34986.793 | Y14: 35121.515 | Z14: 35508.22 | AA14: 35826.953 | AB14: 35796.595 | AC14: 36928.295 | AD14: 37523.449 | AE14: 38007.399 | AF14: 38339.889 | AG14: 39026.861 | AH14: 39915.242 | AI14: 40085.641 | AJ14: 41469.29 | AK14: 41170.975
A15: Agriculture, Forestry & Fishing | B15: 6111.832 | C15: 6366.2603 | D15: 6581.6237 | E15: 6548.3013 | F15: 6621.7992 | G15: 6534.0663 | H15: 6886.0886 | I15: 6661.5543 | J15: 6774.9055 | K15: 6780.1172 | L15: 7531.6179 | M15: 7187.0755 | N15: 7179.2464 | O15: 7292.5497 | P15: 7451.7651 | Q15: 7591.4624 | R15: 7564.1471 | S15: 7824.6088 | T15: 7524.1755 | U15: 7641.8806 | V15: 7905.7917 | W15: 7641.1633 | X15: 8041.8861 | Y15: 8458.7833 | Z15: 8127.4547 | AA15: 8518.1186 | AB15: 8397.9018 | AC15: 8271.6267 | AD15: 8555.8547 | AE15: 8679.4521 | AF15: 8868.1861 | AG15: 9157.3728 | AH15: 9115.7855 | AI15: 9334.5215 | AJ15: 9662.7346 | AK15: 9484.7067
A16: Industry | B16: 6812.1301 | C16: 7078.34 | D16: 7247.1038 | E16: 7135.733 | F16: 7163.6811 | G16: 7241.3149 | H16: 7495.2933 | I16: 7721.5312 | J16: 7796.477 | K16: 7980.5639 | L16: 8224.0315 | M16: 8286.6614 | N16: 8567.4044 | O16: 8828.0564 | P16: 8499.6111 | Q16: 7471.4768 | R16: 8328.0138 | S16: 8706.93 | T16: 8727.6817 | U16: 8740.5984 | V16: 8308.6732 | W16: 9460.6047 | X16: 9267.3387 | Y16: 9301.8903 | Z16: 9268.2224 | AA16: 9248.2971 | AB16: 9347.9433 | AC16: 9819.9064 | AD16: 10084.098 | AE16: 9738.1849 | AF16: 9989.8716 | AG16: 9966.2093 | AH16: 10619.586 | AI16: 10501.944 | AJ16: 10725.481 | AK16: 10700.809
A17: Services | B17: 11604.807 | C17: 11584.127 | D17: 11817.743 | E17: 12217.252 | F17: 12483.121 | G17: 12811.629 | H17: 12878.262 | I17: 13036.707 | J17: 13373.969 | K17: 13360.328 | L17: 13645.192 | M17: 13785.711 | N17: 14326.283 | O17: 14345.967 | P17: 13843.133 | Q17: 12996.007 | R17: 13875.051 | S17: 14022.672 | T17: 14590.563 | U17: 14540.868 | V17: 14364.068 | W17: 14839.509 | X17: 15186.461 | Y17: 14926.892 | Z17: 15685.95 | AA17: 15563.025 | AB17: 15460.188 | AC17: 16132.282 | AD17: 16129.452 | AE17: 16905.698 | AF17: 16714.68 | AG17: 17097.728 | AH17: 17137.749 | AI17: 17310.855 | AJ17: 18162.766 | AK17: 17958.216
A18: Adjustments
A19: Taxes on products | B19: 1883.6127 | C19: 1804.4505 | D19: 1968.6215 | E19: 1979.8334 | F19: 2011.4249 | G19: 1988.3105 | H19: 1958.6955 | I19: 2015.258 | J19: 1994.7694 | K19: 2050.3272 | L19: 2150.942 | M19: 2125.1221 | N19: 2208.3967 | O19: 2251.587 | P19: 2129.9909 | Q19: 1598.8292 | R19: 2125.599 | S19: 2156.9531 | T19: 2049.7184 | U19: 2369.0604 | V19: 2073.4323 | W19: 2357.2047 | X19: 2491.1073 | Y19: 2433.9488 | Z19: 2426.5932 | AA19: 2497.5123 | AB19: 2590.5617 | AC19: 2704.4794 | AD19: 2754.0437 | AE19: 2684.0639 | AF19: 2767.1507 | AG19: 2805.5516 | AH19: 3042.1217 | AI19: 2938.3201 | AJ19: 2918.3093 | AK19: 3027.2432
A21: TREND CYCLE ESTIMATES
A22: GDP at market prices | B22: 26463.215 | C22: 26873.32 | D22: 27377.604 | E22: 27828.633 | F22: 28165.944 | G22: 28515.282 | H22: 28962.671 | I22: 29458.581 | J22: 29876.385 | K22: 30340.894 | L22: 30852.208 | M22: 31486.946 | N22: 32235.222 | O22: 32548.013 | P22: 32190.328 | Q22: 32003.037 | R22: 32218.63 | S22: 32524.946 | T22: 32835.262 | U22: 32924.12 | V22: 33149.569 | W22: 34063.607 | X22: 34746.616 | Y22: 35092.187 | Z22: 35354.053 | AA22: 35602.14 | AB22: 36076.794 | AC22: 36786.043 | AD22: 37209.646 | AE22: 37737.153 | AF22: 38348.224 | AG22: 39280.849 | AH22: 39943.516 | AI22: 40316.163 | AJ22: 40765.026 | AK22: 41326.47
A23: Agriculture, Forestry & Fishing | B23: 6218.8815 | C23: 6294.4679 | D23: 6408.2976 | E23: 6477.5191 | F23: 6491.92 | G23: 6509.745 | H23: 6593.63 | I23: 6679.6719 | J23: 6762.1648 | K23: 6853.7422 | L23: 6976.9249 | M23: 7094.2545 | N23: 7181.0354 | O23: 7251.9083 | P23: 7353.8193 | Q23: 7494.804 | R23: 7588.2493 | S23: 7577.7207 | T23: 7533.6338 | U23: 7517.0176 | V23: 7590.7756 | W23: 7809.8977 | X23: 8061.5077 | Y23: 8304.7971 | Z23: 8432.3266 | AA23: 8399.0411 | AB23: 8345.1929 | AC23: 8350.2267 | AD23: 8417.9208 | AE23: 8586.8618 | AF23: 8786.5021 | AG23: 8983.3267 | AH23: 9131.0139 | AI23: 9203.4534 | AJ23: 9284.9916 | AK23: 9409.0282
A24: Industry | B24: 6795.0098 | C24: 7057.0163 | D24: 7190.6806 | E24: 7181.2301 | F24: 7151.961 | G24: 7264.681 | H24: 7489.38 | I24: 7693.5302 | J24: 7818.4785 | K24: 7993.0725 | L24: 8172.6885 | M24: 8348.1836 | N24: 8610.0665 | O24: 8759.0411 | P24: 8686.6509 | Q24: 8662.3296 | R24: 8724.8673 | S24: 8728.4973 | T24: 8722.721 | U24: 8700.9642 | V24: 8832.7434 | W24: 9176.1541 | X24: 9266.5108 | Y24: 9303.2367 | Z24: 9262.9183 | AA24: 9235.3843 | AB24: 9424.3365 | AC24: 9744.7046 | AD24: 9866.5507 | AE24: 9836.8881 | AF24: 9961.0616 | AG24: 10288.964 | AH24: 10551.412 | AI24: 10632.767 | AJ24: 10635.877 | AK24: 10699.075
A25: Services | B25: 11586.049 | C25: 11610.579 | D25: 11827.467 | E25: 12177.9 | F25: 12519.691 | G25: 12755.811 | H25: 12902.175 | I25: 13093.348 | J25: 13287.455 | K25: 13433.436 | L25: 13581.539 | M25: 13891.138 | N25: 14237.521 | O25: 14318.012 | P25: 13980.183 | Q25: 13710.197 | R25: 13761.384 | S25: 14078.333 | T25: 14427.698 | U25: 14528.201 | V25: 14476.812 | W25: 14707.093 | X25: 14960.746 | Y25: 15034.609 | Z25: 15226.002 | AA25: 15474.232 | AB25: 15710.538 | AC25: 15988.838 | AD25: 16195.2 | AE25: 16594.802 | AF25: 16860.134 | AG25: 17168.543 | AH25: 17333.297 | AI25: 17536.705 | AJ25: 17897.656 | AK25: 18214.793
A26: Adjustments
A27: Taxes on products | B27: 1863.2746 | C27: 1911.2565 | D27: 1951.159 | E27: 1991.9835 | F27: 2002.3721 | G27: 1985.045 | H27: 1977.4858 | I27: 1992.0312 | J27: 2008.2863 | K27: 2060.6438 | L27: 2121.0559 | M27: 2153.3699 | N27: 2206.5995 | O27: 2219.0512 | P27: 2169.675 | Q27: 2135.7073 | R27: 2144.1291 | S27: 2140.3948 | T27: 2151.2089 | U27: 2177.9374 | V27: 2249.2376 | W27: 2370.4622 | X27: 2457.8518 | Y27: 2449.544 | Z27: 2432.8063 | AA27: 2493.4825 | AB27: 2596.7266 | AC27: 2702.2743 | AD27: 2729.9744 | AE27: 2718.6011 | AF27: 2740.5262 | AG27: 2840.0156 | AH27: 2927.7933 | AI27: 2943.2382 | AJ27: 2946.5009 | AK27: 3003.5733
A29: Source: Uganda Bureau of Statistics
A31: TABLE 2: SUMMARY OF QGDP AT CONSTANT 2016/17 PRICES, PERCENTAGE CHANGE, 2016/17-2024/25
A32: Year | B32: 2016/17 | F32: 2017/18 | G32: 2017/18 | J32: 2018/19 | N32: 2019/20 | R32: 2020/21 | V32: 2021/22 | Z32: 2022/23 | AD32: 2023/24 | AH32: 2024/25
A33: Period | B33: Q1 | C33: Q2 | D33: Q3 | E33: Q4 | F33: Q1 | G33: Q2 | H33: Q3 | I33: Q4 | J33: Q1 | K33: Q2 | L33: Q3 | M33: Q4 | N33: Q1 | O33: Q2 | P33: Q3 | Q33: Q4 | R33: Q1 | S33: Q2 | T33: Q3 | U33: Q4 | V33: Q1 | W33: Q2 | X33: Q3 | Y33: Q4 | Z33: Q1 | AA33: Q2 | AB33: Q3 | AC33: Q4 | AD33: Q1 | AE33: Q2 | AF33: Q3 | AG33: Q4 | AH33: Q1 | AI33: Q2 | AJ33: Q3 | AK33: Q4
A34: ORIGINAL ESTIMATES
A35: GDP at market prices | B35: -0.26123732 | C35: 0.50759973 | D35: 6.7463304 | E35: 6.1812772 | F35: 7.6807994 | G35: 6.482691 | H35: 5.3855619 | I35: 5.5654191 | J35: 5.5745631 | K35: 5.7290986 | L35: 7.6659497 | M35: 6.8850866 | N35: 7.5602101 | O35: 8.3709998 | P35: 1.1986518 | Q35: -5.5518446 | R35: -0.40342092 | S35: 0.032514813 | T35: 2.8044035 | U35: 13.010184 | V35: 2.3552391 | W35: 4.7647978 | X35: 5.6224394 | Y35: 5.8117272 | Z35: 8.7704759 | AA35: 4.3130427 | AB35: 2.2300565 | AC35: 5.7476249 | AD35: 5.9909884 | AE35: 5.7823762 | AF35: 6.8246543 | AG35: 5.6851455 | AH35: 6.179374 | AI35: 5.3634057 | AJ35: 8.3943861 | AK35: 5.5263844
A36: Agriculture, Forestry & Fishing | B36: 1.1733408 | C36: 3.2296507 | D36: 1.0636811 | E36: 6.0861996 | F36: 9.6271372 | G36: 1.4567399 | H36: 2.5331516 | I36: 2.0288349 | J36: 2.172831 | K36: 4.0142917 | L36: 8.0105649 | M36: 8.7388102 | N36: 6.0482714 | O36: 7.6423042 | P36: -1.2938558 | Q36: 5.8976313 | R36: 6.9495692 | S36: 7.7622984 | T36: 0.2772422 | U36: 0.72534835 | V36: 4.3827365 | W36: -1.9940967 | X36: 4.1826797 | Y36: 10.386735 | Z36: 4.3606143 | AA36: 11.82045 | AB36: 5.4187899 | AC36: -2.7565251 | AD36: 5.654692 | AE36: 2.0542364 | AF36: 4.0433087 | AG36: 10.57627 | AH36: 6.3316479 | AI36: 7.7962919 | AJ36: 10.306569 | AK36: 3.465218
A37: Industry | B37: -0.60236503 | C37: 4.5996499 | D37: 16.225158 | E37: 7.9281886 | F37: 5.4096523 | G37: 2.8947167 | H37: 3.1731063 | I37: 7.9839699 | J37: 9.0372519 | K37: 10.332222 | L37: 9.3708055 | M37: 7.4735058 | N37: 10.161667 | O37: 10.140591 | P37: 2.9517052 | Q37: -9.791361 | R37: -2.2082189 | S37: -1.4690038 | T37: 2.1480387 | U37: 17.498979 | V37: -0.1191248 | W37: 7.8243735 | X37: 5.5275319 | Y37: 7.0682587 | Z37: 12.288442 | AA37: -2.3758358 | AB37: 0.71143793 | AC37: 6.3598584 | AD37: 9.8951124 | AE37: 4.4840735 | AF37: 6.7233779 | AG37: 1.0981532 | AH37: 5.122989 | AI37: 7.6511384 | AJ37: 7.3999602 | AK37: 7.5688126
A38: Services | B38: -2.4907448 | C38: -3.7360085 | D38: 2.5175067 | E38: 4.5088398 | F38: 7.7450747 | G38: 10.715275 | H38: 9.1042727 | I38: 6.5994001 | J38: 6.9344157 | K38: 4.3196167 | L38: 6.1470326 | M38: 5.9465292 | N38: 6.5765567 | O38: 7.4738811 | P38: 1.5205022 | Q38: -5.5218515 | R38: -3.6793496 | S38: -2.0424334 | T38: 5.2788287 | U38: 12.807024 | V38: 2.9730725 | W38: 5.8856384 | X38: 3.9715304 | Y38: 3.3469458 | Z38: 8.6703662 | AA38: 4.7269823 | AB38: 1.5420028 | AC38: 8.9261007 | AD38: 2.6713077 | AE38: 8.3223204 | AF38: 8.0640636 | AG38: 6.5050854 | AH38: 5.986177 | AI38: 2.2328251 | AJ38: 8.7021884 | AK38: 4.9505393
A39: Adjustments
A40: Taxes on products | B40: 10.604421 | C40: 4.5985732 | D40: 17.953651 | E40: 10.804192 | F40: 7.1484302 | G40: 10.453864 | H40: -0.66306107 | I40: 1.3702883 | J40: -0.61078733 | K40: 3.2552983 | L40: 10.00324 | M40: 5.044483 | N40: 11.026391 | O40: 9.535794 | P40: -0.67574803 | Q40: -24.997721 | R40: -3.3582876 | S40: -4.5905031 | T40: -3.5545582 | U40: 47.741356 | V40: -1.7056382 | W40: 8.453615 | X40: 21.819967 | Y40: 2.6241571 | Z40: 17.806552 | AA40: 5.1403958 | AB40: 4.1100754 | AC40: 11.125298 | AD40: 13.913662 | AE40: 6.9502737 | AF40: 6.8429801 | AG40: 3.7987589 | AH40: 10.556979 | AI40: 9.3531628 | AJ40: 5.4594994 | AK40: 7.9766044
A42: SEASONALLY ADJUSTED ESTIMATES
A43: GDP at market prices | B43: 0.87619308 | C43: 1.5931775 | D43: 2.9139819 | E43: 0.96334369 | F43: 1.4307407 | G43: 1.0441771 | H43: 2.2502616 | I43: 0.74169263 | J43: 1.7158838 | K43: 0.77225762 | L43: 4.5753613 | M43: -0.52996504 | N43: 2.8573288 | O43: 1.353194 | P43: -2.4257454 | Q43: -7.1002683 | R43: 7.5360867 | S43: 2.5659473 | T43: 0.55325037 | U43: 1.2169134 | V43: -1.9236884 | W43: 5.0426265 | X43: 2.006828 | Y43: 0.38506452 | Z43: 1.10105 | AA43: 0.89763029 | AB43: -0.084733752 | AC43: 3.1614723 | AD43: 1.6116488 | AE43: 1.2897253 | AF43: 0.87480378 | AG43: 1.7917958 | AH43: 2.2763312 | AI43: 0.42690223 | AJ43: 3.4517338 | AK43: -0.71936386
A44: Agriculture, Forestry & Fishing | B44: -0.99441617 | C44: 4.1628812 | D44: 3.3828859 | E44: -0.50629336 | F44: 1.1223959 | G44: -1.3249101 | H44: 5.3874921 | I44: -3.2606952 | J44: 1.7015736 | K44: 0.076926163 | L44: 11.08389 | M44: -4.5746143 | N44: -0.10893226 | O44: 1.5782051 | P44: 2.1832621 | Q44: 1.8746865 | R44: -0.35981597 | S44: 3.4433719 | T44: -3.8395951 | U44: 1.564359 | V44: 3.4534836 | W44: -3.3472731 | X44: 5.2442651 | Y44: 5.1840726 | Z44: -3.9169779 | AA44: 4.8067191 | AB44: -1.4113062 | AC44: -1.5036515 | AD44: 3.4361812 | AE44: 1.4445944 | AF44: 2.1744916 | AG44: 3.2609458 | AH44: -0.45414079 | AI44: 2.3995299 | AJ44: 3.5161212 | AK44: -1.8424175
A45: Industry | B45: 3.3995821 | C45: 3.9078798 | D45: 2.3842292 | E45: -1.5367635 | F45: 0.39166429 | G45: 1.083713 | H45: 3.5073531 | I45: 3.0183987 | J45: 0.97060796 | K45: 2.3611555 | L45: 3.0507569 | M45: 0.76154701 | N45: 3.387891 | O45: 3.0423682 | P45: -3.720471 | Q45: -12.096251 | R45: 11.464092 | S45: 4.5498983 | T45: 0.23833554 | U45: 0.14799667 | V45: -4.9415974 | W45: 13.864206 | X45: -2.0428512 | Y45: 0.37283215 | Z45: -0.36194662 | AA45: -0.21498476 | AB45: 1.0774537 | AC45: 5.0488448 | AD45: 2.6903702 | AE45: -3.4302854 | AF45: 2.5845337 | AG45: -0.23686276 | AH45: 6.5559178 | AI45: -1.1077822 | AJ45: 2.1285301 | AK45: -0.23002937
A46: Services | B46: -0.31750473 | C46: -0.17820041 | D46: 2.0166885 | E46: 3.3805907 | F46: 2.1761769 | G46: 2.6316103 | H46: 0.5201036 | I46: 1.2303233 | J46: 2.5870244 | K46: -0.102001 | L46: 2.1321672 | M46: 1.0298063 | N46: 3.9212472 | O46: 0.13739376 | P46: -3.5050503 | Q46: -6.1194695 | R46: 6.7639553 | S46: 1.0639292 | T46: 4.0498059 | U46: -0.34059663 | V46: -1.2158836 | W46: 3.3099342 | X46: 2.3380297 | Y46: -1.709211 | Z46: 5.0851685 | AA46: -0.78366443 | AB46: -0.66077331 | AC46: 4.3472547 | AD46: -0.017541137 | AE46: 4.8125945 | AF46: -1.1298985 | AG46: 2.2916812 | AH46: 0.2340743 | AI46: 1.0100893 | AJ46: 4.9212486 | AK46: -1.1262016
A47: Adjustments
A48: Taxes on products | B48: 5.831724 | C48: -4.2026806 | D48: 9.0981175 | E48: 0.56953032 | F48: 1.5956654 | G48: -1.1491553 | H48: -1.4894594 | I48: 2.8877657 | J48: -1.0166725 | K48: 2.7851756 | L48: 4.9072539 | M48: -1.2003978 | N48: 3.9185758 | O48: 1.9557344 | P48: -5.4004617 | Q48: -24.937279 | R48: 32.947225 | S48: 1.4750717 | T48: -4.9715851 | U48: 15.579799 | V48: -12.478705 | W48: 13.686116 | X48: 5.6805685 | Y48: -2.2944997 | Z48: -0.30221041 | AA48: 2.9225789 | AB48: 3.7256835 | AC48: 4.3974127 | AD48: 1.8326746 | AE48: -2.5409823 | AF48: 3.0955579 | AG48: 1.3877412 | AH48: 8.4322146 | AI48: -3.4121461 | AJ48: -0.68102724 | AK48: 3.7327757
A50: TREND CYCLE ESTIMATES
A51: GDP at market prices | B51: 0.99433829 | C51: 1.5497157 | D51: 1.8765235 | E51: 1.647439 | F51: 1.2120997 | G51: 1.2402843 | H51: 1.5689466 | I51: 1.7122381 | J51: 1.4182753 | K51: 1.554771 | L51: 1.6852295 | M51: 2.05735 | N51: 2.3764644 | O51: 0.97033838 | P51: -1.0989441 | Q51: -0.58182294 | R51: 0.67366162 | S51: 0.95074269 | T51: 0.95408506 | U51: 0.2706202 | V51: 0.68475159 | W51: 2.7573147 | X51: 2.0050999 | Y51: 0.99454524 | Z51: 0.74622241 | AA51: 0.70172201 | AB51: 1.3332176 | AC51: 1.9659439 | AD51: 1.15153 | AE51: 1.4176616 | AF51: 1.6192823 | AG51: 2.4319904 | AH51: 1.6869992 | AI51: 0.93293471 | AJ51: 1.1133561 | AK51: 1.3772688
A52: Agriculture, Forestry & Fishing | B52: -0.33329111 | C52: 1.2154345 | D52: 1.808409 | E52: 1.080186 | F52: 0.22232019 | G52: 0.27457206 | H52: 1.2886065 | I52: 1.3049247 | J52: 1.2349845 | K52: 1.3542623 | L52: 1.7973057 | M52: 1.6816795 | N52: 1.2232571 | O52: 0.98694442 | P52: 1.4053001 | Q52: 1.9171626 | R52: 1.2468015 | S52: -0.13874883 | T52: -0.58179704 | U52: -0.22056013 | V52: 0.98121345 | W52: 2.8866895 | X52: 3.2216818 | Y52: 3.0179138 | Z52: 1.535613 | AA52: -0.39473758 | AB52: -0.64112355 | AC52: 0.060320219 | AD52: 0.8106857 | AE52: 2.0069205 | AF52: 2.3249513 | AG52: 2.2400793 | AH52: 1.6440141 | AI52: 0.793335 | AJ52: 0.88595254 | AK52: 1.3358821
A53: Industry | B53: 3.3139122 | C53: 3.8558656 | D53: 1.8940633 | E53: -0.13142752 | F53: -0.40757674 | G53: 1.5760703 | H53: 3.0930337 | I53: 2.725863 | J53: 1.624069 | K53: 2.2330945 | L53: 2.2471455 | M53: 2.1473369 | N53: 3.1370041 | O53: 1.7302382 | P53: -0.82646331 | Q53: -0.27998509 | R53: 0.72195025 | S53: 0.041606045 | T53: -0.06617806 | U53: -0.24942652 | V53: 1.5145357 | W53: 3.8879273 | X53: 0.98469071 | Y53: 0.3963296 | Z53: -0.43338097 | AA53: -0.29724971 | AB53: 2.0459599 | AC53: 3.3993702 | AD53: 1.2503827 | AE53: -0.30063824 | AF53: 1.2623247 | AG53: 3.29184 | AH53: 2.5507724 | AI53: 0.77103757 | AJ53: 0.029245956 | AK53: 0.59419903
A54: Services | B54: -0.2134673 | C54: 0.21171801 | D54: 1.8680177 | E54: 2.9628813 | F54: 2.8066443 | G54: 1.8859885 | H54: 1.1474356 | I54: 1.4817062 | J54: 1.48249 | K54: 1.098633 | L54: 1.1024952 | M54: 2.2795591 | N54: 2.4935513 | O54: 0.56534761 | P54: -2.3594687 | Q54: -1.9312077 | R54: 0.373352 | S54: 2.3031777 | T54: 2.4815784 | U54: 0.69659933 | V54: -0.35371843 | W54: 1.5906861 | X54: 1.7246981 | Y54: 0.49371369 | Z54: 1.2730124 | AA54: 1.6303069 | AB54: 1.5270926 | AC54: 1.7714215 | AD54: 1.2906635 | AE54: 2.4674088 | AF54: 1.5988869 | AG54: 1.8292194 | AH54: 0.95963116 | AI54: 1.1735054 | AJ54: 2.0582654 | AK54: 1.7719455
A55: Adjustments
A56: Taxes on products | B56: 4.9668598 | C56: 2.5751423 | D56: 2.0877585 | E56: 2.092322 | F56: 0.52152183 | G56: -0.86532786 | H56: -0.3808074 | I56: 0.73555057 | J56: 0.81600398 | K56: 2.6070756 | L56: 2.9317076 | M56: 1.5234875 | N56: 2.4719191 | O56: 0.56429634 | P56: -2.225107 | Q56: -1.5655659 | R56: 0.39433514 | S56: -0.17416533 | T56: 0.5052379 | U56: 1.242491 | V56: 3.2737474 | W56: 5.389584 | X56: 3.6866055 | Y56: -0.33800714 | Z56: -0.68330133 | AA56: 2.4940818 | AB56: 4.1405585 | AC56: 4.0646462 | AD56: 1.0250645 | AE56: -0.41660823 | AF56: 0.80648488 | AG56: 3.6303052 | AH56: 3.0907473 | AI56: 0.5275258 | AJ56: 0.11085245 | AK56: 1.936957
A57: Source: Uganda Bureau of Statistics

Sheet Summary IPD
X2: Table 3: Summary of QGDP at constant 2009/10 prices, IMPLICIT PRICE DEFLATORS, 2013/14-2017/18
B3: 2007/08 | D3: 2008/09 | H3: 2009/10 | L3: 2010/11 | P3: 2011/12 | U3: 2012/13 | X3: 2013/14 | AB3: 2014/15 | AF3: 2015/16 | AJ3: 2016/17 | AN3: 2017/18
A4: ACTIVITY | B4: Q3 | C4: Q4 | D4: Q1 | E4: Q2 | F4: Q3 | G4: Q4 | H4: Q1 | I4: Q2 | J4: Q3 | K4: Q4 | L4: Q1 | M4: Q2 | N4: Q3 | O4: Q4 | P4: Q1 | Q4: Q2 | R4: Q3 | S4: Q4 | T4: Q1 | U4: Q2 | V4: Q3 | W4: Q4 | X4: Q1 | Y4: Q2 | Z4: Q3 | AA4: Q4 | AB4: Q1 | AC4: Q2 | AD4: Q3 | AE4: Q4 | AF4: Q1 | AG4: Q2 | AH4: Q3 | AI4: Q4 | AJ4: Q1 | AK4: Q2 | AL4: Q3 | AM4: Q4 | AN4: Q1 | AO4: Q2 | AP4: Q3 | AQ4: Q4
A5: ORIGINAL ESTIMATES
A6: GDP at market prices | B6: =#REF!/Summary!#REF!*100 -> #REF! | C6: =#REF!/Summary!#REF!*100 -> #REF! | D6: =#REF!/Summary!#REF!*100 -> #REF! | E6: =#REF!/Summary!#REF!*100 -> #REF! | F6: =#REF!/Summary!#REF!*100 -> #REF! | G6: =#REF!/Summary!#REF!*100 -> #REF! | H6: =#REF!/Summary!#REF!*100 -> #REF! | I6: =#REF!/Summary!#REF!*100 -> #REF! | ... AI6: =#REF!/Summary!#REF!*100 -> #REF! | AJ6: =#REF!/Summary!B6*100 -> #REF! | AK6: =#REF!/Summary!C6*100 -> #REF! | AL6: =#REF!/Summary!D6*100 -> #REF! | AM6: =#REF!/Summary!E6*100 -> #REF! | AN6: =#REF!/Summary!F6*100 -> #REF! | AO6: =#REF!/Summary!G6*100 -> #REF! | AP6: =#REF!/Summary!H6*100 -> #REF! | AQ6: =#REF!/Summary!I6*100 -> #REF!
A7: Agriculture, Forestry & Fishing | B7: =#REF!/Summary!#REF!*100 -> #REF! | C7: =#REF!/Summary!#REF!*100 -> #REF! | D7: =#REF!/Summary!#REF!*100 -> #REF! | E7: =#REF!/Summary!#REF!*100 -> #REF! | F7: =#REF!/Summary!#REF!*100 -> #REF! | G7: =#REF!/Summary!#REF!*100 -> #REF! | H7: =#REF!/Summary!#REF!*100 -> #REF! | I7: =#REF!/Summary!#REF!*100 -> #REF! | ... AI7: =#REF!/Summary!#REF!*100 -> #REF! | AJ7: =#REF!/Summary!B7*100 -> #REF! | AK7: =#REF!/Summary!C7*100 -> #REF! | AL7: =#REF!/Summary!D7*100 -> #REF! | AM7: =#REF!/Summary!E7*100 -> #REF! | AN7: =#REF!/Summary!F7*100 -> #REF! | AO7: =#REF!/Summary!G7*100 -> #REF! | AP7: =#REF!/Summary!H7*100 -> #REF! | AQ7: =#REF!/Summary!I7*100 -> #REF!
A8: Industry | B8: =#REF!/Summary!#REF!*100 -> #REF! | C8: =#REF!/Summary!#REF!*100 -> #REF! | D8: =#REF!/Summary!#REF!*100 -> #REF! | E8: =#REF!/Summary!#REF!*100 -> #REF! | F8: =#REF!/Summary!#REF!*100 -> #REF! | G8: =#REF!/Summary!#REF!*100 -> #REF! | H8: =#REF!/Summary!#REF!*100 -> #REF! | I8: =#REF!/Summary!#REF!*100 -> #REF! | ... AI8: =#REF!/Summary!#REF!*100 -> #REF! | AJ8: =#REF!/Summary!B8*100 -> #REF! | AK8: =#REF!/Summary!C8*100 -> #REF! | AL8: =#REF!/Summary!D8*100 -> #REF! | AM8: =#REF!/Summary!E8*100 -> #REF! | AN8: =#REF!/Summary!F8*100 -> #REF! | AO8: =#REF!/Summary!G8*100 -> #REF! | AP8: =#REF!/Summary!H8*100 -> #REF! | AQ8: =#REF!/Summary!I8*100 -> #REF!
A9: Services | B9: =#REF!/Summary!#REF!*100 -> #REF! | C9: =#REF!/Summary!#REF!*100 -> #REF! | D9: =#REF!/Summary!#REF!*100 -> #REF! | E9: =#REF!/Summary!#REF!*100 -> #REF! | F9: =#REF!/Summary!#REF!*100 -> #REF! | G9: =#REF!/Summary!#REF!*100 -> #REF! | H9: =#REF!/Summary!#REF!*100 -> #REF! | I9: =#REF!/Summary!#REF!*100 -> #REF! | ... AI9: =#REF!/Summary!#REF!*100 -> #REF! | AJ9: =#REF!/Summary!B9*100 -> #REF! | AK9: =#REF!/Summary!C9*100 -> #REF! | AL9: =#REF!/Summary!D9*100 -> #REF! | AM9: =#REF!/Summary!E9*100 -> #REF! | AN9: =#REF!/Summary!F9*100 -> #REF! | AO9: =#REF!/Summary!G9*100 -> #REF! | AP9: =#REF!/Summary!H9*100 -> #REF! | AQ9: =#REF!/Summary!I9*100 -> #REF!
A10: Adjustments
A11: Taxes on products | B11: =#REF!/Summary!#REF!*100 -> #REF! | C11: =#REF!/Summary!#REF!*100 -> #REF! | D11: =#REF!/Summary!#REF!*100 -> #REF! | E11: =#REF!/Summary!#REF!*100 -> #REF! | F11: =#REF!/Summary!#REF!*100 -> #REF! | G11: =#REF!/Summary!#REF!*100 -> #REF! | H11: =#REF!/Summary!#REF!*100 -> #REF! | I11: =#REF!/Summary!#REF!*100 -> #REF! | ... AI11: =#REF!/Summary!#REF!*100 -> #REF! | AJ11: =#REF!/Summary!B11*100 -> #REF! | AK11: =#REF!/Summary!C11*100 -> #REF! | AL11: =#REF!/Summary!D11*100 -> #REF! | AM11: =#REF!/Summary!E11*100 -> #REF! | AN11: =#REF!/Summary!F11*100 -> #REF! | AO11: =#REF!/Summary!G11*100 -> #REF! | AP11: =#REF!/Summary!H11*100 -> #REF! | AQ11: =#REF!/Summary!I11*100 -> #REF!
A13: SEASONALLY ADJUSTED ESTIMATES
A14: GDP at market prices | B14: =#REF!/Summary!#REF!*100 -> #REF! | C14: =#REF!/Summary!#REF!*100 -> #REF! | D14: =#REF!/Summary!#REF!*100 -> #REF! | E14: =#REF!/Summary!#REF!*100 -> #REF! | F14: =#REF!/Summary!#REF!*100 -> #REF! | G14: =#REF!/Summary!#REF!*100 -> #REF! | H14: =#REF!/Summary!#REF!*100 -> #REF! | I14: =#REF!/Summary!#REF!*100 -> #REF! | ... AI14: =#REF!/Summary!#REF!*100 -> #REF! | AJ14: =#REF!/Summary!B14*100 -> #REF! | AK14: =#REF!/Summary!C14*100 -> #REF! | AL14: =#REF!/Summary!D14*100 -> #REF! | AM14: =#REF!/Summary!E14*100 -> #REF! | AN14: =#REF!/Summary!F14*100 -> #REF! | AO14: =#REF!/Summary!G14*100 -> #REF! | AP14: =#REF!/Summary!H14*100 -> #REF! | AQ14: =#REF!/Summary!I14*100 -> #REF!
A15: Agriculture, Forestry & Fishing | B15: =#REF!/Summary!#REF!*100 -> #REF! | C15: =#REF!/Summary!#REF!*100 -> #REF! | D15: =#REF!/Summary!#REF!*100 -> #REF! | E15: =#REF!/Summary!#REF!*100 -> #REF! | F15: =#REF!/Summary!#REF!*100 -> #REF! | G15: =#REF!/Summary!#REF!*100 -> #REF! | H15: =#REF!/Summary!#REF!*100 -> #REF! | I15: =#REF!/Summary!#REF!*100 -> #REF! | ... AI15: =#REF!/Summary!#REF!*100 -> #REF! | AJ15: =#REF!/Summary!B15*100 -> #REF! | AK15: =#REF!/Summary!C15*100 -> #REF! | AL15: =#REF!/Summary!D15*100 -> #REF! | AM15: =#REF!/Summary!E15*100 -> #REF! | AN15: =#REF!/Summary!F15*100 -> #REF! | AO15: =#REF!/Summary!G15*100 -> #REF! | AP15: =#REF!/Summary!H15*100 -> #REF! | AQ15: =#REF!/Summary!I15*100 -> #REF!
A16: Industry | B16: =#REF!/Summary!#REF!*100 -> #REF! | C16: =#REF!/Summary!#REF!*100 -> #REF! | D16: =#REF!/Summary!#REF!*100 -> #REF! | E16: =#REF!/Summary!#REF!*100 -> #REF! | F16: =#REF!/Summary!#REF!*100 -> #REF! | G16: =#REF!/Summary!#REF!*100 -> #REF! | H16: =#REF!/Summary!#REF!*100 -> #REF! | I16: =#REF!/Summary!#REF!*100 -> #REF! | ... AI16: =#REF!/Summary!#REF!*100 -> #REF! | AJ16: =#REF!/Summary!B16*100 -> #REF! | AK16: =#REF!/Summary!C16*100 -> #REF! | AL16: =#REF!/Summary!D16*100 -> #REF! | AM16: =#REF!/Summary!E16*100 -> #REF! | AN16: =#REF!/Summary!F16*100 -> #REF! | AO16: =#REF!/Summary!G16*100 -> #REF! | AP16: =#REF!/Summary!H16*100 -> #REF! | AQ16: =#REF!/Summary!I16*100 -> #REF!
A17: Services | B17: =#REF!/Summary!#REF!*100 -> #REF! | C17: =#REF!/Summary!#REF!*100 -> #REF! | D17: =#REF!/Summary!#REF!*100 -> #REF! | E17: =#REF!/Summary!#REF!*100 -> #REF! | F17: =#REF!/Summary!#REF!*100 -> #REF! | G17: =#REF!/Summary!#REF!*100 -> #REF! | H17: =#REF!/Summary!#REF!*100 -> #REF! | I17: =#REF!/Summary!#REF!*100 -> #REF! | ... AI17: =#REF!/Summary!#REF!*100 -> #REF! | AJ17: =#REF!/Summary!B17*100 -> #REF! | AK17: =#REF!/Summary!C17*100 -> #REF! | AL17: =#REF!/Summary!D17*100 -> #REF! | AM17: =#REF!/Summary!E17*100 -> #REF! | AN17: =#REF!/Summary!F17*100 -> #REF! | AO17: =#REF!/Summary!G17*100 -> #REF! | AP17: =#REF!/Summary!H17*100 -> #REF! | AQ17: =#REF!/Summary!I17*100 -> #REF!
A18: Adjustments
A19: Taxes on products | B19: =#REF!/Summary!#REF!*100 -> #REF! | C19: =#REF!/Summary!#REF!*100 -> #REF! | D19: =#REF!/Summary!#REF!*100 -> #REF! | E19: =#REF!/Summary!#REF!*100 -> #REF! | F19: =#REF!/Summary!#REF!*100 -> #REF! | G19: =#REF!/Summary!#REF!*100 -> #REF! | H19: =#REF!/Summary!#REF!*100 -> #REF! | I19: =#REF!/Summary!#REF!*100 -> #REF! | ... AI19: =#REF!/Summary!#REF!*100 -> #REF! | AJ19: =#REF!/Summary!B19*100 -> #REF! | AK19: =#REF!/Summary!C19*100 -> #REF! | AL19: =#REF!/Summary!D19*100 -> #REF! | AM19: =#REF!/Summary!E19*100 -> #REF! | AN19: =#REF!/Summary!F19*100 -> #REF! | AO19: =#REF!/Summary!G19*100 -> #REF! | AP19: =#REF!/Summary!H19*100 -> #REF! | AQ19: =#REF!/Summary!I19*100 -> #REF!
A21: TREND CYCLE ESTIMATES
A22: GDP at market prices | B22: =#REF!/Summary!#REF!*100 -> #REF! | C22: =#REF!/Summary!#REF!*100 -> #REF! | D22: =#REF!/Summary!#REF!*100 -> #REF! | E22: =#REF!/Summary!#REF!*100 -> #REF! | F22: =#REF!/Summary!#REF!*100 -> #REF! | G22: =#REF!/Summary!#REF!*100 -> #REF! | H22: =#REF!/Summary!#REF!*100 -> #REF! | I22: =#REF!/Summary!#REF!*100 -> #REF! | ... AI22: =#REF!/Summary!#REF!*100 -> #REF! | AJ22: =#REF!/Summary!B22*100 -> #REF! | AK22: =#REF!/Summary!C22*100 -> #REF! | AL22: =#REF!/Summary!D22*100 -> #REF! | AM22: =#REF!/Summary!E22*100 -> #REF! | AN22: =#REF!/Summary!F22*100 -> #REF! | AO22: =#REF!/Summary!G22*100 -> #REF! | AP22: =#REF!/Summary!H22*100 -> #REF! | AQ22: =#REF!/Summary!I22*100 -> #REF!
A23: Agriculture, Forestry & Fishing | B23: =#REF!/Summary!#REF!*100 -> #REF! | C23: =#REF!/Summary!#REF!*100 -> #REF! | D23: =#REF!/Summary!#REF!*100 -> #REF! | E23: =#REF!/Summary!#REF!*100 -> #REF! | F23: =#REF!/Summary!#REF!*100 -> #REF! | G23: =#REF!/Summary!#REF!*100 -> #REF! | H23: =#REF!/Summary!#REF!*100 -> #REF! | I23: =#REF!/Summary!#REF!*100 -> #REF! | ... AI23: =#REF!/Summary!#REF!*100 -> #REF! | AJ23: =#REF!/Summary!B23*100 -> #REF! | AK23: =#REF!/Summary!C23*100 -> #REF! | AL23: =#REF!/Summary!D23*100 -> #REF! | AM23: =#REF!/Summary!E23*100 -> #REF! | AN23: =#REF!/Summary!F23*100 -> #REF! | AO23: =#REF!/Summary!G23*100 -> #REF! | AP23: =#REF!/Summary!H23*100 -> #REF! | AQ23: =#REF!/Summary!I23*100 -> #REF!
A24: Industry | B24: =#REF!/Summary!#REF!*100 -> #REF! | C24: =#REF!/Summary!#REF!*100 -> #REF! | D24: =#REF!/Summary!#REF!*100 -> #REF! | E24: =#REF!/Summary!#REF!*100 -> #REF! | F24: =#REF!/Summary!#REF!*100 -> #REF! | G24: =#REF!/Summary!#REF!*100 -> #REF! | H24: =#REF!/Summary!#REF!*100 -> #REF! | I24: =#REF!/Summary!#REF!*100 -> #REF! | ... AI24: =#REF!/Summary!#REF!*100 -> #REF! | AJ24: =#REF!/Summary!B24*100 -> #REF! | AK24: =#REF!/Summary!C24*100 -> #REF! | AL24: =#REF!/Summary!D24*100 -> #REF! | AM24: =#REF!/Summary!E24*100 -> #REF! | AN24: =#REF!/Summary!F24*100 -> #REF! | AO24: =#REF!/Summary!G24*100 -> #REF! | AP24: =#REF!/Summary!H24*100 -> #REF! | AQ24: =#REF!/Summary!I24*100 -> #REF!
A25: Services | B25: =#REF!/Summary!#REF!*100 -> #REF! | C25: =#REF!/Summary!#REF!*100 -> #REF! | D25: =#REF!/Summary!#REF!*100 -> #REF! | E25: =#REF!/Summary!#REF!*100 -> #REF! | F25: =#REF!/Summary!#REF!*100 -> #REF! | G25: =#REF!/Summary!#REF!*100 -> #REF! | H25: =#REF!/Summary!#REF!*100 -> #REF! | I25: =#REF!/Summary!#REF!*100 -> #REF! | ... AI25: =#REF!/Summary!#REF!*100 -> #REF! | AJ25: =#REF!/Summary!B25*100 -> #REF! | AK25: =#REF!/Summary!C25*100 -> #REF! | AL25: =#REF!/Summary!D25*100 -> #REF! | AM25: =#REF!/Summary!E25*100 -> #REF! | AN25: =#REF!/Summary!F25*100 -> #REF! | AO25: =#REF!/Summary!G25*100 -> #REF! | AP25: =#REF!/Summary!H25*100 -> #REF! | AQ25: =#REF!/Summary!I25*100 -> #REF!
A26: Adjustments
A27: Taxes on products | B27: =#REF!/Summary!#REF!*100 -> #REF! | C27: =#REF!/Summary!#REF!*100 -> #REF! | D27: =#REF!/Summary!#REF!*100 -> #REF! | E27: =#REF!/Summary!#REF!*100 -> #REF! | F27: =#REF!/Summary!#REF!*100 -> #REF! | G27: =#REF!/Summary!#REF!*100 -> #REF! | H27: =#REF!/Summary!#REF!*100 -> #REF! | I27: =#REF!/Summary!#REF!*100 -> #REF! | ... AI27: =#REF!/Summary!#REF!*100 -> #REF! | AJ27: =#REF!/Summary!B27*100 -> #REF! | AK27: =#REF!/Summary!C27*100 -> #REF! | AL27: =#REF!/Summary!D27*100 -> #REF! | AM27: =#REF!/Summary!E27*100 -> #REF! | AN27: =#REF!/Summary!F27*100 -> #REF! | AO27: =#REF!/Summary!G27*100 -> #REF! | AP27: =#REF!/Summary!H27*100 -> #REF! | AQ27: =#REF!/Summary!I27*100 -> #REF!
A28: Uganda Bureau of Statistics
X30: Table 4: Summary of QGDP at constant prices, PERCENTAGE SHARE, 2013/14-2017/18
B31: 2007/08 | D31: 2008/09 | H31: 2009/10 | L31: 2010/11 | P31: 2011/12 | U31: 2012/13 | X31: 2013/14 | AB31: 2014/15 | AF31: 2015/16 | AJ31: 2016/17 | AN31: 2017/18
A32: ACTIVITY | B32: Q3 | C32: Q4 | D32: Q1 | E32: Q2 | F32: Q3 | G32: Q4 | H32: Q1 | I32: Q2 | J32: Q3 | K32: Q4 | L32: Q1 | M32: Q2 | N32: Q3 | O32: Q4 | P32: Q1 | Q32: Q2 | R32: Q3 | S32: Q4 | T32: Q1 | U32: Q2 | V32: Q3 | W32: Q4 | X32: Q1 | Y32: Q2 | Z32: Q3 | AA32: Q4 | AB32: Q1 | AC32: Q2 | AD32: Q3 | AE32: Q4 | AF32: Q1 | AG32: Q2 | AH32: Q3 | AI32: Q4 | AJ32: Q1 | AK32: Q2 | AL32: Q3 | AM32: Q4 | AN32: Q1 | AO32: Q2 | AP32: Q3 | AQ32: Q4
A33: ORIGINAL ESTIMATES
A34: GDP at market prices | B34: =Summary!#REF!/Summary!#REF!*100 -> #REF! | C34: =Summary!#REF!/Summary!#REF!*100 -> #REF! | D34: =Summary!#REF!/Summary!#REF!*100 -> #REF! | E34: =Summary!#REF!/Summary!#REF!*100 -> #REF! | F34: =Summary!#REF!/Summary!#REF!*100 -> #REF! | G34: =Summary!#REF!/Summary!#REF!*100 -> #REF! | H34: =Summary!#REF!/Summary!#REF!*100 -> #REF! | I34: =Summary!#REF!/Summary!#REF!*100 -> #REF! | J34: =Summary!#REF!/Summary!#REF!*100 -> #REF! | K34: =SUM(K35:K39) -> #REF! | L34: =SUM(L35:L39) -> #REF! | M34: =SUM(M35:M39) -> #REF! | N34: =SUM(N35:N39) -> #REF! | O34: =SUM(O35:O39) -> #REF! | P34: =SUM(P35:P39) -> #REF! | Q34: =SUM(Q35:Q39) -> #REF! | R34: =SUM(R35:R39) -> #REF! | ... AQ34: =SUM(AQ35:AQ39) -> 100
A35: Agriculture, Forestry & Fishing | B35: =Summary!#REF!/Summary!#REF!*100 -> #REF! | C35: =Summary!#REF!/Summary!#REF!*100 -> #REF! | D35: =Summary!#REF!/Summary!#REF!*100 -> #REF! | E35: =Summary!#REF!/Summary!#REF!*100 -> #REF! | F35: =Summary!#REF!/Summary!#REF!*100 -> #REF! | G35: =Summary!#REF!/Summary!#REF!*100 -> #REF! | H35: =Summary!#REF!/Summary!#REF!*100 -> #REF! | I35: =Summary!#REF!/Summary!#REF!*100 -> #REF! | ... AI35: =Summary!#REF!/Summary!#REF!*100 -> #REF! | AJ35: =Summary!B7/Summary!B$6*100 -> 28.037652 | AK35: =Summary!C7/Summary!C$6*100 -> 22.963195 | AL35: =Summary!D7/Summary!D$6*100 -> 20.424158 | AM35: =Summary!E7/Summary!E$6*100 -> 22.055001 | AN35: =Summary!F7/Summary!F$6*100 -> 28.544434 | AO35: =Summary!G7/Summary!G$6*100 -> 21.879339 | AP35: =Summary!H7/Summary!H$6*100 -> 19.871349 | AQ35: =Summary!I7/Summary!I$6*100 -> 21.316128
A36: Industry | B36: =Summary!#REF!/Summary!#REF!*100 -> #REF! | C36: =Summary!#REF!/Summary!#REF!*100 -> #REF! | D36: =Summary!#REF!/Summary!#REF!*100 -> #REF! | E36: =Summary!#REF!/Summary!#REF!*100 -> #REF! | F36: =Summary!#REF!/Summary!#REF!*100 -> #REF! | G36: =Summary!#REF!/Summary!#REF!*100 -> #REF! | H36: =Summary!#REF!/Summary!#REF!*100 -> #REF! | I36: =Summary!#REF!/Summary!#REF!*100 -> #REF! | ... AI36: =Summary!#REF!/Summary!#REF!*100 -> #REF! | AJ36: =Summary!B8/Summary!B$6*100 -> 23.68568 | AK36: =Summary!C8/Summary!C$6*100 -> 26.707438 | AL36: =Summary!D8/Summary!D$6*100 -> 27.840516 | AM36: =Summary!E8/Summary!E$6*100 -> 26.08785 | AN36: =Summary!F8/Summary!F$6*100 -> 23.186114 | AO36: =Summary!G8/Summary!G$6*100 -> 25.807521 | AP36: =Summary!H8/Summary!H$6*100 -> 27.256034 | AQ36: =Summary!I8/Summary!I$6*100 -> 26.685535
A37: Services | B37: =Summary!#REF!/Summary!#REF!*100 -> #REF! | C37: =Summary!#REF!/Summary!#REF!*100 -> #REF! | D37: =Summary!#REF!/Summary!#REF!*100 -> #REF! | E37: =Summary!#REF!/Summary!#REF!*100 -> #REF! | F37: =Summary!#REF!/Summary!#REF!*100 -> #REF! | G37: =Summary!#REF!/Summary!#REF!*100 -> #REF! | H37: =Summary!#REF!/Summary!#REF!*100 -> #REF! | I37: =Summary!#REF!/Summary!#REF!*100 -> #REF! | ... AI37: =Summary!#REF!/Summary!#REF!*100 -> #REF! | AJ37: =Summary!B9/Summary!B$6*100 -> 41.773502 | AK37: =Summary!C9/Summary!C$6*100 -> 43.49796 | AL37: =Summary!D9/Summary!D$6*100 -> 44.309069 | AM37: =Summary!E9/Summary!E$6*100 -> 44.453457 | AN37: =Summary!F9/Summary!F$6*100 -> 41.798437 | AO37: =Summary!G9/Summary!G$6*100 -> 45.226962 | AP37: =Summary!H9/Summary!H$6*100 -> 45.872591 | AQ37: =Summary!I9/Summary!I$6*100 -> 44.888865
A38: Adjustments
A39: Taxes on products | B39: =Summary!#REF!/Summary!#REF!*100 -> #REF! | C39: =Summary!#REF!/Summary!#REF!*100 -> #REF! | D39: =Summary!#REF!/Summary!#REF!*100 -> #REF! | E39: =Summary!#REF!/Summary!#REF!*100 -> #REF! | F39: =Summary!#REF!/Summary!#REF!*100 -> #REF! | G39: =Summary!#REF!/Summary!#REF!*100 -> #REF! | H39: =Summary!#REF!/Summary!#REF!*100 -> #REF! | I39: =Summary!#REF!/Summary!#REF!*100 -> #REF! | ... AI39: =Summary!#REF!/Summary!#REF!*100 -> #REF! | AJ39: =Summary!B11/Summary!B$6*100 -> 6.5031663 | AK39: =Summary!C11/Summary!C$6*100 -> 6.8314074 | AL39: =Summary!D11/Summary!D$6*100 -> 7.4262572 | AM39: =Summary!E11/Summary!E$6*100 -> 7.4036919 | AN39: =Summary!F11/Summary!F$6*100 -> 6.4710149 | AO39: =Summary!G11/Summary!G$6*100 -> 7.0861784 | AP39: =Summary!H11/Summary!H$6*100 -> 7.0000259 | AQ39: =Summary!I11/Summary!I$6*100 -> 7.1094719
A41: SEASONALLY ADJUSTED ESTIMATES
A42: GDP at market prices | B42: =Summary!#REF!/Summary!#REF!*100 -> #REF! | C42: =Summary!#REF!/Summary!#REF!*100 -> #REF! | D42: =Summary!#REF!/Summary!#REF!*100 -> #REF! | E42: =Summary!#REF!/Summary!#REF!*100 -> #REF! | F42: =Summary!#REF!/Summary!#REF!*100 -> #REF! | G42: =Summary!#REF!/Summary!#REF!*100 -> #REF! | H42: =Summary!#REF!/Summary!#REF!*100 -> #REF! | I42: =Summary!#REF!/Summary!#REF!*100 -> #REF! | J42: =Summary!#REF!/Summary!#REF!*100 -> #REF! | K42: =SUM(K43:K47) -> #REF! | L42: =SUM(L43:L47) -> #REF! | M42: =SUM(M43:M47) -> #REF! | N42: =SUM(N43:N47) -> #REF! | O42: =SUM(O43:O47) -> #REF! | P42: =SUM(P43:P47) -> #REF! | Q42: =SUM(Q43:Q47) -> #REF! | R42: =SUM(R43:R47) -> #REF! | ... AQ42: =SUM(AQ43:AQ47) -> 100
A43: Agriculture, Forestry & Fishing | B43: =Summary!#REF!/Summary!#REF!*100 -> #REF! | C43: =Summary!#REF!/Summary!#REF!*100 -> #REF! | D43: =Summary!#REF!/Summary!#REF!*100 -> #REF! | E43: =Summary!#REF!/Summary!#REF!*100 -> #REF! | F43: =Summary!#REF!/Summary!#REF!*100 -> #REF! | G43: =Summary!#REF!/Summary!#REF!*100 -> #REF! | H43: =Summary!#REF!/Summary!#REF!*100 -> #REF! | I43: =Summary!#REF!/Summary!#REF!*100 -> #REF! | ... AI43: =Summary!#REF!/Summary!#REF!*100 -> #REF! | AJ43: =Summary!B15/Summary!B$14*100 -> 23.140026 | AK43: =Summary!C15/Summary!C$14*100 -> 23.725331 | AL43: =Summary!D15/Summary!D$14*100 -> 23.83343 | AM43: =Summary!E15/Summary!E$14*100 -> 23.486507 | AN43: =Summary!F15/Summary!F$14*100 -> 23.415109 | AO43: =Summary!G15/Summary!G$14*100 -> 22.866118 | AP43: =Summary!H15/Summary!H$14*100 -> 23.567693 | AQ43: =Summary!I15/Summary!I$14*100 -> 22.631367
A44: Industry | B44: =Summary!#REF!/Summary!#REF!*100 -> #REF! | C44: =Summary!#REF!/Summary!#REF!*100 -> #REF! | D44: =Summary!#REF!/Summary!#REF!*100 -> #REF! | E44: =Summary!#REF!/Summary!#REF!*100 -> #REF! | F44: =Summary!#REF!/Summary!#REF!*100 -> #REF! | G44: =Summary!#REF!/Summary!#REF!*100 -> #REF! | H44: =Summary!#REF!/Summary!#REF!*100 -> #REF! | I44: =Summary!#REF!/Summary!#REF!*100 -> #REF! | ... AI44: =Summary!#REF!/Summary!#REF!*100 -> #REF! | AJ44: =Summary!B16/Summary!B$14*100 -> 25.791427 | AK44: =Summary!C16/Summary!C$14*100 -> 26.37906 | AL44: =Summary!D16/Summary!D$14*100 -> 26.243273 | AM44: =Summary!E16/Summary!E$14*100 -> 25.593423 | AN44: =Summary!F16/Summary!F$14*100 -> 25.331239 | AO44: =Summary!G16/Summary!G$14*100 -> 25.34115 | AP44: =Summary!H16/Summary!H$14*100 -> 25.652701 | AQ44: =Summary!I16/Summary!I$14*100 -> 26.232438
A45: Services | B45: =Summary!#REF!/Summary!#REF!*100 -> #REF! | C45: =Summary!#REF!/Summary!#REF!*100 -> #REF! | D45: =Summary!#REF!/Summary!#REF!*100 -> #REF! | E45: =Summary!#REF!/Summary!#REF!*100 -> #REF! | F45: =Summary!#REF!/Summary!#REF!*100 -> #REF! | G45: =Summary!#REF!/Summary!#REF!*100 -> #REF! | H45: =Summary!#REF!/Summary!#REF!*100 -> #REF! | I45: =Summary!#REF!/Summary!#REF!*100 -> #REF! | ... AI45: =Summary!#REF!/Summary!#REF!*100 -> #REF! | AJ45: =Summary!B17/Summary!B$14*100 -> 43.936995 | AK45: =Summary!C17/Summary!C$14*100 -> 43.17091 | AL45: =Summary!D17/Summary!D$14*100 -> 42.794509 | AM45: =Summary!E17/Summary!E$14*100 -> 43.819087 | AN45: =Summary!F17/Summary!F$14*100 -> 44.141123 | AO45: =Summary!G17/Summary!G$14*100 -> 44.834593 | AP45: =Summary!H17/Summary!H$14*100 -> 44.075955 | AQ45: =Summary!I17/Summary!I$14*100 -> 44.289738
A46: Adjustments | Z46: 8.5
A47: Taxes on products | B47: =Summary!#REF!/Summary!#REF!*100 -> #REF! | C47: =Summary!#REF!/Summary!#REF!*100 -> #REF! | D47: =Summary!#REF!/Summary!#REF!*100 -> #REF! | E47: =Summary!#REF!/Summary!#REF!*100 -> #REF! | F47: =Summary!#REF!/Summary!#REF!*100 -> #REF! | G47: =Summary!#REF!/Summary!#REF!*100 -> #REF! | H47: =Summary!#REF!/Summary!#REF!*100 -> #REF! | I47: =Summary!#REF!/Summary!#REF!*100 -> #REF! | ... AI47: =Summary!#REF!/Summary!#REF!*100 -> #REF! | AJ47: =Summary!B19/Summary!B$14*100 -> 7.1315519 | AK47: =Summary!C19/Summary!C$14*100 -> 6.7246992 | AL47: =Summary!D19/Summary!D$14*100 -> 7.1287886 | AM47: =Summary!E19/Summary!E$14*100 -> 7.1009823 | AN47: =Summary!F19/Summary!F$14*100 -> 7.1125284 | AO47: =Summary!G19/Summary!G$14*100 -> 6.9581391 | AP47: =Summary!H19/Summary!H$14*100 -> 6.7036508 | AQ47: =Summary!I19/Summary!I$14*100 -> 6.8464568
A49: TREND CYCLE ESTIMATES
A50: GDP at market prices | B50: =Summary!#REF!/Summary!#REF!*100 -> #REF! | C50: =Summary!#REF!/Summary!#REF!*100 -> #REF! | D50: =Summary!#REF!/Summary!#REF!*100 -> #REF! | E50: =Summary!#REF!/Summary!#REF!*100 -> #REF! | F50: =Summary!#REF!/Summary!#REF!*100 -> #REF! | G50: =Summary!#REF!/Summary!#REF!*100 -> #REF! | H50: =Summary!#REF!/Summary!#REF!*100 -> #REF! | I50: =Summary!#REF!/Summary!#REF!*100 -> #REF! | J50: =Summary!#REF!/Summary!#REF!*100 -> #REF! | K50: =SUM(K51:K55) -> #REF! | L50: =SUM(L51:L55) -> #REF! | M50: =SUM(M51:M55) -> #REF! | N50: =SUM(N51:N55) -> #REF! | O50: =SUM(O51:O55) -> #REF! | P50: =SUM(P51:P55) -> #REF! | Q50: =SUM(Q51:Q55) -> #REF! | R50: =SUM(R51:R55) -> #REF! | ... AQ50: =SUM(AQ51:AQ55) -> 100
A51: Agriculture, Forestry & Fishing | B51: =Summary!#REF!/Summary!#REF!*100 -> #REF! | C51: =Summary!#REF!/Summary!#REF!*100 -> #REF! | D51: =Summary!#REF!/Summary!#REF!*100 -> #REF! | E51: =Summary!#REF!/Summary!#REF!*100 -> #REF! | F51: =Summary!#REF!/Summary!#REF!*100 -> #REF! | G51: =Summary!#REF!/Summary!#REF!*100 -> #REF! | H51: =Summary!#REF!/Summary!#REF!*100 -> #REF! | I51: =Summary!#REF!/Summary!#REF!*100 -> #REF! | ... AI51: =Summary!#REF!/Summary!#REF!*100 -> #REF! | AJ51: =Summary!B23/Summary!B$22*100 -> 23.500098 | AK51: =Summary!C23/Summary!C$22*100 -> 23.42274 | AL51: =Summary!D23/Summary!D$22*100 -> 23.40708 | AM51: =Summary!E23/Summary!E$22*100 -> 23.276455 | AN51: =Summary!F23/Summary!F$22*100 -> 23.048828 | AO51: =Summary!G23/Summary!G$22*100 -> 22.82897 | AP51: =Summary!H23/Summary!H$22*100 -> 22.765959 | AQ51: =Summary!I23/Summary!I$22*100 -> 22.674792
A52: Industry | B52: =Summary!#REF!/Summary!#REF!*100 -> #REF! | C52: =Summary!#REF!/Summary!#REF!*100 -> #REF! | D52: =Summary!#REF!/Summary!#REF!*100 -> #REF! | E52: =Summary!#REF!/Summary!#REF!*100 -> #REF! | F52: =Summary!#REF!/Summary!#REF!*100 -> #REF! | G52: =Summary!#REF!/Summary!#REF!*100 -> #REF! | H52: =Summary!#REF!/Summary!#REF!*100 -> #REF! | I52: =Summary!#REF!/Summary!#REF!*100 -> #REF! | ... AI52: =Summary!#REF!/Summary!#REF!*100 -> #REF! | AJ52: =Summary!B24/Summary!B$22*100 -> 25.677189 | AK52: =Summary!C24/Summary!C$22*100 -> 26.260307 | AL52: =Summary!D24/Summary!D$22*100 -> 26.264828 | AM52: =Summary!E24/Summary!E$22*100 -> 25.805184 | AN52: =Summary!F24/Summary!F$22*100 -> 25.392229 | AO52: =Summary!G24/Summary!G$22*100 -> 25.476448 | AP52: =Summary!H24/Summary!H$22*100 -> 25.858734 | AQ52: =Summary!I24/Summary!I$22*100 -> 26.116432
A53: Services | B53: =Summary!#REF!/Summary!#REF!*100 -> #REF! | C53: =Summary!#REF!/Summary!#REF!*100 -> #REF! | D53: =Summary!#REF!/Summary!#REF!*100 -> #REF! | E53: =Summary!#REF!/Summary!#REF!*100 -> #REF! | F53: =Summary!#REF!/Summary!#REF!*100 -> #REF! | G53: =Summary!#REF!/Summary!#REF!*100 -> #REF! | H53: =Summary!#REF!/Summary!#REF!*100 -> #REF! | I53: =Summary!#REF!/Summary!#REF!*100 -> #REF! | ... AI53: =Summary!#REF!/Summary!#REF!*100 -> #REF! | AJ53: =Summary!B25/Summary!B$22*100 -> 43.781714 | AK53: =Summary!C25/Summary!C$22*100 -> 43.204856 | AL53: =Summary!D25/Summary!D$22*100 -> 43.201248 | AM53: =Summary!E25/Summary!E$22*100 -> 43.760326 | AN53: =Summary!F25/Summary!F$22*100 -> 44.449747 | AO53: =Summary!G25/Summary!G$22*100 -> 44.733245 | AP53: =Summary!H25/Summary!H$22*100 -> 44.547602 | AQ53: =Summary!I25/Summary!I$22*100 -> 44.446634
A54: Adjustments
A55: Taxes on products | B55: =Summary!#REF!/Summary!#REF!*100 -> #REF! | C55: =Summary!#REF!/Summary!#REF!*100 -> #REF! | D55: =Summary!#REF!/Summary!#REF!*100 -> #REF! | E55: =Summary!#REF!/Summary!#REF!*100 -> #REF! | F55: =Summary!#REF!/Summary!#REF!*100 -> #REF! | G55: =Summary!#REF!/Summary!#REF!*100 -> #REF! | H55: =Summary!#REF!/Summary!#REF!*100 -> #REF! | I55: =Summary!#REF!/Summary!#REF!*100 -> #REF! | ... AI55: =Summary!#REF!/Summary!#REF!*100 -> #REF! | AJ55: =Summary!B27/Summary!B$22*100 -> 7.0409984 | AK55: =Summary!C27/Summary!C$22*100 -> 7.1120969 | AL55: =Summary!D27/Summary!D$22*100 -> 7.1268434 | AM55: =Summary!E27/Summary!E$22*100 -> 7.1580356 | AN55: =Summary!F27/Summary!F$22*100 -> 7.1091958 | AO55: =Summary!G27/Summary!G$22*100 -> 6.9613376 | AP55: =Summary!H27/Summary!H$22*100 -> 6.8277053 | AQ55: =Summary!I27/Summary!I$22*100 -> 6.7621425
A56: Uganda Bureau of Statistics

Sheet Original_VA
A1: Table 3: ORIGINAL UNADJUSTED Value Added by activity at constant 2016/17 prices, BILLION SHILLINGS, 2016/17-2024/25
A3: Year | B3: 2016/17 | F3: 2017/18 | J3: 2018/19 | N3: 2019/20 | R3: 2020/21 | V3: 2021/22 | Z3: 2022/23 | AD3: 2023/24 | AH3: 2024/25
A4: Period | B4: Q1 | C4: Q2 | D4: Q3 | E4: Q4 | F4: Q1 | G4: Q2 | H4: Q3 | I4: Q4 | J4: Q1 | K4: Q2 | L4: Q3 | M4: Q4 | N4: Q1 | O4: Q2 | P4: Q3 | Q4: Q4 | R4: Q1 | S4: Q2 | T4: Q3 | U4: Q4 | V4: Q1 | W4: Q2 | X4: Q3 | Y4: Q4 | Z4: Q1 | AA4: Q2 | AB4: Q3 | AC4: Q4 | AD4: Q1 | AE4: Q2 | AF4: Q3 | AG4: Q4 | AH4: Q1 | AI4: Q2 | AJ4: Q3 | AK4: Q4
A5: GDP AT MARKET PRICES | B5: 28577.25 | C5: 26610.224 | D5: 26240.151 | E5: 27090.416 | F5: 30772.211 | G5: 28335.282 | H5: 27653.33 | I5: 28598.112 | J5: 32487.628 | K5: 29958.638 | L5: 29773.221 | M5: 30567.116 | N5: 34943.76 | O5: 32466.476 | P5: 30130.098 | Q5: 28870.078 | R5: 34802.79 | S5: 32477.032 | T5: 30975.068 | U5: 32626.128 | V5: 35622.479 | W5: 34024.497 | X5: 32716.622 | Y5: 34522.269 | Z5: 38746.74 | AA5: 35491.988 | AB5: 33446.221 | AC5: 36506.48 | AD5: 41068.053 | AE5: 37544.269 | AF5: 35728.81 | AG5: 38581.926 | AH5: 43605.801 | AI5: 39557.92 | AJ5: 38728.024 | AK5: 40714.112
A6: AGRICULTURE,FORESTRY&FISHING | B6: 8012.3898 | C6: 6110.5575 | D6: 5359.3298 | E6: 5974.7915 | F6: 8783.7536 | G6: 6199.5724 | H6: 5495.0897 | I6: 6096.0101 | J6: 8974.6097 | K6: 6448.4413 | L6: 5935.2774 | M6: 6628.7289 | N6: 9517.4185 | O6: 6941.2508 | P6: 5858.4835 | Q6: 7019.6669 | R6: 10178.838 | S6: 7480.0515 | T6: 5874.7257 | U6: 7070.5839 | V6: 10624.95 | W6: 7330.892 | X6: 6120.4466 | Y6: 7804.9868 | Z6: 11088.263 | AA6: 8197.4364 | AB6: 6452.1008 | AC6: 7589.8403 | AD6: 11715.27 | AE6: 8365.8311 | AF6: 6712.9791 | AG6: 8392.5624 | AH6: 12457.04 | AI6: 9018.0557 | AJ6: 7404.857 | AK6: 8683.383
A7: Cash crops | B7: 503.80349 | C7: 751.47235 | D7: 756.6638 | E7: 540.01006 | F7: 711.49019 | G7: 721.04285 | H7: 772.20685 | I7: 498.20843 | J7: 708.23323 | K7: 768.35837 | L7: 790.47225 | M7: 563.82244 | N7: 726.02296 | O7: 837.1285 | P7: 928.12524 | Q7: 560.87771 | R7: 782.35957 | S7: 933.39018 | T7: 1033.3276 | U7: 683.9495 | V7: 965.22972 | W7: 980.0504 | X7: 993.72889 | Y7: 688.45779 | Z7: 969.15812 | AA7: 928.29383 | AB7: 1072.7337 | AC7: 681.86824 | AD7: 1030.9453 | AE7: 1070.8634 | AF7: 1245.7712 | AG7: 753.11773 | AH7: 1200.8309 | AI7: 1173.3745 | AJ7: 1357.3298 | AK7: 833.80664
A8: Food crops | B8: 5158.2444 | C8: 2956.6065 | D8: 2216.3688 | E8: 3063.7253 | F8: 5764.4524 | G8: 3189.0326 | H8: 2406.5075 | I8: 3180.2595 | J8: 5806.2349 | K8: 3120.4628 | L8: 2491.5732 | M8: 3355.7462 | N8: 6087.3682 | O8: 3386.3637 | P8: 2210.2087 | Q8: 3770.8716 | R8: 6729.3932 | S8: 3733.7504 | T8: 2032.2914 | U8: 3595.1715 | V8: 6847.8466 | W8: 3553.494 | X8: 2141.0816 | Y8: 4113.2181 | Z8: 7367.019 | AA8: 4243.1851 | AB8: 2047.1733 | AC8: 3777.0373 | AD8: 7740.0659 | AE8: 4232.3299 | AF8: 2190.283 | AG8: 4166.6736 | AH8: 8152.8624 | AI8: 4529.7878 | AJ8: 2262.5053 | AK8: 4257.0001
A9: Livestock | B9: 803.94776 | C9: 820.59322 | D9: 836.92932 | E9: 847.61996 | F9: 869.7722 | G9: 875.22137 | H9: 895.75739 | I9: 904.19998 | J9: 927.06886 | K9: 942.41424 | L9: 958.71971 | M9: 977.13017 | N9: 999.62611 | O9: 1016.5699 | P9: 1037.6779 | Q9: 1051.9475 | R9: 1075.0903 | S9: 1093.5814 | T9: 1117.645 | U9: 1139.3805 | V9: 1164.9148 | W9: 1183.7106 | X9: 1209.2184 | Y9: 1235.4276 | Z9: 1266.6927 | AA9: 1289.0045 | AB9: 1324.7443 | AC9: 1336.3725 | AD9: 1364.9638 | AE9: 1392.5445 | AF9: 1421.1592 | AG9: 1449.5255 | AH9: 1480.2991 | AI9: 1512.2661 | AJ9: 1550.6613 | AK9: 1577.5316
A10: Agriculture Support Services | B10: 6.2837288 | C10: 3.325037 | D10: 2.0494802 | E10: 4.8141938 | F10: 6.2956095 | G10: 3.2755887 | H10: 2.0080248 | I10: 4.8329083 | J10: 6.6083068 | K10: 3.5884171 | L10: 2.1829168 | M10: 5.4791027 | N10: 7.7829336 | O10: 4.3860543 | P10: 2.1540787 | Q10: 4.6823231 | R10: 7.2284747 | S10: 3.9801091 | T10: 2.7383126 | U10: 5.4484674 | V10: 7.7592654 | W10: 4.0780685 | X10: 2.8418931 | Y10: 5.5823033 | Z10: 7.9640725 | AA10: 4.2517334 | AB10: 2.8588657 | AC10: 5.6398941 | AD10: 8.3887802 | AE10: 4.5610538 | AF10: 3.0962641 | AG10: 6.1329907 | AH10: 8.7481039 | AI10: 4.4104034 | AJ10: 3.0707098 | AK10: 7.1536239
A11: Forestry | B11: 977.93029 | C11: 992.65353 | D11: 1004.7215 | E11: 1027.2691 | F11: 1007.3811 | G11: 1003.7501 | H11: 1044.0648 | I11: 1082.2855 | J11: 1044.1093 | K11: 1056.6287 | L11: 1070.8268 | M11: 1114.9791 | N11: 1086.4176 | O11: 1108.061 | P11: 1120.3878 | Q11: 1111.3554 | R11: 1056.878 | S11: 1149.2585 | T11: 1181.6024 | U11: 1168.994 | V11: 1107.6165 | W11: 1115.7609 | X11: 1243.7005 | Y11: 1233.5857 | Z11: 1152.8066 | AA11: 1158.8936 | AB11: 1275.3325 | AC11: 1260.9317 | AD11: 1214.7921 | AE11: 1190.4314 | AF11: 1200.1467 | AG11: 1391.5844 | AH11: 1260.4901 | AI11: 1251.7752 | AJ11: 1287.4128 | AK11: 1362.3897
A12: Fishing | B12: 562.18016 | C12: 585.90691 | D12: 542.59683 | E12: 491.35281 | F12: 424.36218 | G12: 407.24998 | H12: 374.54516 | I12: 426.22385 | J12: 482.35514 | K12: 556.98883 | L12: 621.50255 | M12: 611.57191 | N12: 610.20066 | O12: 588.74175 | P12: 559.92985 | Q12: 519.93242 | R12: 527.88856 | S12: 566.09095 | T12: 507.12106 | U12: 477.64002 | V12: 531.58287 | W12: 493.79799 | X12: 529.87529 | Y12: 528.71517 | Z12: 324.62227 | AA12: 573.80759 | AB12: 729.25809 | AC12: 527.99078 | AD12: 356.11407 | AE12: 475.10096 | AF12: 652.52279 | AG12: 625.52817 | AH12: 353.80898 | AI12: 546.44166 | AJ12: 943.87711 | AK12: 645.50127
A13: INDUSTRY | B13: 6768.716 | C13: 7106.9089 | D13: 7305.3933 | E13: 7067.3073 | F13: 7134.88 | G13: 7312.6338 | H13: 7537.2012 | I13: 7631.559 | J13: 7779.6771 | K13: 8068.1914 | L13: 8243.4977 | M13: 8201.904 | N13: 8570.222 | O13: 8886.3537 | P13: 8486.8215 | Q13: 7398.8259 | R13: 8380.9727 | S13: 8755.8128 | T13: 8669.1217 | U13: 8693.545 | V13: 8370.9889 | W13: 9440.9003 | X13: 9148.3101 | Y13: 9308.0272 | Z13: 9399.6531 | AA13: 9216.6 | AB13: 9213.3947 | AC13: 9900.0046 | AD13: 10329.759 | AE13: 9629.8792 | AF13: 9832.846 | AG13: 10008.722 | AH13: 10858.952 | AI13: 10366.675 | AJ13: 10560.473 | AK13: 10766.263
A14: Mining & quarrying | B14: 282.95293 | C14: 276.59929 | D14: 375.75679 | E14: 401.80833 | F14: 319.7555 | G14: 224.76187 | H14: 339.81152 | I14: 399.51644 | J14: 397.45267 | K14: 270.96658 | L14: 456.76541 | M14: 382.76325 | N14: 454.84011 | O14: 474.18067 | P14: 511.09849 | Q14: 317.00352 | R14: 645.34983 | S14: 468.64606 | T14: 394.79031 | U14: 370.03532 | V14: 281.63209 | W14: 699.91945 | X14: 555.65764 | Y14: 685.74265 | Z14: 531.92636 | AA14: 337.30454 | AB14: 418.13259 | AC14: 1047.8039 | AD14: 1057.992 | AE14: 661.67504 | AF14: 435.10339 | AG14: 254.56755 | AH14: 967.23315 | AI14: 725.91079 | AJ14: 433.19398 | AK14: 365.58098
A15: Manufacturing | B15: 4040.705 | C15: 4238.5858 | D15: 4435.5484 | E15: 4130.4121 | F15: 4261.464 | G15: 4439.8418 | H15: 4503.4215 | I15: 4419.5601 | J15: 4561.6635 | K15: 4852.9223 | L15: 4835.1147 | M15: 4731.8722 | N15: 5096.6336 | O15: 5278.1396 | P15: 4784.5996 | Q15: 4060.5317 | R15: 4909.3533 | S15: 5000.3958 | T15: 4890.4733 | U15: 4843.5145 | V15: 4617.2239 | W15: 5323.9039 | X15: 5273.5154 | Y15: 5182.5961 | Z15: 5339.1513 | AA15: 5395.2734 | AB15: 5202.2022 | AC15: 5098.4633 | AD15: 5590.3484 | AE15: 5307.7672 | AF15: 5461.8901 | AG15: 5659.4204 | AH15: 5935.8741 | AI15: 5719.2052 | AJ15: 5747.7099 | AK15: 5854.8503
A16: Electricity | B16: 330.50837 | C16: 338.39281 | D16: 360.04769 | E16: 350.52748 | F16: 365.87468 | G16: 364.64894 | H16: 366.75833 | I16: 356.45256 | J16: 365.71697 | K16: 363.9283 | L16: 374.53323 | M16: 385.58107 | N16: 410.67753 | O16: 420.90578 | P16: 438.26559 | Q16: 382.38906 | R16: 446.83511 | S16: 458.60371 | T16: 470.86524 | U16: 468.11348 | V16: 469.51958 | W16: 473.62344 | X16: 480.90714 | Y16: 478.24728 | Z16: 498.13323 | AA16: 511.1819 | AB16: 524.08967 | AC16: 529.54458 | AD16: 557.4673 | AE16: 553.71387 | AF16: 569.86152 | AG16: 565.92799 | AH16: 593.4025 | AI16: 611.79592 | AJ16: 646.30896 | AK16: 661.7343
... A33: Activities of Households | B33: 220.43437 | C33: 222.05653 | D33: 223.6473 | E33: 225.21208 | F33: 226.75658 | G33: 228.3158 | H33: 229.88331 | I33: 231.46596 | J33: 233.07033 | K33: 234.68168 | L33: 236.29337 | M33: 237.91141 | N33: 239.54242 | O33: 241.1751 | P33: 242.80326 | Q33: 244.43246 | R33: 246.06921 | S33: 247.72055 | T33: 249.44396 | U33: 251.18214 | V33: 252.87801 | W33: 254.57335 | X33: 256.32765 | Y33: 258.08109 | Z33: 259.77441 | AA33: 261.48299 | AB33: 263.3354 | AC33: 265.20368 | AD33: 266.95973 | AE33: 268.7154 | AF33: 270.60323 | AG33: 272.49078 | AH33: 274.24576 | AI33: 276.01332 | AJ33: 278.0007 | AK33: 280.00154
A35: ADJUSTMENTS
A36: Taxes on products | B36: 1858.4261 | C36: 1817.8528 | D36: 1948.6611 | E36: 2005.691 | F36: 1991.2744 | G36: 2007.8887 | H36: 1935.7403 | I36: 2033.1747 | J36: 1979.1119 | K36: 2073.2514 | L36: 2129.377 | M36: 2135.7379 | N36: 2197.3365 | O36: 2270.9524 | P36: 2114.9878 | Q36: 1601.8521 | R36: 2123.5437 | S36: 2166.7043 | T36: 2039.8093 | U36: 2366.598 | V36: 2087.3237 | W36: 2349.8691 | X36: 2484.895 | Y36: 2428.7012 | Z36: 2459.0041 | AA36: 2470.6617 | AB36: 2587.0261 | AC36: 2698.9015 | AD36: 2801.1416 | AE36: 2642.3794 | AF36: 2764.0558 | AG36: 2801.4262 | AH36: 3096.8575 | AI36: 2889.5255 | AJ36: 2914.9594 | AK36: 3024.8849
A37: Source: Uganda Bureau of Statistics

Sheet Original_Growth
A1: Table 4: ORIGINAL UNADJUSTED Value Added at constant 2016/17 prices, PERCENTAGE CHANGE, 2016/17-2024/25
B3: 2016/17 | F3: 2017/18 | J3: 2018/19 | N3: 2019/20 | R3: 2020/21 | V3: 2021/22 | Z3: 2022/23 | AD3: 2023/24 | AH3: 2024/25
B4: Q1 | C4: Q2 | D4: Q3 | E4: Q4 | F4: Q1 | G4: Q2 | H4: Q3 | I4: Q4 | J4: Q1 | K4: Q2 | L4: Q3 | M4: Q4 | N4: Q1 | O4: Q2 | P4: Q3 | Q4: Q4 | R4: Q1 | S4: Q2 | T4: Q3 | U4: Q4 | V4: Q1 | W4: Q2 | X4: Q3 | Y4: Q4 | Z4: Q1 | AA4: Q2 | AB4: Q3 | AC4: Q4 | AD4: Q1 | AE4: Q2 | AF4: Q3 | AG4: Q4 | AH4: Q1 | AI4: Q2 | AJ4: Q3 | AK4: Q4
A5: GDP AT MARKET PRICES | B5: -0.26123732 | C5: 0.50759973 | D5: 6.7463304 | E5: 6.1812772 | F5: 7.6807994 | G5: 6.482691 | H5: 5.3855619 | I5: 5.5654191 | J5: 5.5745631 | K5: 5.7290986 | L5: 7.6659497 | M5: 6.8850866 | N5: 7.5602101 | O5: 8.3709998 | P5: 1.1986518 | Q5: -5.5518446 | R5: -0.40342092 | S5: 0.032514813 | T5: 2.8044035 | U5: 13.010184 | V5: 2.3552391 | W5: 4.7647978 | X5: 5.6224394 | Y5: 5.8117272 | Z5: 8.7704759 | AA5: 4.3130427 | AB5: 2.2300565 | AC5: 5.7476249 | AD5: 5.9909884 | AE5: 5.7823762 | AF5: 6.8246543 | AG5: 5.6851455 | AH5: 6.179374 | AI5: 5.3634057 | AJ5: 8.3943861 | AK5: 5.5263844
A6: AGRICULTURE,FORESTRY&FISHING | B6: 1.1733408 | C6: 3.2296507 | D6: 1.0636811 | E6: 6.0861996 | F6: 9.6271372 | G6: 1.4567399 | H6: 2.5331516 | I6: 2.0288349 | J6: 2.172831 | K6: 4.0142917 | L6: 8.0105649 | M6: 8.7388102 | N6: 6.0482714 | O6: 7.6423042 | P6: -1.2938558 | Q6: 5.8976313 | R6: 6.9495692 | S6: 7.7622984 | T6: 0.2772422 | U6: 0.72534835 | V6: 4.3827365 | W6: -1.9940967 | X6: 4.1826797 | Y6: 10.386735 | Z6: 4.3606143 | AA6: 11.82045 | AB6: 5.4187899 | AC6: -2.7565251 | AD6: 5.654692 | AE6: 2.0542364 | AF6: 4.0433087 | AG6: 10.57627 | AH6: 6.3316479 | AI6: 7.7962919 | AJ6: 10.306569 | AK6: 3.465218
A7: Cash crops | B7: -16.007927 | C7: 23.751211 | D7: 12.020404 | E7: 19.986916 | F7: 41.223752 | G7: -4.0493176 | H7: 2.0541554 | I7: -7.7408987 | J7: -0.45776578 | K7: 6.5620954 | L7: 2.36535 | M7: 13.169991 | N7: 2.5118453 | O7: 8.9502677 | P7: 17.41402 | Q7: -0.52227954 | R7: 7.7596194 | S7: 11.499033 | T7: 11.334927 | U7: 21.942714 | V7: 23.374182 | W7: 4.9990053 | X7: -3.8321506 | Y7: 0.65915566 | Z7: 0.4069914 | AA7: -5.2810114 | AB7: 7.9503397 | AC7: -0.95714691 | AD7: 6.3753418 | AE7: 15.358235 | AF7: 16.13052 | AG7: 10.449158 | AH7: 16.47863 | AI7: 9.5727556 | AJ7: 8.954976 | AK7: 10.713984
A8: Food crops | B8: 1.7376881 | C8: -3.4995387 | D8: 6.1821644 | E8: 6.4109612 | F8: 11.752214 | G8: 7.8612466 | H8: 8.578837 | I8: 3.8036746 | J8: 0.72483173 | K8: -2.1501749 | L8: 3.5348213 | M8: 5.5179991 | N8: 4.8419209 | O8: 8.5211992 | P8: -11.292646 | Q8: 12.370584 | R8: 10.54684 | S8: 10.2584 | T8: -8.0497943 | U8: -4.6594018 | V8: 1.7602391 | W8: -4.8277555 | X8: 5.3530803 | Y8: 14.409511 | Z8: 7.5815419 | AA8: 19.408815 | AB8: -4.386021 | AC8: -8.1731832 | AD8: 5.0637427 | AE8: -0.25582669 | AF8: 6.9905976 | AG8: 10.315924 | AH8: 5.3332431 | AI8: 7.0282315 | AJ8: 3.2973958 | AK8: 2.167834
A9: Livestock | B9: 5.6220551 | C9: 7.3369226 | D9: 8.0046056 | E9: 7.0651484 | F9: 8.1876515 | G9: 6.6571546 | H9: 7.0290372 | I9: 6.6751637 | J9: 6.5875482 | K9: 7.677242 | L9: 7.0289477 | M9: 8.065715 | N9: 7.8265223 | O9: 7.8686926 | P9: 8.2357916 | Q9: 7.6568416 | R9: 7.5492368 | S9: 7.5756165 | T9: 7.7063501 | U9: 8.311535 | V9: 8.3550688 | W9: 8.2416626 | X9: 8.1934317 | Y9: 8.4297719 | Z9: 8.7369443 | AA9: 8.8952394 | AB9: 9.5537611 | AC9: 8.1708417 | AD9: 7.7580832 | AE9: 8.032551 | AF9: 7.2780032 | AG9: 8.46718 | AH9: 8.4496924 | AI9: 8.5973316 | AJ9: 9.1124298 | AK9: 8.8308919
A10: Agriculture Support Services | B10: 1.7603391 | C10: 5.0997732 | D10: 4.9594275 | E10: 5.1449869 | F10: 0.18907177 | G10: -1.4871507 | H10: -2.0227286 | I10: 0.38873457 | J10: 4.9669107 | K10: 9.5502966 | L10: 8.709657 | M10: 13.370715 | N10: 17.775003 | O10: 22.228107 | P10: -1.3210824 | Q10: -14.542154 | R10: -7.1240347 | S10: -9.255361 | T10: 27.122216 | U10: 16.362482 | V10: 7.3430525 | W10: 2.4612239 | X10: 3.7826391 | Y10: 2.4563964 | Z10: 2.6395159 | AA10: 4.2585086 | AB10: 0.59723142 | AC10: 1.0316667 | AD10: 5.3327958 | AE10: 7.2751607 | AF10: 8.3039338 | AG10: 8.7430127 | AH10: 4.2833839 | AI10: -3.3029737 | AJ10: -0.82532569 | AK10: 16.641687
A11: Forestry | B11: 9.2270812 | C11: 12.389945 | D11: -13.360355 | E11: 10.596834 | F11: 3.011542 | G11: 1.1178648 | H11: 3.9158391 | I11: 5.3555947 | J11: 3.6459073 | K11: 5.2681082 | L11: 2.5632504 | M11: 3.0207938 | N11: 4.0520984 | O11: 4.8675831 | P11: 4.6282922 | Q11: -0.32500419 | R11: -2.7189897 | S11: 3.7179826 | T11: 5.4636973 | U11: 5.1863315 | V11: 4.8007872 | W11: -2.9147168 | X11: 5.255418 | Y11: 5.5254145 | Z11: 4.0799464 | AA11: 3.8657707 | AB11: 2.5433776 | AC11: 2.2167853 | AD11: 5.3769202 | AE11: 2.721366 | AF11: -5.8953925 | AG11: 10.3616 | AH11: 3.7617946 | AI11: 5.1530752 | AJ11: 7.2712862 | AK11: -2.0979436
A12: Fishing | B12: -4.204575 | C12: -1.9275876 | D12: -10.109137 | E12: -14.947848 | F12: -24.514914 | G12: -30.492374 | H12: -30.971737 | I12: -13.25503 | J12: 13.665911 | K12: 36.768289 | L12: 65.935276 | M12: 43.486083 | N12: 26.504438 | O12: 5.7008185 | P12: -9.9070707 | Q12: -14.984255 | R12: -13.489349 | S12: -3.8473233 | T12: -9.4313234 | U12: -8.1342105 | V12: 0.69982751 | W12: -12.770556 | X12: 4.4869431 | Y12: 10.69323 | Z12: -38.932895 | AA12: 16.202901 | AB12: 37.628249 | AC12: -0.13700969 | AD12: 9.7010594 | AE12: -17.202043 | AF12: -10.522378 | AG12: 18.473315 | AH12: -0.64729068 | AI12: 15.015903 | AJ12: 44.650443 | AK12: 3.1929969
A13: INDUSTRY | B13: -0.60236503 | C13: 4.5996499 | D13: 16.225158 | E13: 7.9281886 | F13: 5.4096523 | G13: 2.8947167 | H13: 3.1731063 | I13: 7.9839699 | J13: 9.0372519 | K13: 10.332222 | L13: 9.3708055 | M13: 7.4735058 | N13: 10.161667 | O13: 10.140591 | P13: 2.9517052 | Q13: -9.791361 | R13: -2.2082189 | S13: -1.4690038 | T13: 2.1480387 | U13: 17.498979 | V13: -0.1191248 | W13: 7.8243735 | X13: 5.5275319 | Y13: 7.0682587 | Z13: 12.288442 | AA13: -2.3758358 | AB13: 0.71143793 | AC13: 6.3598584 | AD13: 9.8951124 | AE13: 4.4840735 | AF13: 6.7233779 | AG13: 1.0981532 | AH13: 5.122989 | AI13: 7.6511384 | AJ13: 7.3999602 | AK13: 7.5688126
A14: Mining & quarrying | B14: -1.0176412 | C14: 27.163369 | D14: 42.921379 | E14: 66.601672 | F14: 13.006608 | G14: -18.740982 | H14: -9.5661008 | I14: -0.57039491 | J14: 24.298931 | K14: 20.557187 | L14: 34.417285 | M14: -4.1933679 | N14: 14.438809 | O14: 74.995995 | P14: 11.895181 | Q14: -17.180262 | R14: 41.884989 | S14: -1.1671934 | T14: -22.75651 | U14: 16.729088 | V14: -56.35978 | W14: 49.349266 | X14: 40.747538 | Y14: 85.318163 | Z14: 88.87278 | AA14: -51.808093 | AB14: -24.749961 | AC14: 52.798407 | AD14: 98.898205 | AE14: 96.165475 | AF14: 4.0587122 | AG14: -75.704656 | AH14: -8.5784039 | AI14: 9.7080505 | AJ14: -0.43884077 | AK14: 43.608635
A15: Manufacturing | B15: -5.7702586 | C15: -0.1731616 | D15: 19.811423 | E15: 2.5311368 | F15: 5.4633796 | G15: 4.7481879 | H15: 1.5302076 | I15: 7.0004646 | J15: 7.0445137 | K15: 9.3039472 | L15: 7.3653602 | M15: 7.0665881 | N15: 11.727523 | O15: 8.7620878 | P15: -1.0447553 | Q15: -14.187631 | R15: -3.6745882 | S15: -5.2621545 | T15: 2.2128016 | U15: 19.282766 | V15: -5.9504663 | W15: 6.4696502 | X15: 7.8324133 | Y15: 7.0007348 | Z15: 15.63553 | AA15: 1.340548 | AB15: -1.3522881 | AC15: -1.6233706 | AD15: 4.7048134 | AE15: -1.6219041 | AF15: 4.9918833 | AG15: 11.002473 | AH15: 6.180753 | AI15: 7.7516204 | AJ15: 5.2329828 | AK15: 3.4531782
A16: Electricity | B16: 6.141503 | C16: 9.4323279 | D16: 14.545286 | E16: 9.0047431 | F16: 10.700578 | G16: 7.7590666 | H16: 1.8638188 | I16: 1.6903329 | J16: -0.043102909 | K16: -0.19762631 | L16: 2.1198978 | M16: 8.1717764 | N16: 12.293811 | O16: 15.65624 | P16: 17.016475 | Q16: -0.82784518 | R16: 8.8043734 | S16: 8.9563825 | T16: 7.4383342 | U16: 22.418117 | V16: 5.076699 | W16: 3.2750999 | X16: 2.1326469 | Y16: 2.1648167 | Z16: 6.0942389 | AA16: 7.9300241 | AB16: 8.9793904 | AC16: 10.726104 | AD16: 11.911286 | AE16: 8.3203213 | AF16: 8.7335926 | AG16: 6.8706984 | AH16: 6.4461531 | AI16: 10.489541 | AJ16: 13.415091 | AK16: 16.929063
... A33: Activities of Households | B33: 2.6609965 | C33: 2.8320844 | D33: 2.924144 | E33: 2.936326 | F33: 2.8680716 | G33: 2.818773 | H33: 2.7883234 | I33: 2.776886 | J33: 2.7843704 | K33: 2.7881906 | L33: 2.7883971 | M33: 2.7846182 | N33: 2.776885 | O33: 2.7669055 | P33: 2.7550021 | Q33: 2.7409598 | R33: 2.7246889 | S33: 2.7139813 | T33: 2.7350163 | U33: 2.7613682 | V33: 2.767027 | W33: 2.7663441 | X33: 2.7596131 | Y33: 2.7465927 | Z33: 2.7271632 | AA33: 2.7142034 | AB33: 2.7339014 | AC33: 2.7598254 | AD33: 2.7659861 | AE33: 2.7659177 | AF33: 2.759914 | AG33: 2.7477363 | AH33: 2.729262 | AI33: 2.7158552 | AJ33: 2.7336983 | AK33: 2.7563359
A35: ADJUSTMENTS
A36: Taxes on products | B36: 10.604421 | C36: 4.5985732 | D36: 17.953651 | E36: 10.804192 | F36: 7.1484302 | G36: 10.453864 | H36: -0.66306107 | I36: 1.3702883 | J36: -0.61078733 | K36: 3.2552983 | L36: 10.00324 | M36: 5.044483 | N36: 11.026391 | O36: 9.535794 | P36: -0.67574803 | Q36: -24.997721 | R36: -3.3582876 | S36: -4.5905031 | T36: -3.5545582 | U36: 47.741356 | V36: -1.7056382 | W36: 8.453615 | X36: 21.819967 | Y36: 2.6241571 | Z36: 17.806552 | AA36: 5.1403958 | AB36: 4.1100754 | AC36: 11.125298 | AD36: 13.913662 | AE36: 6.9502737 | AF36: 6.8429801 | AG36: 3.7987589 | AH36: 10.556979 | AI36: 9.3531628 | AJ36: 5.4594994 | AK36: 7.9766044
A37: Source: Uganda Bureau of Statistics

Sheet Original_IPD
A1: Table 5: ORIGINAL UNADJUSTED Value Added by activity at constant 2016/17 prices, IMPLICIT PRICE DEFLATORS, 2016/17-2024/25 | B1: Table 5: ORIGINAL UNADJUSTED Value Added by activity at constant 2016/17 prices, IMPLICIT PRICE DEFLATORS, 2016/17-2021/22
B3: 2016/17 | F3: 2017/18 | J3: 2018/19 | N3: 2019/20 | R3: 2020/21 | V3: 2021/22 | Z3: 2022/23 | AD3: 2023/24 | AH3: 2024/25
B4: Q1 | C4: Q2 | D4: Q3 | E4: Q4 | F4: Q1 | G4: Q2 | H4: Q3 | I4: Q4 | J4: Q1 | K4: Q2 | L4: Q3 | M4: Q4 | N4: Q1 | O4: Q2 | P4: Q3 | Q4: Q4 | R4: Q1 | S4: Q2 | T4: Q3 | U4: Q4 | V4: Q1 | W4: Q2 | X4: Q3 | Y4: Q4 | Z4: Q1 | AA4: Q2 | AB4: Q3 | AC4: Q4 | AD4: Q1 | AE4: Q2 | AF4: Q3 | AG4: Q4 | AH4: Q1 | AI4: Q2 | AJ4: Q3 | AK4: Q4
A5: GDP AT MARKET PRICES | B5: 97.215823 | C5: 99.797176 | D5: 101.85508 | E5: 101.33935 | F5: 102.26668 | G5: 100.32084 | H5: 106.43321 | I5: 108.94614 | J5: 105.1789 | K5: 107.41311 | L5: 108.25577 | M5: 109.62405 | N5: 108.59676 | O5: 112.11946 | P5: 111.87076 | Q5: 109.57104 | R5: 111.82173 | S5: 113.61262 | T5: 113.49591 | U5: 114.4473 | V5: 115.63152 | W5: 117.1572 | X5: 120.0134 | Y5: 122.91386 | Z5: 124.84147 | AA5: 124.93639 | AB5: 125.78472 | AC5: 132.08543 | AD5: 131.54915 | AE5: 132.2462 | AF5: 133.374 | AG5: 135.76118 | AH5: 136.73219 | AI5: 138.87404 | AJ5: 140.90425 | AK5: 144.28982 | AL5: 0.05645966
A6: AGRICULTURE,FORESTRY&FISHING | B6: 99.737591 | C6: 100.23805 | D6: 101.19892 | E6: 99.033024 | F6: 102.1439 | G6: 94.090338 | H6: 110.99282 | I6: 116.61138 | J6: 100.94099 | K6: 106.60954 | L6: 112.26615 | M6: 116.33678 | N6: 109.16234 | O6: 119.14173 | P6: 116.55238 | Q6: 113.09189 | R6: 111.07629 | S6: 116.78862 | T6: 113.68912 | U6: 122.1793 | V6: 116.82539 | W6: 125.0172 | X6: 124.38747 | Y6: 126.6944 | Z6: 126.58569 | AA6: 130.34647 | AB6: 131.35657 | AC6: 143.46148 | AD6: 131.14156 | AE6: 138.67726 | AF6: 149.14618 | AG6: 156.966 | AH6: 144.07441 | AI6: 155.77019 | AJ6: 173.5618 | AK6: 169.31848
A7: Cash crops | B7: 99.772362 | C7: 99.947409 | D7: 99.685328 | E7: 100.72648 | F7: 105.81676 | G7: 98.947411 | H7: 96.08313 | I7: 99.648058 | J7: 99.414062 | K7: 92.198565 | L7: 90.703577 | M7: 85.10981 | N7: 87.52395 | O7: 91.094946 | P7: 95.195708 | Q7: 83.116434 | R7: 83.503016 | S7: 82.511385 | T7: 91.363109 | U7: 99.884606 | V7: 99.850401 | W7: 129.31781 | X7: 134.38345 | Y7: 130.02313 | Z7: 121.55472 | AA7: 125.53276 | AB7: 122.32209 | AC7: 145.84846 | AD7: 144.96181 | AE7: 161.44975 | AF7: 185.17013 | AG7: 225.57351 | AH7: 181.75987 | AI7: 229.39401 | AJ7: 253.84852 | AK7: 366.30495
A8: Food crops | B8: 102.75752 | C8: 100.34971 | D8: 98.214039 | E8: 96.31181 | F8: 104.09123 | G8: 95.676742 | H8: 104.08751 | I8: 107.29512 | J8: 98.31158 | K8: 101.05843 | L8: 103.59143 | M8: 111.69825 | N8: 103.71697 | O8: 105.27323 | P8: 105.65049 | Q8: 105.10924 | R8: 105.48664 | S8: 99.341063 | T8: 100.55751 | U8: 115.43198 | V8: 110.68597 | W8: 112.24303 | X8: 101.0998 | Y8: 116.94817 | Z8: 122.99657 | AA8: 122.02214 | AB8: 109.09079 | AC8: 137.56287 | AD8: 123.11563 | AE8: 123.66148 | AF8: 111.28913 | AG8: 139.30163 | AH8: 132.83579 | AI8: 133.07466 | AJ8: 121.68379 | AK8: 125.97285
A9: Livestock | B9: 98.505192 | C9: 98.757796 | D9: 100.92045 | E9: 101.71154 | F9: 107.75111 | G9: 108.3424 | H9: 110.46133 | I9: 110.66984 | J9: 114.35907 | K9: 116.52011 | L9: 120.52753 | M9: 120.41222 | N9: 123.28849 | O9: 126.6288 | P9: 130.8191 | Q9: 132.20314 | R9: 131.72258 | S9: 132.04385 | T9: 129.43381 | U9: 134.16454 | V9: 135.70079 | W9: 136.93406 | X9: 133.02029 | Y9: 133.21037 | Z9: 136.95174 | AA9: 139.33305 | AB9: 145.36231 | AC9: 147.65167 | AD9: 147.94711 | AE9: 149.34967 | AF9: 152.95487 | AG9: 155.18396 | AH9: 159.4172 | AI9: 161.84656 | AJ9: 166.66257 | AK9: 169.94579
A10: Agriculture Support Services | B10: 88.439807 | C10: 107.36705 | D10: 136.79856 | E10: 94.33498 | F10: 77.401398 | G10: 90.847301 | H10: 118.76132 | I10: 87.647031 | J10: 85.864393 | K10: 108.2144 | L10: 144.61752 | M10: 101.51429 | N10: 87.121766 | O10: 102.08232 | P10: 154.0771 | Q10: 104.68774 | R10: 85.635646 | S10: 108.84554 | T10: 144.37767 | U10: 103.79515 | V10: 89.094779 | W10: 115.16745 | X10: 141.56272 | Y10: 102.45637 | Z10: 88.338806 | AA10: 113.10301 | AB10: 153.24617 | AC10: 107.70576 | AD10: 88.644334 | AE10: 111.42295 | AF10: 151.44526 | AG10: 105.2623 | AH10: 90.506313 | AI10: 117.73876 | AJ10: 147.83692 | AK10: 95.903419
A11: Forestry | B11: 86.405516 | C11: 103.79918 | D11: 108.39324 | E11: 101.06138 | F11: 80.820459 | G11: 63.400908 | H11: 136.99288 | I11: 155.29977 | J11: 93.706837 | K11: 114.53052 | L11: 128.10361 | M11: 133.24456 | N11: 126.97269 | O11: 154.59371 | P11: 120.23834 | Q11: 118.04491 | R11: 118.82764 | S11: 168.29651 | T11: 122.08634 | U11: 125.67034 | V11: 131.22554 | W11: 135.19181 | X11: 134.93645 | Y11: 134.4754 | Z11: 136.47611 | AA11: 143.52795 | AB11: 137.40431 | AC11: 139.18001 | AD11: 145.52087 | AE11: 149.79949 | AF11: 155.3167 | AG11: 158.3514 | AH11: 158.95804 | AI11: 161.29439 | AJ11: 172.31061 | AK11: 163.61483
A12: Fishing | B12: 97.077496 | C12: 96.046702 | D12: 102.47552 | E12: 105.32413 | F12: 109.02746 | G12: 118.10552 | H12: 114.85298 | I12: 120.64649 | J12: 124.91048 | K12: 125.78344 | L12: 134.32268 | M12: 133.37373 | N12: 134.66077 | O12: 159.26676 | P12: 161.02638 | Q12: 154.14502 | R12: 165.97843 | S12: 154.40058 | T12: 157.37526 | U12: 167.96606 | V12: 155.77262 | W12: 156.93254 | X12: 155.18709 | Y12: 165.05811 | Z12: 148.42394 | AA12: 153.00882 | AB12: 171.04625 | AC12: 182.57639 | AD12: 153.10927 | AE12: 162.22542 | AF12: 187.788 | AG12: 193.58219 | AH12: 159.24947 | AI12: 156.65071 | AJ12: 195.58469 | AK12: 212.04481
A13: INDUSTRY | B13: 96.933215 | C13: 98.424622 | D13: 102.02248 | E13: 102.4308 | F13: 105.67322 | G13: 105.27361 | H13: 106.50998 | I13: 109.34329 | J13: 111.46774 | K13: 108.46474 | L13: 108.24219 | M13: 107.49894 | N13: 108.77043 | O13: 110.34788 | P13: 112.08178 | Q13: 113.05051 | R13: 115.3745 | S13: 115.57512 | T13: 118.02979 | U13: 117.83698 | V13: 119.17404 | W13: 113.41433 | X13: 123.02254 | Y13: 124.88178 | Z13: 125.5729 | AA13: 122.77877 | AB13: 123.62354 | AC13: 127.47608 | AD13: 129.1637 | AE13: 129.50853 | AF13: 125.19345 | AG13: 125.1878 | AH13: 126.13083 | AI13: 128.97664 | AJ13: 128.13132 | AK13: 136.63447
A14: Mining & quarrying | B14: 106.4737 | C14: 105.4776 | D14: 104.40306 | E14: 87.552939 | F14: 104.96698 | G14: 119.47703 | H14: 116.27097 | I14: 134.457 | J14: 160.28022 | K14: 161.90769 | L14: 142.78991 | M14: 140.90341 | N14: 124.32963 | O14: 127.32376 | P14: 122.89787 | Q14: 147.92699 | R14: 133.97547 | S14: 148.69934 | T14: 168.11232 | U14: 154.30862 | V14: 136.13166 | W14: 65.561307 | X14: 135.17824 | Y14: 106.99265 | Z14: 106.19465 | AA14: 95.016501 | AB14: 106.70185 | AC14: 129.24527 | AD14: 121.77041 | AE14: 94.269127 | AF14: 97.415384 | AG14: 103.83744 | AH14: 80.447827 | AI14: 127.0965 | AJ14: 121.72326 | AK14: 107.74948
A15: Manufacturing | B15: 95.562862 | C15: 98.243403 | D15: 102.10076 | E15: 103.88741 | F15: 107.72915 | G15: 106.10428 | H15: 107.58899 | I15: 110.07508 | J15: 109.69762 | K15: 106.732 | L15: 106.95552 | M15: 107.23729 | N15: 110.58592 | O15: 113.17318 | P15: 117.42736 | Q15: 119.10304 | R15: 121.06439 | S15: 122.56753 | T15: 126.09695 | U15: 126.64061 | V15: 128.68391 | W15: 123.9904 | X15: 131.54446 | Y15: 138.25962 | Z15: 137.5015 | AA15: 133.61602 | AB15: 135.77738 | AC15: 137.7909 | AD15: 139.61603 | AE15: 141.55247 | AF15: 139.79517 | AG15: 138.2622 | AH15: 141.74124 | AI15: 133.79496 | AJ15: 139.94596 | AK15: 151.53935
A16: Electricity | B16: 94.097257 | C16: 94.195878 | D16: 106.22288 | E16: 104.77694 | F16: 104.30529 | G16: 103.92631 | H16: 108.92026 | I16: 108.3762 | J16: 117.52824 | K16: 116.87926 | L16: 117.06801 | M16: 116.44068 | N16: 116.69746 | O16: 116.89773 | P16: 117.14662 | Q16: 116.93222 | R16: 116.57447 | S16: 115.82447 | T16: 115.37617 | U16: 115.12613 | V16: 114.17291 | W16: 114.20207 | X16: 114.65187 | Y16: 115.40941 | Z16: 116.42148 | AA16: 104.20155 | AB16: 102.61204 | AC16: 101.49636 | AD16: 100.03038 | AE16: 98.638048 | AF16: 96.375232 | AG16: 97.149864 | AH16: 93.977151 | AI16: 92.287929 | AJ16: 89.354817 | AK16: 104.3794
A17: Water | B17: 97.658185 | C17: 98.171362 | D17: 100.24412 | E17: 103.80603 | F17: 105.9027 | G17: 107.57449 | H17: 107.05861 | I17: 109.85286 | J17: 109.00104 | K17: 107.59978 | L17: 104.93842 | M17: 103.63962 | N17: 105.16967 | O17: 107.70156 | P17: 106.98108 | Q17: 106.89521 | R17: 106.54524 | S17: 106.3669 | T17: 106.42658 | U17: 106.09 | V17: 106.68091 | W17: 107.20591 | X17: 107.16761 | Y17: 107.35467 | Z17: 113.48759 | AA17: 114.94803 | AB17: 115.66573 | AC17: 113.81493 | AD17: 119.84481 | AE17: 120.40286 | AF17: 120.17809 | AG17: 121.8228 | AH17: 125.90244 | AI17: 132.6939 | AJ17: 134.70795 | AK17: 135.64668
... A33: Activities of Households | B33: 97.136675 | C33: 99.142049 | D33: 100.95861 | E33: 102.69657 | F33: 102.765 | G33: 103.72044 | H33: 104.06692 | I33: 105.14766 | J33: 105.88385 | K33: 106.27333 | L33: 106.38412 | M33: 107.28481 | N33: 107.60228 | O33: 108.32187 | P33: 108.89799 | Q33: 110.20219 | R33: 110.61554 | S33: 111.06746 | T33: 111.30051 | U33: 112.34583 | V33: 112.91445 | W33: 113.89133 | X33: 115.05044 | Y33: 119.24795 | Z33: 123.22687 | AA33: 126.03663 | AB33: 126.16875 | AC33: 126.9131 | AD33: 127.31756 | AE33: 129.16219 | AF33: 130.04935 | AG33: 131.34408 | AH33: 131.71412 | AI33: 133.0791 | AJ33: 134.64642 | AK33: 136.24796
A35: ADJUSTMENTS
A36: Taxes on products | B36: 95.161404 | C36: 100.67969 | D36: 102.7198 | E36: 101.22483 | F36: 98.860365 | G36: 106.25056 | H36: 116.03619 | I36: 112.94704 | J36: 118.81179 | K36: 122.87996 | L36: 116.97476 | M36: 113.88375 | N36: 113.05824 | O36: 117.37788 | P36: 123.89242 | Q36: 102.89785 | R36: 118.15688 | S36: 125.57577 | T36: 128.99381 | U36: 116.67932 | V36: 129.05725 | W36: 136.24321 | X36: 129.96752 | Y36: 131.56069 | Z36: 131.32229 | AA36: 129.29171 | AB36: 138.11395 | AC36: 147.96689 | AD36: 129.26802 | AE36: 138.78259 | AF36: 136.47988 | AG36: 141.37944 | AH36: 132.01223 | AI36: 143.53575 | AJ36: 141.95384 | AK36: 156.2819
A37: Source: Uganda Bureau of Statistics

Sheet Deseason_VA
A1: Table 6: SEASONALLY ADJUSTED Value Added at constant 2016/17 prices, BILLION SHILLINGS, 2016/17-2024/25
B3: 2016/17 | F3: 2017/18 | J3: 2018/19 | N3: 2019/20 | R3: 2020/21 | V3: 2021/22 | Z3: 2022/23 | AD3: 2023/24 | AH3: 2024/25
B4: Q1 | C4: Q2 | D4: Q3 | E4: Q4 | F4: Q1 | G4: Q2 | H4: Q3 | I4: Q4 | J4: Q1 | K4: Q2 | L4: Q3 | M4: Q4 | N4: Q1 | O4: Q2 | P4: Q3 | Q4: Q4 | R4: Q1 | S4: Q2 | T4: Q3 | U4: Q4 | V4: Q1 | W4: Q2 | X4: Q3 | Y4: Q4 | Z4: Q1 | AA4: Q2 | AB4: Q3 | AC4: Q4 | AD4: Q1 | AE4: Q2 | AF4: Q3 | AG4: Q4 | AH4: Q1 | AI4: Q2 | AJ4: Q3 | AK4: Q4
A5: GDP AT MARKET PRICES | B5: 26412.382 | C5: 26833.178 | D5: 27615.092 | E5: 27881.12 | F5: 28280.027 | G5: 28575.32 | H5: 29218.34 | I5: 29435.05 | J5: 29940.121 | K5: 30171.336 | L5: 31551.784 | M5: 31384.57 | N5: 32281.331 | O5: 32718.16 | P5: 31924.5 | Q5: 29657.775 | R5: 31892.811 | S5: 32711.164 | T5: 32892.138 | U5: 33292.407 | V5: 32651.965 | W5: 34298.482 | X5: 34986.793 | Y5: 35121.515 | Z5: 35508.22 | AA5: 35826.953 | AB5: 35796.595 | AC5: 36928.295 | AD5: 37523.449 | AE5: 38007.399 | AF5: 38339.889 | AG5: 39026.861 | AH5: 39915.242 | AI5: 40085.641 | AJ5: 41469.29 | AK5: 41170.975
A6: AGRICULTURE,FORESTRY&FISHING | B6: 6111.832 | C6: 6366.2603 | D6: 6581.6237 | E6: 6548.3013 | F6: 6621.7992 | G6: 6534.0663 | H6: 6886.0886 | I6: 6661.5543 | J6: 6774.9055 | K6: 6780.1172 | L6: 7531.6179 | M6: 7187.0755 | N6: 7179.2464 | O6: 7292.5497 | P6: 7451.7651 | Q6: 7591.4624 | R6: 7564.1471 | S6: 7824.6088 | T6: 7524.1755 | U6: 7641.8806 | V6: 7905.7917 | W6: 7641.1633 | X6: 8041.8861 | Y6: 8458.7833 | Z6: 8127.4547 | AA6: 8518.1186 | AB6: 8397.9018 | AC6: 8271.6267 | AD6: 8555.8547 | AE6: 8679.4521 | AF6: 8868.1861 | AG6: 9157.3728 | AH6: 9115.7855 | AI6: 9334.5215 | AJ6: 9662.7346 | AK6: 9484.7067
A7: Cash crops | B7: 503.23279 | C7: 710.83732 | D7: 654.71758 | E7: 690.07356 | F7: 709.52507 | G7: 670.68177 | H7: 664.99532 | I7: 663.68049 | J7: 708.76881 | K7: 706.07381 | L7: 676.01767 | M7: 746.31769 | N7: 726.34137 | O7: 767.53927 | P7: 803.72269 | Q7: 763.7614 | R7: 773.8659 | S7: 863.0408 | T7: 901.81497 | U7: 905.28037 | V7: 939.11621 | W7: 919.2885 | X7: 853.0432 | Y7: 925.78417 | Z7: 925.10428 | AA7: 883.15392 | AB7: 915.14816 | AC7: 935.74207 | AD7: 976.0217 | AE7: 1036.2361 | AF7: 1072.0142 | AG7: 1020.5201 | AH7: 1141.5548 | AI7: 1143.5544 | AJ7: 1173.1153 | AK7: 1111.5451
A8: Food crops | B8: 3247.6696 | C8: 3276.3435 | D8: 3540.0571 | E8: 3485.2161 | F8: 3588.5772 | G8: 3581.747 | H8: 3913.3735 | I8: 3587.0172 | J8: 3585.4918 | K8: 3510.6176 | L8: 4220.76 | M8: 3744.9004 | N8: 3722.0539 | O8: 3791.0476 | P8: 3961.5983 | Q8: 4159.4374 | R8: 4084.9852 | S8: 4118.841 | T8: 3866.4615 | U8: 3972.407 | V8: 4101.2399 | W8: 3883.2089 | X8: 4273.3103 | Y8: 4567.4766 | Z8: 4382.5599 | AA8: 4556.3462 | AB8: 4232.5666 | AC8: 4255.5366 | AD8: 4554.6048 | AE8: 4520.9938 | AF8: 4607.1685 | AG8: 4724.6686 | AH8: 4781.6184 | AI8: 4812.5772 | AJ8: 4796.688 | AK8: 4844.8277
A9: Livestock | B9: 802.21715 | C9: 821.05139 | D9: 836.02165 | E9: 849.94948 | F9: 867.88332 | G9: 875.61033 | H9: 894.96186 | I9: 906.5631 | J9: 925.00468 | K9: 942.90317 | L9: 958.01145 | M9: 979.45027 | N9: 997.4059 | O9: 1017.1649 | P9: 1037.1658 | Q9: 1053.9673 | R9: 1072.9237 | S9: 1094.2682 | T9: 1117.2672 | U9: 1141.0303 | V9: 1163.0243 | W9: 1184.3376 | X9: 1208.9314 | Y9: 1236.8081 | Z9: 1265.04 | AA9: 1289.599 | AB9: 1324.4238 | AC9: 1337.6595 | AD9: 1363.4942 | AE9: 1393.0411 | AF9: 1420.843 | AG9: 1450.7665 | AH9: 1478.9322 | AI9: 1512.7076 | AJ9: 1550.3251 | AK9: 1578.7877
A10: Agriculture Support Services | B10: 4.0846732 | C10: 4.1083773 | D10: 4.1156168 | E10: 4.1771601 | F10: 4.0978389 | G10: 4.0196777 | H10: 4.0081811 | I10: 4.2400728 | J10: 4.2927695 | K10: 4.3750722 | L10: 4.2848292 | M10: 4.8870613 | N10: 5.0407721 | O10: 5.321756 | P10: 4.1326109 | Q10: 4.2556073 | R10: 4.6566919 | S10: 4.8381951 | T10: 5.1310028 | U10: 5.0118373 | V10: 4.9900441 | W10: 4.9676571 | X10: 5.2447729 | Y10: 5.1600412 | Z10: 5.1181549 | AA10: 5.1979777 | AB10: 5.2469637 | AC10: 5.2085351 | AD10: 5.3922595 | AE10: 5.5893548 | AF10: 5.6941322 | AG10: 5.6485561 | AH10: 5.619708 | AI10: 5.4201087 | AJ10: 5.6622109 | AK10: 6.5677714
A11: Forestry | B11: 984.79253 | C11: 981.29029 | D11: 1007.3243 | E11: 1019.5047 | F11: 1019.9632 | G11: 1005.961 | H11: 1038.2549 | I11: 1066.1267 | J11: 1062.6702 | K11: 1066.9888 | L11: 1057.9922 | M11: 1093.5322 | N11: 1109.1312 | O11: 1126.6669 | P11: 1099.6134 | Q11: 1085.7133 | R11: 1083.9227 | S11: 1175.3485 | T11: 1152.8575 | U11: 1140.5843 | V11: 1137.6022 | W11: 1147.9013 | X11: 1210.4585 | Y11: 1201.4885 | Z11: 1183.9918 | AA11: 1196.5272 | AB11: 1240.4492 | AC11: 1224.2979 | AD11: 1247.1168 | AE11: 1230.9045 | AF11: 1166.2316 | AG11: 1351.1051 | AH11: 1293.3543 | AI11: 1293.731 | AJ11: 1253.9132 | AK11: 1320.2407
A12: Fishing | B12: 569.83523 | C12: 572.62945 | D12: 539.38738 | E12: 499.38037 | F12: 431.75251 | G12: 396.04648 | H12: 370.49491 | I12: 433.92671 | J12: 488.67725 | K12: 549.1588 | L12: 614.55176 | M12: 617.98779 | N12: 619.27329 | O12: 584.80921 | P12: 545.5323 | Q12: 524.32738 | R12: 543.79286 | S12: 568.27208 | T12: 480.64331 | U12: 477.5668 | V12: 559.81902 | W12: 501.45927 | X12: 490.89801 | Y12: 522.06593 | Z12: 365.64047 | AA12: 587.29431 | AB12: 680.0671 | AC12: 513.18199 | AD12: 409.22492 | AE12: 492.68719 | AF12: 596.23475 | AG12: 604.6641 | AH12: 414.70609 | AI12: 566.53112 | AJ12: 883.0307 | AK12: 622.73769
A13: INDUSTRY | B13: 6812.1301 | C13: 7078.34 | D13: 7247.1038 | E13: 7135.733 | F13: 7163.6811 | G13: 7241.3149 | H13: 7495.2933 | I13: 7721.5312 | J13: 7796.477 | K13: 7980.5639 | L13: 8224.0315 | M13: 8286.6614 | N13: 8567.4044 | O13: 8828.0564 | P13: 8499.6111 | Q13: 7471.4768 | R13: 8328.0138 | S13: 8706.93 | T13: 8727.6817 | U13: 8740.5984 | V13: 8308.6732 | W13: 9460.6047 | X13: 9267.3387 | Y13: 9301.8903 | Z13: 9268.2224 | AA13: 9248.2971 | AB13: 9347.9433 | AC13: 9819.9064 | AD13: 10084.098 | AE13: 9738.1849 | AF13: 9989.8716 | AG13: 9966.2093 | AH13: 10619.586 | AI13: 10501.944 | AJ13: 10725.481 | AK13: 10700.809
A14: Mining & quarrying | B14: 279.765 | C14: 345.33465 | D14: 337.99544 | E14: 382.86518 | F14: 308.74933 | G14: 272.39886 | H14: 310.51861 | I14: 391.81927 | J14: 375.24891 | K14: 317.80983 | L14: 430.33155 | M14: 380.45422 | N14: 418.82731 | O14: 543.53716 | P14: 504.53258 | Q14: 311.93472 | R14: 582.83907 | S14: 523.13445 | T14: 416.71616 | U14: 359.22975 | V14: 245.4625 | W14: 770.25646 | X14: 636.72247 | Y14: 647.11937 | Z14: 451.51323 | AA14: 367.95688 | AB14: 516.30468 | AC14: 966.84606 | AD14: 874.05026 | AE14: 725.98864 | AF14: 564.90121 | AG14: 230.29575 | AH14: 791.51081 | AI14: 798.20361 | AJ14: 574.92906 | AK14: 328.2063
A15: Manufacturing | B15: 4065.8566 | C15: 4165.8298 | D15: 4379.5688 | E15: 4251.5323 | F15: 4279.4962 | G15: 4337.2619 | H15: 4463.3926 | I15: 4554.5964 | J15: 4578.0095 | K15: 4723.9298 | L15: 4818.6456 | M15: 4863.7772 | N15: 5112.6988 | O15: 5135.744 | P15: 4787.6152 | Q15: 4188.1785 | R15: 4912.9928 | S15: 4858.6082 | T15: 4917.0044 | U15: 4958.7294 | V15: 4595.8598 | W15: 5207.646 | X15: 5310.0433 | Y15: 5286.6199 | Z15: 5291.9415 | AA15: 5309.1512 | AB15: 5244.0191 | AC15: 5191.6722 | AD15: 5521.2846 | AE15: 5249.3331 | AF15: 5503.2322 | AG15: 5748.1249 | AH15: 5853.7641 | AI15: 5673.2884 | AJ15: 5790.2535 | AK15: 5939.9376
A16: Electricity | B16: 327.73599 | C16: 340.23071 | D16: 358.64174 | E16: 353.05998 | F16: 363.39035 | G16: 366.1244 | H16: 364.51003 | I16: 359.78421 | J16: 363.71479 | K16: 364.8847 | L16: 371.61597 | M16: 389.61432 | N16: 409.11297 | O16: 421.27909 | P16: 434.97654 | Q16: 387.01275 | R16: 445.47513 | S16: 458.52697 | T16: 467.26491 | U16: 473.38245 | V16: 468.14565 | W16: 473.21131 | X16: 477.1158 | Y16: 484.11102 | Z16: 496.53801 | AA16: 510.64545 | AB16: 519.99775 | AC16: 536.18278 | AD16: 555.40561 | AE16: 553.13546 | AF16: 565.68302 | AG16: 573.06642 | AH16: 590.9511 | AI16: 611.24164 | AJ16: 642.08397 | AK16: 669.17518
... A33: Activities of Households | B33: 220.43897 | C33: 222.06195 | D33: 223.64342 | E33: 225.20851 | F33: 226.7584 | G33: 228.31978 | H33: 229.88197 | I33: 231.4605 | J33: 233.07104 | K33: 234.68902 | L33: 236.29328 | M33: 237.90254 | N33: 239.54168 | O33: 241.18786 | P33: 242.80297 | Q33: 244.41654 | R33: 246.06853 | S33: 247.74236 | T33: 249.44333 | U33: 251.15643 | V33: 252.87772 | W33: 254.60536 | X33: 256.32704 | Y33: 258.04406 | Z33: 259.77558 | AA33: 261.52403 | AB33: 263.33499 | AC33: 265.15717 | AD33: 266.96227 | AE33: 268.76284 | AF33: 270.60337 | AG33: 272.43764 | AH33: 274.24953 | AI33: 276.06399 | AJ33: 278.0006 | AK33: 279.94534
A35: ADJUSTMENTS
A36: Taxes on products | B36: 1883.6127 | C36: 1804.4505 | D36: 1968.6215 | E36: 1979.8334 | F36: 2011.4249 | G36: 1988.3105 | H36: 1958.6955 | I36: 2015.258 | J36: 1994.7694 | K36: 2050.3272 | L36: 2150.942 | M36: 2125.1221 | N36: 2208.3967 | O36: 2251.587 | P36: 2129.9909 | Q36: 1598.8292 | R36: 2125.599 | S36: 2156.9531 | T36: 2049.7184 | U36: 2369.0604 | V36: 2073.4323 | W36: 2357.2047 | X36: 2491.1073 | Y36: 2433.9488 | Z36: 2426.5932 | AA36: 2497.5123 | AB36: 2590.5617 | AC36: 2704.4794 | AD36: 2754.0437 | AE36: 2684.0639 | AF36: 2767.1507 | AG36: 2805.5516 | AH36: 3042.1217 | AI36: 2938.3201 | AJ36: 2918.3093 | AK36: 3027.2432
A37: Source: Uganda Bureau of Statistics

Sheet Deseason_Growth
A1: Table 7: SEASONALLY ADJUSTED Value Added at constant 2016/17 prices,PERCENTAGE CHANGE, 2016/17-2024/25 | B1: Table 7: SEASONALLY ADJUSTED Value Added at constant 2016/17 prices,PERCENTAGE CHANGE, 2016/17-2021/22
B3: 2016/17 | F3: 2017/18 | J3: 2018/19 | N3: 2019/20 | R3: 2020/21 | V3: 2021/22 | Z3: 2022/23 | AD3: 2023/24 | AH3: 2024/25
B4: Q1 | C4: Q2 | D4: Q3 | E4: Q4 | F4: Q1 | G4: Q2 | H4: Q3 | I4: Q4 | J4: Q1 | K4: Q2 | L4: Q3 | M4: Q4 | N4: Q1 | O4: Q2 | P4: Q3 | Q4: Q4 | R4: Q1 | S4: Q2 | T4: Q3 | U4: Q4 | V4: Q1 | W4: Q2 | X4: Q3 | Y4: Q4 | Z4: Q1 | AA4: Q2 | AB4: Q3 | AC4: Q4 | AD4: Q1 | AE4: Q2 | AF4: Q3 | AG4: Q4 | AH4: Q1 | AI4: Q2 | AJ4: Q3 | AK4: Q4
A5: GDP AT MARKET PRICES | B5: 0.87619308 | C5: 1.5931775 | D5: 2.9139819 | E5: 0.96334369 | F5: 1.4307407 | G5: 1.0441771 | H5: 2.2502616 | I5: 0.74169263 | J5: 1.7158838 | K5: 0.77225762 | L5: 4.5753613 | M5: -0.52996504 | N5: 2.8573288 | O5: 1.353194 | P5: -2.4257454 | Q5: -7.1002683 | R5: 7.5360867 | S5: 2.5659473 | T5: 0.55325037 | U5: 1.2169134 | V5: -1.9236884 | W5: 5.0426265 | X5: 2.006828 | Y5: 0.38506452 | Z5: 1.10105 | AA5: 0.89763029 | AB5: -0.084733752 | AC5: 3.1614723 | AD5: 1.6116488 | AE5: 1.2897253 | AF5: 0.87480378 | AG5: 1.7917958 | AH5: 2.2763312 | AI5: 0.42690223 | AJ5: 3.4517338 | AK5: -0.71936386
A6: AGRICULTURE,FORESTRY&FISHING | B6: -0.99441617 | C6: 4.1628812 | D6: 3.3828859 | E6: -0.50629336 | F6: 1.1223959 | G6: -1.3249101 | H6: 5.3874921 | I6: -3.2606952 | J6: 1.7015736 | K6: 0.076926163 | L6: 11.08389 | M6: -4.5746143 | N6: -0.10893226 | O6: 1.5782051 | P6: 2.1832621 | Q6: 1.8746865 | R6: -0.35981597 | S6: 3.4433719 | T6: -3.8395951 | U6: 1.564359 | V6: 3.4534836 | W6: -3.3472731 | X6: 5.2442651 | Y6: 5.1840726 | Z6: -3.9169779 | AA6: 4.8067191 | AB6: -1.4113062 | AC6: -1.5036515 | AD6: 3.4361812 | AE6: 1.4445944 | AF6: 2.1744916 | AG6: 3.2609458 | AH6: -0.45414079 | AI6: 2.3995299 | AJ6: 3.5161212 | AK6: -1.8424175
A7: Cash crops | B7: -14.194165 | C7: 41.254174 | D7: -7.8948782 | E7: 5.4001872 | F7: 2.8187586 | G7: -5.474549 | H7: -0.84786159 | I7: -0.19771891 | J7: 6.7936788 | K7: -0.38023755 | L7: -4.2567986 | M7: 10.39914 | N7: -2.6766513 | O7: 5.6719747 | P7: 4.7142111 | Q7: -4.9720248 | R7: 1.3229913 | S7: 11.523302 | T7: 4.4927381 | U7: 0.38427027 | V7: 3.737609 | W7: -2.1113162 | X7: -7.2061492 | Y7: 8.5272319 | Z7: -0.073439615 | AA7: -4.5346623 | AB7: 3.6227251 | AC7: 2.2503355 | AD7: 4.3045654 | AE7: 6.1693725 | AF7: 3.4526986 | AG7: -4.8034966 | AH7: 11.860106 | AI7: 0.17516313 | AJ7: 2.5850039 | AK7: -5.2484338
A8: Food crops | B8: -0.55853294 | C8: 0.88290561 | D8: 8.0490225 | E8: -1.5491574 | F8: 2.9657027 | G8: -0.19033181 | H8: 9.258791 | I8: -8.3395139 | J8: -0.042524296 | K8: -2.0882555 | L8: 20.228419 | M8: -11.274263 | N8: -0.61006972 | O8: 1.8536459 | P8: 4.4987747 | Q8: 4.9939207 | R8: -1.7899587 | S8: 0.82878725 | T8: -6.1274393 | U8: 2.7401141 | V8: 3.2431956 | W8: -5.3162215 | X8: 10.04585 | Y8: 6.8838054 | Z8: -4.0485524 | AA8: 3.9654048 | AB8: -7.1061227 | AC8: 0.54269681 | AD8: 7.0277432 | AE8: -0.73795609 | AF8: 1.9060991 | AG8: 2.5503761 | AH8: 1.2053707 | AI8: 0.64745486 | AJ8: -0.33016043 | AK8: 1.0036035
A9: Livestock | B9: 1.0614827 | C9: 2.3477729 | D9: 1.8233035 | E9: 1.6659657 | F9: 2.1099883 | G9: 0.89032827 | H9: 2.2100624 | I9: 1.2962824 | J9: 2.0342303 | K9: 1.934962 | L9: 1.6023153 | M9: 2.2378461 | N9: 1.833236 | O9: 1.9810362 | P9: 1.9663413 | Q9: 1.6199403 | R9: 1.7985801 | S9: 1.9893732 | T9: 2.1017746 | U9: 2.1268926 | V9: 1.9275545 | W9: 1.8325811 | X9: 2.0765839 | Y9: 2.3058952 | Z9: 2.2826452 | AA9: 1.9413567 | AB9: 2.7004382 | AC9: 0.99935508 | AD9: 1.9313372 | AE9: 2.1669978 | AF9: 1.9957678 | AG9: 2.1060389 | AH9: 1.9414394 | AI9: 2.2837702 | AJ9: 2.486766 | AK9: 1.8359095
A10: Agriculture Support Services | B10: 2.9966544 | C10: 0.58031865 | D10: 0.17621242 | E10: 1.495362 | F10: -1.8989271 | G10: -1.907376 | H10: -0.28600748 | I10: 5.7854576 | J10: 1.2428261 | K10: 1.9172408 | L10: -2.0626632 | M10: 14.054985 | N10: 3.1452609 | O10: 5.5742225 | P10: -22.344976 | Q10: 2.9762385 | R10: 9.4248509 | S10: 3.8976852 | T10: 6.052002 | U10: -2.3224589 | V10: -0.43483535 | W10: -0.44863246 | X10: 5.5784004 | Y10: -1.6155465 | Z10: -0.81174334 | AA10: 1.5596008 | AB10: 0.94240582 | AC10: -0.73239684 | AD10: 3.5273712 | AE10: 3.6551517 | AF10: 1.8745891 | AG10: -0.80040381 | AH10: -0.51071682 | AI10: -3.5517739 | AJ10: 4.4667407 | AK10: 15.993055
A11: Forestry | B11: 5.3183623 | C11: -0.35563209 | D11: 2.6530387 | E11: 1.2091824 | F11: 0.044978475 | G11: -1.3728141 | H11: 3.2102457 | I11: 2.684491 | J11: -0.32421412 | K11: 0.40638782 | L11: -0.84316949 | M11: 3.3591925 | N11: 1.4264723 | O11: 1.5810361 | P11: -2.4011992 | Q11: -1.2640895 | R11: -0.16492293 | S11: 8.434715 | T11: -1.9135648 | U11: -1.0645848 | V11: -0.26145233 | W11: 0.90532916 | X11: 5.4497016 | Y11: -0.74104205 | Z11: -1.4562513 | AA11: 1.0587423 | AB11: 3.6707889 | AC11: -1.3020485 | AD11: 1.8638355 | AE11: -1.2999811 | AF11: -5.2541014 | AG11: 15.852213 | AH11: -4.2743376 | AI11: 0.029129592 | AJ11: -3.0777485 | AK11: 5.289634
A12: Fishing | B12: -3.0909967 | C12: 0.49035477 | D12: -5.8051623 | E12: -7.4171196 | F12: -13.542355 | G12: -8.2700237 | H12: -6.4516597 | I12: 17.120831 | J12: 12.617462 | K12: 12.376585 | L12: 11.90784 | M12: 0.55911225 | N12: 0.20801407 | O12: -5.5652466 | P12: -6.7161923 | Q12: -3.8870141 | R12: 3.7124669 | S12: 4.5015715 | T12: -15.420215 | U12: -0.64008155 | V12: 17.223186 | W12: -10.424752 | X12: -2.1061063 | Y12: 6.3491651 | Z12: -29.962779 | AA12: 60.620709 | AB12: 15.796643 | AC12: -24.539506 | AD12: -20.25735 | AE12: 20.395207 | AF12: 21.016897 | AG12: 1.4137631 | AH12: -31.41546 | AI12: 36.610274 | AJ12: 55.866229 | AK12: -29.477233
A13: INDUSTRY | B13: 3.3995821 | C13: 3.9078798 | D13: 2.3842292 | E13: -1.5367635 | F13: 0.39166429 | G13: 1.083713 | H13: 3.5073531 | I13: 3.0183987 | J13: 0.97060796 | K13: 2.3611555 | L13: 3.0507569 | M13: 0.76154701 | N13: 3.387891 | O13: 3.0423682 | P13: -3.720471 | Q13: -12.096251 | R13: 11.464092 | S13: 4.5498983 | T13: 0.23833554 | U13: 0.14799667 | V13: -4.9415974 | W13: 13.864206 | X13: -2.0428512 | Y13: 0.37283215 | Z13: -0.36194662 | AA13: -0.21498476 | AB13: 1.0774537 | AC13: 5.0488448 | AD13: 2.6903702 | AE13: -3.4302854 | AF13: 2.5845337 | AG13: -0.23686276 | AH13: 6.5559178 | AI13: -1.1077822 | AJ13: 2.1285301 | AK13: -0.23002937
A14: Mining & quarrying | B14: 25.55868 | C14: 23.437405 | D14: -2.1252477 | E14: 13.27525 | F14: -19.358209 | G14: -11.77346 | H14: 13.994096 | I14: 26.182217 | J14: -4.229082 | K14: -15.306928 | L14: 35.405361 | M14: -11.590442 | N14: 10.086125 | O14: 29.775959 | P14: -7.1760656 | Q14: -38.173522 | R14: 86.846486 | S14: -10.243758 | T14: -20.342436 | U14: -13.795099 | V14: -31.669773 | W14: 213.79801 | X14: -17.336302 | Y14: 1.6328779 | Z14: -30.227212 | AA14: -18.505848 | AB14: 40.316627 | AC14: 87.262696 | AD14: -9.5977847 | AE14: -16.939714 | AF14: -22.188699 | AG14: -59.232562 | AH14: 243.69319 | AI14: 0.84557239 | AJ14: -27.972129 | AK14: -42.9136
A15: Manufacturing | B15: -1.4171053 | C15: 2.4588454 | D15: 5.1307682 | E15: -2.923496 | F15: 0.65773642 | G15: 1.3498249 | H15: 2.9080713 | I15: 2.043375 | J15: 0.5140547 | K15: 3.1874172 | L15: 2.0050225 | M15: 0.93660306 | N15: 5.1178646 | O15: 0.45074541 | P15: -6.7785463 | Q15: -12.520571 | R15: 17.306196 | S15: -1.1069559 | T15: 1.2019122 | U15: 0.8485853 | V15: -7.3177927 | W15: 13.311681 | X15: 1.9662863 | Y15: -0.44111429 | Z15: 0.10066247 | AA15: 0.32520558 | AB15: -1.2267907 | AC15: -0.99822046 | AD15: 6.3488673 | AE15: -4.9255111 | AF15: 4.8367885 | AG15: 4.4499789 | AH15: 1.8378034 | AI15: -3.0830714 | AJ15: 2.0616813 | AK15: 2.5851033
A16: Electricity | B16: 1.416532 | C16: 3.8124327 | D16: 5.411337 | E16: -1.5563621 | F16: 2.9259556 | G16: 0.75237217 | H16: -0.44093515 | I16: -1.296486 | J16: 1.092482 | K16: 0.32165612 | L16: 1.8447665 | M16: 4.8432657 | N16: 5.0046045 | O16: 2.9737786 | P16: 3.2513967 | Q16: -11.026754 | R16: 15.106061 | S16: 2.9298696 | T16: 1.9056531 | U16: 1.3092249 | V16: -1.1062525 | W16: 1.0820703 | X16: 0.82510503 | Y16: 1.466146 | Z16: 2.5669714 | AA16: 2.8411604 | AB16: 1.831467 | AC16: 3.1125189 | AD16: 3.5851258 | AE16: -0.40873826 | AF16: 2.2684433 | AG16: 1.3052189 | AH16: 3.1208729 | AI16: 3.433541 | AJ16: 5.0458477 | AK16: 4.2192634
... A33: Activities of Households | B33: 0.75684686 | C33: 0.73624595 | D33: 0.71217461 | E33: 0.69981772 | F33: 0.68820169 | G33: 0.68856689 | H33: 0.68420752 | I33: 0.6866716 | J33: 0.69581685 | K33: 0.69419964 | L33: 0.68356901 | M33: 0.68104124 | N33: 0.68899756 | O33: 0.68722175 | P33: 0.66964877 | Q33: 0.6645579 | R33: 0.67589253 | S33: 0.68023004 | T33: 0.68658588 | U33: 0.68676901 | V33: 0.68534699 | W33: 0.68319259 | X33: 0.67621525 | Y33: 0.66985567 | Z33: 0.6710152 | AA33: 0.67306075 | AB33: 0.69246739 | AC33: 0.69196164 | AD33: 0.68076521 | AE33: 0.67446585 | AF33: 0.68481418 | AG33: 0.6778454 | AH33: 0.66506615 | AI33: 0.66160882 | AJ33: 0.70151028 | AK33: 0.69954535
A35: ADJUSTMENT
A36: Taxes on products | B36: 5.831724 | C36: -4.2026806 | D36: 9.0981175 | E36: 0.56953032 | F36: 1.5956654 | G36: -1.1491553 | H36: -1.4894594 | I36: 2.8877657 | J36: -1.0166725 | K36: 2.7851756 | L36: 4.9072539 | M36: -1.2003978 | N36: 3.9185758 | O36: 1.9557344 | P36: -5.4004617 | Q36: -24.937279 | R36: 32.947225 | S36: 1.4750717 | T36: -4.9715851 | U36: 15.579799 | V36: -12.478705 | W36: 13.686116 | X36: 5.6805685 | Y36: -2.2944997 | Z36: -0.30221041 | AA36: 2.9225789 | AB36: 3.7256835 | AC36: 4.3974127 | AD36: 1.8326746 | AE36: -2.5409823 | AF36: 3.0955579 | AG36: 1.3877412 | AH36: 8.4322146 | AI36: -3.4121461 | AJ36: -0.68102724 | AK36: 3.7327757
A37: Source: Uganda Bureau of Statistics

Sheet Deseason_Growth_Decomp
A1: Table 8: SEASONALLY ADJUSTED Value Added at constant 2016/17 prices, DECOMPOSITION OF GROWTH, 2016/17-2024/25 | B1: Table 8: SEASONALLY ADJUSTED Value Added at constant 2016/17 prices, DECOMPOSITION OF GROWTH, 2016/17-2021/22
J2: 2018/19
B3: 2016/17 | F3: 2017/18 | J3: 2018/19 | N3: 2019/20 | R3: 2020/21 | V3: 2021/22 | Z3: 2022/23 | AD3: 2023/24 | AH3: 2024/25
B4: Q1 | C4: Q2 | D4: Q3 | E4: Q4 | F4: Q1 | G4: Q2 | H4: Q3 | I4: Q4 | J4: Q1 | K4: Q2 | L4: Q3 | M4: Q4 | N4: Q1 | O4: Q2 | P4: Q3 | Q4: Q4 | R4: Q1 | S4: Q2 | T4: Q3 | U4: Q4 | V4: Q1 | W4: Q2 | X4: Q3 | Y4: Q4 | Z4: Q1 | AA4: Q2 | AB4: Q3 | AC4: Q4 | AD4: Q1 | AE4: Q2 | AF4: Q3 | AG4: Q4 | AH4: Q1 | AI4: Q2 | AJ4: Q3 | AK4: Q4
A5: GDP AT MARKET PRICES | B5: 0.87619308 | C5: 1.5931775 | D5: 2.9139819 | E5: 0.96334369 | F5: 1.4307407 | G5: 1.0441771 | H5: 2.2502616 | I5: 0.74169263 | J5: 1.7158838 | K5: 0.77225762 | L5: 4.5753613 | M5: -0.52996504 | N5: 2.8573288 | O5: 1.353194 | P5: -2.4257454 | Q5: -7.1002683 | R5: 7.5360867 | S5: 2.5659473 | T5: 0.55325037 | U5: 1.2169134 | V5: -1.9236884 | W5: 5.0426265 | X5: 2.006828 | Y5: 0.38506452 | Z5: 1.10105 | AA5: 0.89763029 | AB5: -0.084733752 | AC5: 3.1614723 | AD5: 1.6116488 | AE5: 1.2897253 | AF5: 0.87480378 | AG5: 1.7917958 | AH5: 2.2763312 | AI5: 0.42690223 | AJ5: 3.4517338 | AK5: -0.71936386
A6: AGRICULTURE,FORESTRY&FISHING | B6: -0.23445582 | C6: 0.96329179 | D6: 0.80260089 | E6: -0.12066707 | F6: 0.2636116 | G6: -0.31022915 | H6: 1.2319103 | I6: -0.76847063 | J6: 0.38508937 | K6: 0.017406993 | L6: 2.4907772 | M6: -1.0919905 | N6: -0.024945518 | O6: 0.35098688 | P6: 0.48662723 | Q6: 0.43758628 | R6: -0.092101628 | S6: 0.81667846 | T6: -0.91844271 | U6: 0.35785183 | V6: 0.79270655 | W6: -0.8104518 | X6: 1.1683399 | Y6: 1.1915845 | Z6: -0.94337809 | AA6: 1.100207 | AB6: -0.33554831 | AC6: -0.35275751 | AD6: 0.76967562 | AE6: 0.3293871 | AF6: 0.49657164 | AG6: 0.75427121 | AH6: -0.10656088 | AI6: 0.54800119 | AJ6: 0.8187797 | AK6: -0.42930061
A7: Cash crops | B7: -0.31793846 | C7: 0.78601216 | D7: -0.2091431 | E7: 0.12803135 | F7: 0.069765876 | G7: -0.13735241 | H7: -0.019899875 | I7: -0.004499987 | J7: 0.15317902 | K7: -0.0090013168 | L7: -0.099618193 | M7: 0.2228084 | N7: -0.063650137 | O7: 0.12762144 | P7: 0.11059125 | Q7: -0.12517437 | R7: 0.034070313 | S7: 0.27960817 | T7: 0.11853495 | U7: 0.010535669 | V7: 0.1016323 | W7: -0.060724409 | X7: -0.19314354 | Y7: 0.2079098 | Z7: -0.0019358286 | AA7: -0.11814266 | AB7: 0.089302149 | AC7: 0.057530343 | AD7: 0.10907525 | AE7: 0.16047143 | AF7: 0.094134591 | AG7: -0.13430964 | AH7: 0.31013193 | AI7: 0.0050095729 | AJ7: 0.073744425 | AK7: -0.14847175
A8: Food crops | B8: -0.069668143 | C8: 0.10856218 | D8: 0.98278939 | E8: -0.19859089 | F8: 0.37072093 | G8: -0.024152043 | H8: 1.1605346 | I8: -1.1169571 | J8: -0.0051821002 | K8: -0.25007992 | L8: 2.353699 | M8: -1.508186 | N8: -0.072795337 | O8: 0.21372632 | P8: 0.52127227 | Q8: 0.61970923 | R8: -0.25103775 | S8: 0.10615507 | T8: -0.77153931 | U8: 0.32209963 | V8: 0.3869739 | W8: -0.66774235 | X8: 1.1373721 | Y8: 0.84079259 | Z8: -0.52650543 | AA8: 0.48942538 | AB8: -0.90373176 | AC8: 0.064168125 | AD8: 0.80986189 | AE8: -0.089573279 | AF8: 0.22673118 | AG8: 0.30646965 | AH8: 0.14592455 | AI8: 0.077561401 | AJ8: -0.039638197 | AK8: 0.11608525
A9: Livestock | B9: 0.032181057 | C9: 0.071308362 | D9: 0.055790107 | E9: 0.050435587 | F9: 0.064322503 | G9: 0.027323208 | H9: 0.067721146 | I9: 0.039705313 | J9: 0.062651774 | K9: 0.059780951 | L9: 0.050074951 | M9: 0.067948049 | N9: 0.057211665 | O9: 0.061208667 | P9: 0.061130984 | Q9: 0.052628754 | R9: 0.063917288 | S9: 0.066925604 | T9: 0.070309485 | U9: 0.072245451 | V9: 0.066063055 | W9: 0.065274368 | X9: 0.071705112 | Y9: 0.079677754 | Z9: 0.080383609 | AA9: 0.069164097 | AB9: 0.097202862 | AC9: 0.036974736 | AD9: 0.069959135 | AE9: 0.078742467 | AF9: 0.073148562 | AG9: 0.078047973 | AH9: 0.072170169 | AI9: 0.084617837 | AJ9: 0.093842828 | AK9: 0.068635288
A10: Agriculture Support Services | B10: 0.00045389143 | C10: 8.9746243e-05 | D10: 2.6979552e-05 | E10: 0.00022286136 | F10: -0.00028449798 | G10: -0.00027638304 | H10: -4.0232546e-05 | I10: 0.00079365091 | J10: 0.00017902715 | K10: 0.00027489109 | L10: -0.00029910178 | M10: 0.0019087102 | N10: 0.0004897656 | O10: 0.00087042216 | P10: -0.0036345109 | Q10: 0.00038527261 | R10: 0.001352376 | S10: 0.00056910377 | T10: 0.00089513068 | U10: -0.00036229153 | V10: -6.5460092e-05 | W10: -6.856236e-05 | X10: 0.00080795356 | Y10: -0.00024218209 | Z10: -0.00011926106 | AA10: 0.00022480087 | AB10: 0.00013672959 | AC10: -0.00010735266 | AD10: 0.00049751652 | AE10: 0.00052525893 | AF10: 0.00027567641 | AG10: -0.00011887372 | AH10: -7.3918644e-05 | AI10: -0.00050005791 | AJ10: 0.0006039624 | AK10: 0.0021836894
A11: Forestry | B11: 0.18993268 | C11: -0.013259835 | D11: 0.09702172 | E11: 0.044107723 | F11: 0.0016446888 | G11: -0.04951268 | H11: 0.11301298 | I11: 0.095391657 | J11: -0.011742917 | K11: 0.014423997 | L11: -0.029818115 | M11: 0.11264021 | N11: 0.049702559 | O11: 0.054321688 | P11: -0.08268655 | Q11: -0.043540532 | R11: -0.006037507 | S11: 0.28666583 | T11: -0.068756512 | U11: -0.037313308 | V11: -0.0089572504 | W11: 0.031541883 | X11: 0.18239057 | Y11: -0.025638264 | Z11: -0.049817589 | AA11: 0.035302872 | AB11: 0.12259482 | AC11: -0.045119516 | AD11: 0.061792455 | AE11: -0.043205737 | AF11: -0.1701589 | AG11: 0.48219626 | AH11: -0.14797703 | AI11: 0.00094387207 | AJ11: -0.099331796 | AK11: 0.15994347
A12: Fishing | B12: -0.069416838 | C12: 0.010579183 | D12: -0.1238842 | E12: -0.14487371 | F12: -0.24255791 | G12: -0.12625884 | H12: -0.089418318 | I12: 0.21709586 | J12: 0.18600457 | K12: 0.20200839 | L12: 0.21673867 | M12: 0.010890142 | N12: 0.0040959667 | O12: -0.10676166 | P12: -0.12004621 | Q12: -0.06642208 | R12: 0.06563365 | S12: 0.076754678 | T12: -0.26788646 | U12: -0.0093533266 | V12: 0.24706 | W12: -0.17873272 | X12: -0.030792224 | Y12: 0.089084829 | Z12: -0.44538359 | AA12: 0.62423249 | AB12: 0.2589469 | AC12: -0.46620385 | AD12: -0.28151063 | AE12: 0.22242696 | AF12: 0.27244054 | AG12: 0.02198584 | AH12: -0.48673657 | AI12: 0.38036857 | AJ12: 0.78955848 | AK12: -0.62767655
A13: INDUSTRY | B13: 0.85540306 | C13: 1.007898 | D13: 0.62893725 | E13: -0.40329703 | F13: 0.1002403 | G13: 0.27451794 | H13: 0.88880363 | I13: 0.77430079 | J13: 0.25461413 | K13: 0.61485036 | L13: 0.80695001 | M13: 0.19849866 | N13: 0.89452573 | O13: 0.8074388 | P13: -1.0038623 | Q13: -3.2205181 | R13: 2.888069 | S13: 1.1880927 | T13: 0.063439225 | U13: 0.039269804 | V13: -1.2973684 | W13: 3.5279088 | X13: -0.56348289 | Y13: 0.098756174 | Z13: -0.095861119 | AA13: -0.056114515 | AB13: 0.27813173 | AC13: 1.3184582 | AD13: 0.71541845 | AE13: -0.92185916 | AF13: 0.6622044 | AG13: -0.061717148 | AH13: 1.6741712 | AI13: -0.29472922 | AJ13: 0.55764867 | AK13: -0.059494039
A14: Mining & quarrying | B14: 0.21750346 | C14: 0.24825348 | D14: -0.027351276 | E14: 0.16248268 | F14: -0.26582806 | G14: -0.12853764 | H14: 0.13340098 | I14: 0.27825215 | J14: -0.056294649 | K14: -0.19184652 | L14: 0.37294245 | M14: -0.15808085 | N14: 0.12226737 | O14: 0.3863219 | P14: -0.11921387 | Q14: -0.60329168 | R14: 0.91343449 | S14: -0.18720401 | T14: -0.32532714 | U14: -0.17477248 | V14: -0.34172131 | W14: 1.6072354 | X14: -0.38932915 | Y14: 0.029716643 | Z14: -0.55694108 | AA14: -0.23531552 | AB14: 0.41406759 | AC14: 1.2586152 | AD14: -0.25128646 | AE14: -0.39458423 | AF14: -0.42383179 | AG14: -0.87273455 | AH14: 1.4380225 | AI14: 0.016767522 | AJ14: -0.55699382 | AK14: -0.59495293
A15: Manufacturing | B15: -0.22322032 | C15: 0.37850858 | D15: 0.79654772 | E15: -0.46364691 | F15: 0.10029682 | G15: 0.20426327 | H15: 0.44139722 | I15: 0.31214589 | J15: 0.079541625 | K15: 0.48737366 | L15: 0.31392662 | M15: 0.14303972 | N15: 0.79313347 | O15: 0.071388801 | P15: -1.0640231 | Q15: -1.87767 | R15: 2.443927 | S15: -0.17052327 | T15: 0.17852072 | U15: 0.12685395 | V15: -1.0899468 | W15: 1.8736581 | X15: 0.29854742 | Y15: -0.066949147 | Z15: 0.015152085 | AA15: 0.048466775 | AB15: -0.18179657 | AC15: -0.14623422 | AD15: 0.89257406 | AE15: -0.72475076 | AF15: 0.66802556 | AG15: 0.63874122 | AH15: 0.27068341 | AI15: -0.45214739 | AJ15: 0.29178809 | AK15: 0.36095152
A16: Electricity | B16: 0.017483279 | C16: 0.047306277 | D16: 0.068612932 | E16: -0.020212731 | F16: 0.037051518 | G16: 0.0096677698 | H16: -0.0056495296 | I16: -0.016174161 | J16: 0.013353393 | K16: 0.0039075021 | L16: 0.022310151 | M16: 0.057043839 | N16: 0.062128158 | O16: 0.037687772 | P16: 0.04186499 | Q16: -0.15024132 | R16: 0.19712329 | S16: 0.040924084 | T16: 0.026712389 | U16: 0.018598817 | V16: -0.015729729 | W16: 0.01551412 | X16: 0.011383858 | Y16: 0.019993871 | Z16: 0.035382845 | AA16: 0.039730072 | AB16: 0.026104099 | AC16: 0.045213877 | AD16: 0.052054468 | AE16: -0.0060499642 | AF16: 0.033013478 | AG16: 0.019257755 | AH16: 0.045826577 | AI16: 0.050834085 | AJ16: 0.076941074 | AK16: 0.065328375
... A33: Activities of Households | B33: 0.0063241614 | C33: 0.0061447431 | D33: 0.0058937067 | E33: 0.0056675395 | F33: 0.0055589186 | G33: 0.0055211521 | H33: 0.0054668894 | I33: 0.0054025458 | J33: 0.0054715082 | K33: 0.0054040473 | L33: 0.0053171706 | M33: 0.0051003604 | N33: 0.005222766 | O33: 0.0050994878 | P33: 0.0049364376 | Q33: 0.0050543198 | R33: 0.0055701856 | S33: 0.0052483053 | T33: 0.0051999498 | U33: 0.0052082338 | V33: 0.005170227 | W33: 0.0052910808 | X33: 0.0050196983 | Y33: 0.0049076268 | Z33: 0.0049300689 | AA33: 0.0049240639 | AB33: 0.0050547659 | AC33: 0.0050903644 | AD33: 0.0048881157 | AE33: 0.0047985177 | AF33: 0.0048425467 | AG33: 0.0047842405 | AH33: 0.0046426754 | AI33: 0.00454578 | AJ33: 0.0048311994 | AK33: 0.0046895915
A35: ADJUSTMENTS
A36: Taxes on products | B36: 0.39641842 | C36: -0.29971635 | D36: 0.61182103 | E36: 0.040600612 | F36: 0.11330791 | G36: -0.081734 | H36: -0.10363866 | I36: 0.19358573 | J36: -0.069606046 | K36: 0.18556315 | L36: 0.33347799 | M36: -0.081833286 | N36: 0.26533587 | O36: 0.13379366 | P36: -0.37164712 | Q36: -1.6638061 | R36: 1.776161 | S36: 0.098310902 | T36: -0.32782313 | U36: 0.9708764 | V36: -0.88797442 | W36: 0.86908199 | X36: 0.39040395 | Y36: -0.1633715 | Z36: -0.020943421 | AA36: 0.19972586 | AB36: 0.259719 | AC36: 0.3182361 | AD36: 0.1342177 | AE36: -0.18649608 | AF36: 0.21860679 | AG36: 0.1001591 | AH36: 0.60617257 | AI36: -0.26005514 | AJ36: -0.04992002 | AK36: 0.26268581
A37: Source: Uganda Bureau of Statistics

Sheet Deseason
X1: Table 11: SEASONALLY ADJUSTED Value Added at constant 2009/10 prices, IMPLICIT PRICE DEFLATORS, 2013/14-2017/18
B2: 2008Q1 | C2: 2008Q2 | D2: 2008Q3 | E2: 2008Q4 | F2: 2009Q1 | G2: 2009Q2 | H2: 2009Q3 | I2: 2009Q4 | J2: 2010Q1 | K2: 2010Q2 | L2: 2010Q3 | M2: 2010Q4 | N2: 2011Q1 | O2: 2011Q2 | P2: 2011Q3 | Q2: 2011Q4 | R2: 2012Q1 | S2: 2012Q2 | T2: 2012Q3 | U2: 2012Q4 | V2: 2013Q1 | W2: 2013Q2 | X2: 2013Q3 | Y2: 2013Q4 | Z2: 2014Q1 | AA2: 2014Q2 | AB2: 2014Q3 | AC2: 2014Q4 | AD2: 2015Q1 | AE2: 2015Q2 | AF2: 2015Q3
B3: 2007/08 | D3: 2008/09 | H3: 2009/10 | L3: 2010/11 | P3: 2011/12 | U3: 2012/13 | X3: 2013/14 | AB3: 2014/15 | AF3: 2015/16 | AJ3: 2016/17 | AN3: 2017/18
A4: ACTIVITY | B4: Q3 | C4: Q4 | D4: Q1 | E4: Q2 | F4: Q3 | G4: Q4 | H4: Q1 | I4: Q2 | J4: Q3 | K4: Q4 | L4: Q1 | M4: Q2 | N4: Q3 | O4: Q4 | P4: Q1 | Q4: Q2 | R4: Q3 | S4: Q4 | T4: Q1 | U4: Q2 | V4: Q3 | W4: Q4 | X4: Q1 | Y4: Q2 | Z4: Q3 | AA4: Q4 | AB4: Q1 | AC4: Q2 | AD4: Q3 | AE4: Q4 | AF4: Q1 | AG4: Q2 | AH4: Q3 | AI4: Q4 | AJ4: Q1 | AK4: Q2 | AL4: Q3 | AM4: Q4 | AN4: Q1 | AO4: Q2 | AP4: Q3 | AQ4: Q4
A5: GDP AT MARKET PRICES | B5: =#REF!/Deseason_VA!#REF!*100 -> #REF! | C5: =#REF!/Deseason_VA!#REF!*100 -> #REF! | D5: =#REF!/Deseason_VA!#REF!*100 -> #REF! | E5: =#REF!/Deseason_VA!#REF!*100 -> #REF! | F5: =#REF!/Deseason_VA!#REF!*100 -> #REF! | G5: =#REF!/Deseason_VA!#REF!*100 -> #REF! | H5: =#REF!/Deseason_VA!#REF!*100 -> #REF! | I5: =#REF!/Deseason_VA!#REF!*100 -> #REF! | ... AI5: =#REF!/Deseason_VA!#REF!*100 -> #REF! | AJ5: =#REF!/Deseason_VA!B5*100 -> #REF! | AK5: =#REF!/Deseason_VA!C5*100 -> #REF! | AL5: =#REF!/Deseason_VA!D5*100 -> #REF! | AM5: =#REF!/Deseason_VA!E5*100 -> #REF! | AN5: =#REF!/Deseason_VA!F5*100 -> #REF! | AO5: =#REF!/Deseason_VA!G5*100 -> #REF! | AP5: =#REF!/Deseason_VA!H5*100 -> #REF! | AQ5: =#REF!/Deseason_VA!I5*100 -> #REF!
A6: AGRICULTURE,FORESTRY&FISHING | B6: =#REF!/Deseason_VA!#REF!*100 -> #REF! | C6: =#REF!/Deseason_VA!#REF!*100 -> #REF! | D6: =#REF!/Deseason_VA!#REF!*100 -> #REF! | E6: =#REF!/Deseason_VA!#REF!*100 -> #REF! | F6: =#REF!/Deseason_VA!#REF!*100 -> #REF! | G6: =#REF!/Deseason_VA!#REF!*100 -> #REF! | H6: =#REF!/Deseason_VA!#REF!*100 -> #REF! | I6: =#REF!/Deseason_VA!#REF!*100 -> #REF! | ... AI6: =#REF!/Deseason_VA!#REF!*100 -> #REF! | AJ6: =#REF!/Deseason_VA!B6*100 -> #REF! | AK6: =#REF!/Deseason_VA!C6*100 -> #REF! | AL6: =#REF!/Deseason_VA!D6*100 -> #REF! | AM6: =#REF!/Deseason_VA!E6*100 -> #REF! | AN6: =#REF!/Deseason_VA!F6*100 -> #REF! | AO6: =#REF!/Deseason_VA!G6*100 -> #REF! | AP6: =#REF!/Deseason_VA!H6*100 -> #REF! | AQ6: =#REF!/Deseason_VA!I6*100 -> #REF!
A7: Cash crops | B7: =#REF!/Deseason_VA!#REF!*100 -> #REF! | C7: =#REF!/Deseason_VA!#REF!*100 -> #REF! | D7: =#REF!/Deseason_VA!#REF!*100 -> #REF! | E7: =#REF!/Deseason_VA!#REF!*100 -> #REF! | F7: =#REF!/Deseason_VA!#REF!*100 -> #REF! | G7: =#REF!/Deseason_VA!#REF!*100 -> #REF! | H7: =#REF!/Deseason_VA!#REF!*100 -> #REF! | I7: =#REF!/Deseason_VA!#REF!*100 -> #REF! | ... AI7: =#REF!/Deseason_VA!#REF!*100 -> #REF! | AJ7: =#REF!/Deseason_VA!B7*100 -> #REF! | AK7: =#REF!/Deseason_VA!C7*100 -> #REF! | AL7: =#REF!/Deseason_VA!D7*100 -> #REF! | AM7: =#REF!/Deseason_VA!E7*100 -> #REF! | AN7: =#REF!/Deseason_VA!F7*100 -> #REF! | AO7: =#REF!/Deseason_VA!G7*100 -> #REF! | AP7: =#REF!/Deseason_VA!H7*100 -> #REF! | AQ7: =#REF!/Deseason_VA!I7*100 -> #REF!
A8: Food crops | B8: =#REF!/Deseason_VA!#REF!*100 -> #REF! | C8: =#REF!/Deseason_VA!#REF!*100 -> #REF! | D8: =#REF!/Deseason_VA!#REF!*100 -> #REF! | E8: =#REF!/Deseason_VA!#REF!*100 -> #REF! | F8: =#REF!/Deseason_VA!#REF!*100 -> #REF! | G8: =#REF!/Deseason_VA!#REF!*100 -> #REF! | H8: =#REF!/Deseason_VA!#REF!*100 -> #REF! | I8: =#REF!/Deseason_VA!#REF!*100 -> #REF! | ... AI8: =#REF!/Deseason_VA!#REF!*100 -> #REF! | AJ8: =#REF!/Deseason_VA!B8*100 -> #REF! | AK8: =#REF!/Deseason_VA!C8*100 -> #REF! | AL8: =#REF!/Deseason_VA!D8*100 -> #REF! | AM8: =#REF!/Deseason_VA!E8*100 -> #REF! | AN8: =#REF!/Deseason_VA!F8*100 -> #REF! | AO8: =#REF!/Deseason_VA!G8*100 -> #REF! | AP8: =#REF!/Deseason_VA!H8*100 -> #REF! | AQ8: =#REF!/Deseason_VA!I8*100 -> #REF!
A9: Livestock | B9: =#REF!/Deseason_VA!#REF!*100 -> #REF! | C9: =#REF!/Deseason_VA!#REF!*100 -> #REF! | D9: =#REF!/Deseason_VA!#REF!*100 -> #REF! | E9: =#REF!/Deseason_VA!#REF!*100 -> #REF! | F9: =#REF!/Deseason_VA!#REF!*100 -> #REF! | G9: =#REF!/Deseason_VA!#REF!*100 -> #REF! | H9: =#REF!/Deseason_VA!#REF!*100 -> #REF! | I9: =#REF!/Deseason_VA!#REF!*100 -> #REF! | ... AI9: =#REF!/Deseason_VA!#REF!*100 -> #REF! | AJ9: =#REF!/Deseason_VA!B9*100 -> #REF! | AK9: =#REF!/Deseason_VA!C9*100 -> #REF! | AL9: =#REF!/Deseason_VA!D9*100 -> #REF! | AM9: =#REF!/Deseason_VA!E9*100 -> #REF! | AN9: =#REF!/Deseason_VA!F9*100 -> #REF! | AO9: =#REF!/Deseason_VA!G9*100 -> #REF! | AP9: =#REF!/Deseason_VA!H9*100 -> #REF! | AQ9: =#REF!/Deseason_VA!I9*100 -> #REF!
A10: Agriculture Support Services | B10: =#REF!/Deseason_VA!#REF!*100 -> #REF! | C10: =#REF!/Deseason_VA!#REF!*100 -> #REF! | D10: =#REF!/Deseason_VA!#REF!*100 -> #REF! | E10: =#REF!/Deseason_VA!#REF!*100 -> #REF! | F10: =#REF!/Deseason_VA!#REF!*100 -> #REF! | G10: =#REF!/Deseason_VA!#REF!*100 -> #REF! | H10: =#REF!/Deseason_VA!#REF!*100 -> #REF! | I10: =#REF!/Deseason_VA!#REF!*100 -> #REF! | ... AI10: =#REF!/Deseason_VA!#REF!*100 -> #REF! | AJ10: =#REF!/Deseason_VA!B10*100 -> #REF! | AK10: =#REF!/Deseason_VA!C10*100 -> #REF! | AL10: =#REF!/Deseason_VA!D10*100 -> #REF! | AM10: =#REF!/Deseason_VA!E10*100 -> #REF! | AN10: =#REF!/Deseason_VA!F10*100 -> #REF! | AO10: =#REF!/Deseason_VA!G10*100 -> #REF! | AP10: =#REF!/Deseason_VA!H10*100 -> #REF! | AQ10: =#REF!/Deseason_VA!I10*100 -> #REF!
A11: Forestry | B11: =#REF!/Deseason_VA!#REF!*100 -> #REF! | C11: =#REF!/Deseason_VA!#REF!*100 -> #REF! | D11: =#REF!/Deseason_VA!#REF!*100 -> #REF! | E11: =#REF!/Deseason_VA!#REF!*100 -> #REF! | F11: =#REF!/Deseason_VA!#REF!*100 -> #REF! | G11: =#REF!/Deseason_VA!#REF!*100 -> #REF! | H11: =#REF!/Deseason_VA!#REF!*100 -> #REF! | I11: =#REF!/Deseason_VA!#REF!*100 -> #REF! | ... AI11: =#REF!/Deseason_VA!#REF!*100 -> #REF! | AJ11: =#REF!/Deseason_VA!B11*100 -> #REF! | AK11: =#REF!/Deseason_VA!C11*100 -> #REF! | AL11: =#REF!/Deseason_VA!D11*100 -> #REF! | AM11: =#REF!/Deseason_VA!E11*100 -> #REF! | AN11: =#REF!/Deseason_VA!F11*100 -> #REF! | AO11: =#REF!/Deseason_VA!G11*100 -> #REF! | AP11: =#REF!/Deseason_VA!H11*100 -> #REF! | AQ11: =#REF!/Deseason_VA!I11*100 -> #REF!
A12: Fishing | B12: =#REF!/Deseason_VA!#REF!*100 -> #REF! | C12: =#REF!/Deseason_VA!#REF!*100 -> #REF! | D12: =#REF!/Deseason_VA!#REF!*100 -> #REF! | E12: =#REF!/Deseason_VA!#REF!*100 -> #REF! | F12: =#REF!/Deseason_VA!#REF!*100 -> #REF! | G12: =#REF!/Deseason_VA!#REF!*100 -> #REF! | H12: =#REF!/Deseason_VA!#REF!*100 -> #REF! | I12: =#REF!/Deseason_VA!#REF!*100 -> #REF! | ... AI12: =#REF!/Deseason_VA!#REF!*100 -> #REF! | AJ12: =#REF!/Deseason_VA!B12*100 -> #REF! | AK12: =#REF!/Deseason_VA!C12*100 -> #REF! | AL12: =#REF!/Deseason_VA!D12*100 -> #REF! | AM12: =#REF!/Deseason_VA!E12*100 -> #REF! | AN12: =#REF!/Deseason_VA!F12*100 -> #REF! | AO12: =#REF!/Deseason_VA!G12*100 -> #REF! | AP12: =#REF!/Deseason_VA!H12*100 -> #REF! | AQ12: =#REF!/Deseason_VA!I12*100 -> #REF!
A13: INDUSTRY | B13: =#REF!/Deseason_VA!#REF!*100 -> #REF! | C13: =#REF!/Deseason_VA!#REF!*100 -> #REF! | D13: =#REF!/Deseason_VA!#REF!*100 -> #REF! | E13: =#REF!/Deseason_VA!#REF!*100 -> #REF! | F13: =#REF!/Deseason_VA!#REF!*100 -> #REF! | G13: =#REF!/Deseason_VA!#REF!*100 -> #REF! | H13: =#REF!/Deseason_VA!#REF!*100 -> #REF! | I13: =#REF!/Deseason_VA!#REF!*100 -> #REF! | ... AI13: =#REF!/Deseason_VA!#REF!*100 -> #REF! | AJ13: =#REF!/Deseason_VA!B13*100 -> #REF! | AK13: =#REF!/Deseason_VA!C13*100 -> #REF! | AL13: =#REF!/Deseason_VA!D13*100 -> #REF! | AM13: =#REF!/Deseason_VA!E13*100 -> #REF! | AN13: =#REF!/Deseason_VA!F13*100 -> #REF! | AO13: =#REF!/Deseason_VA!G13*100 -> #REF! | AP13: =#REF!/Deseason_VA!H13*100 -> #REF! | AQ13: =#REF!/Deseason_VA!I13*100 -> #REF!
A14: Mining & quarrying | B14: =#REF!/Deseason_VA!#REF!*100 -> #REF! | C14: =#REF!/Deseason_VA!#REF!*100 -> #REF! | D14: =#REF!/Deseason_VA!#REF!*100 -> #REF! | E14: =#REF!/Deseason_VA!#REF!*100 -> #REF! | F14: =#REF!/Deseason_VA!#REF!*100 -> #REF! | G14: =#REF!/Deseason_VA!#REF!*100 -> #REF! | H14: =#REF!/Deseason_VA!#REF!*100 -> #REF! | I14: =#REF!/Deseason_VA!#REF!*100 -> #REF! | ... AI14: =#REF!/Deseason_VA!#REF!*100 -> #REF! | AJ14: =#REF!/Deseason_VA!B14*100 -> #REF! | AK14: =#REF!/Deseason_VA!C14*100 -> #REF! | AL14: =#REF!/Deseason_VA!D14*100 -> #REF! | AM14: =#REF!/Deseason_VA!E14*100 -> #REF! | AN14: =#REF!/Deseason_VA!F14*100 -> #REF! | AO14: =#REF!/Deseason_VA!G14*100 -> #REF! | AP14: =#REF!/Deseason_VA!H14*100 -> #REF! | AQ14: =#REF!/Deseason_VA!I14*100 -> #REF!
A15: Manufacturing | B15: =#REF!/Deseason_VA!#REF!*100 -> #REF! | C15: =#REF!/Deseason_VA!#REF!*100 -> #REF! | D15: =#REF!/Deseason_VA!#REF!*100 -> #REF! | E15: =#REF!/Deseason_VA!#REF!*100 -> #REF! | F15: =#REF!/Deseason_VA!#REF!*100 -> #REF! | G15: =#REF!/Deseason_VA!#REF!*100 -> #REF! | H15: =#REF!/Deseason_VA!#REF!*100 -> #REF! | I15: =#REF!/Deseason_VA!#REF!*100 -> #REF! | ... AI15: =#REF!/Deseason_VA!#REF!*100 -> #REF! | AJ15: =#REF!/Deseason_VA!B15*100 -> #REF! | AK15: =#REF!/Deseason_VA!C15*100 -> #REF! | AL15: =#REF!/Deseason_VA!D15*100 -> #REF! | AM15: =#REF!/Deseason_VA!E15*100 -> #REF! | AN15: =#REF!/Deseason_VA!F15*100 -> #REF! | AO15: =#REF!/Deseason_VA!G15*100 -> #REF! | AP15: =#REF!/Deseason_VA!H15*100 -> #REF! | AQ15: =#REF!/Deseason_VA!I15*100 -> #REF!
A16: Electricity | B16: =#REF!/Deseason_VA!#REF!*100 -> #REF! | C16: =#REF!/Deseason_VA!#REF!*100 -> #REF! | D16: =#REF!/Deseason_VA!#REF!*100 -> #REF! | E16: =#REF!/Deseason_VA!#REF!*100 -> #REF! | F16: =#REF!/Deseason_VA!#REF!*100 -> #REF! | G16: =#REF!/Deseason_VA!#REF!*100 -> #REF! | H16: =#REF!/Deseason_VA!#REF!*100 -> #REF! | I16: =#REF!/Deseason_VA!#REF!*100 -> #REF! | ... AI16: =#REF!/Deseason_VA!#REF!*100 -> #REF! | AJ16: =#REF!/Deseason_VA!B16*100 -> #REF! | AK16: =#REF!/Deseason_VA!C16*100 -> #REF! | AL16: =#REF!/Deseason_VA!D16*100 -> #REF! | AM16: =#REF!/Deseason_VA!E16*100 -> #REF! | AN16: =#REF!/Deseason_VA!F16*100 -> #REF! | AO16: =#REF!/Deseason_VA!G16*100 -> #REF! | AP16: =#REF!/Deseason_VA!H16*100 -> #REF! | AQ16: =#REF!/Deseason_VA!I16*100 -> #REF!
... A30: Human Health & Social Work | B30: =#REF!/Deseason_VA!#REF!*100 -> #REF! | C30: =#REF!/Deseason_VA!#REF!*100 -> #REF! | D30: =#REF!/Deseason_VA!#REF!*100 -> #REF! | E30: =#REF!/Deseason_VA!#REF!*100 -> #REF! | F30: =#REF!/Deseason_VA!#REF!*100 -> #REF! | G30: =#REF!/Deseason_VA!#REF!*100 -> #REF! | H30: =#REF!/Deseason_VA!#REF!*100 -> #REF! | I30: =#REF!/Deseason_VA!#REF!*100 -> #REF! | ... AI30: =#REF!/Deseason_VA!#REF!*100 -> #REF! | AJ30: =#REF!/Deseason_VA!B30*100 -> #REF! | AK30: =#REF!/Deseason_VA!C30*100 -> #REF! | AL30: =#REF!/Deseason_VA!D30*100 -> #REF! | AM30: =#REF!/Deseason_VA!E30*100 -> #REF! | AN30: =#REF!/Deseason_VA!F30*100 -> #REF! | AO30: =#REF!/Deseason_VA!G30*100 -> #REF! | AP30: =#REF!/Deseason_VA!H30*100 -> #REF! | AQ30: =#REF!/Deseason_VA!I30*100 -> #REF!
A31: Arts, Entertainment & Recreation | B31: =#REF!/Deseason_VA!#REF!*100 -> #REF! | C31: =#REF!/Deseason_VA!#REF!*100 -> #REF! | D31: =#REF!/Deseason_VA!#REF!*100 -> #REF! | E31: =#REF!/Deseason_VA!#REF!*100 -> #REF! | F31: =#REF!/Deseason_VA!#REF!*100 -> #REF! | G31: =#REF!/Deseason_VA!#REF!*100 -> #REF! | H31: =#REF!/Deseason_VA!#REF!*100 -> #REF! | I31: =#REF!/Deseason_VA!#REF!*100 -> #REF! | ... P31: =#REF!/Deseason_VA!#REF!*100 -> #REF! | Q31: Table 10: Summary of QGDP at constant 2009/10 prices, percentage change, 2010/11-2015/16 | R31: =#REF!/Deseason_VA!#REF!*100 -> #REF! | S31: =#REF!/Deseason_VA!#REF!*100 -> #REF! | T31: =#REF!/Deseason_VA!#REF!*100 -> #REF! | U31: =#REF!/Deseason_VA!#REF!*100 -> #REF! | V31: =#REF!/Deseason_VA!#REF!*100 -> #REF! | W31: =#REF!/Deseason_VA!#REF!*100 -> #REF! | X31: =#REF!/Deseason_VA!#REF!*100 -> #REF! | Y31: =#REF!/Deseason_VA!#REF!*100 -> #REF! | ... AI31: =#REF!/Deseason_VA!#REF!*100 -> #REF! | AJ31: =#REF!/Deseason_VA!B31*100 -> #REF! | AK31: =#REF!/Deseason_VA!C31*100 -> #REF! | AL31: =#REF!/Deseason_VA!D31*100 -> #REF! | AM31: =#REF!/Deseason_VA!E31*100 -> #REF! | AN31: =#REF!/Deseason_VA!F31*100 -> #REF! | AO31: =#REF!/Deseason_VA!G31*100 -> #REF! | AP31: =#REF!/Deseason_VA!H31*100 -> #REF! | AQ31: =#REF!/Deseason_VA!I31*100 -> #REF!
A32: Other Service Activities | B32: =#REF!/Deseason_VA!#REF!*100 -> #REF! | C32: =#REF!/Deseason_VA!#REF!*100 -> #REF! | D32: =#REF!/Deseason_VA!#REF!*100 -> #REF! | E32: =#REF!/Deseason_VA!#REF!*100 -> #REF! | F32: =#REF!/Deseason_VA!#REF!*100 -> #REF! | G32: =#REF!/Deseason_VA!#REF!*100 -> #REF! | H32: =#REF!/Deseason_VA!#REF!*100 -> #REF! | I32: =#REF!/Deseason_VA!#REF!*100 -> #REF! | ... AI32: =#REF!/Deseason_VA!#REF!*100 -> #REF! | AJ32: =#REF!/Deseason_VA!B32*100 -> #REF! | AK32: =#REF!/Deseason_VA!C32*100 -> #REF! | AL32: =#REF!/Deseason_VA!D32*100 -> #REF! | AM32: =#REF!/Deseason_VA!E32*100 -> #REF! | AN32: =#REF!/Deseason_VA!F32*100 -> #REF! | AO32: =#REF!/Deseason_VA!G32*100 -> #REF! | AP32: =#REF!/Deseason_VA!H32*100 -> #REF! | AQ32: =#REF!/Deseason_VA!I32*100 -> #REF!
A33: Activities of Households | B33: =#REF!/Deseason_VA!#REF!*100 -> #REF! | C33: =#REF!/Deseason_VA!#REF!*100 -> #REF! | D33: =#REF!/Deseason_VA!#REF!*100 -> #REF! | E33: =#REF!/Deseason_VA!#REF!*100 -> #REF! | F33: =#REF!/Deseason_VA!#REF!*100 -> #REF! | G33: =#REF!/Deseason_VA!#REF!*100 -> #REF! | H33: =#REF!/Deseason_VA!#REF!*100 -> #REF! | I33: =#REF!/Deseason_VA!#REF!*100 -> #REF! | ... AI33: =#REF!/Deseason_VA!#REF!*100 -> #REF! | AJ33: =#REF!/Deseason_VA!B33*100 -> #REF! | AK33: =#REF!/Deseason_VA!C33*100 -> #REF! | AL33: =#REF!/Deseason_VA!D33*100 -> #REF! | AM33: =#REF!/Deseason_VA!E33*100 -> #REF! | AN33: =#REF!/Deseason_VA!F33*100 -> #REF! | AO33: =#REF!/Deseason_VA!G33*100 -> #REF! | AP33: =#REF!/Deseason_VA!H33*100 -> #REF! | AQ33: =#REF!/Deseason_VA!I33*100 -> #REF!
A35: ADJUSTMENTS
A36: Taxes on Products | B36: =#REF!/Deseason_VA!#REF!*100 -> #REF! | C36: =#REF!/Deseason_VA!#REF!*100 -> #REF! | D36: =#REF!/Deseason_VA!#REF!*100 -> #REF! | E36: =#REF!/Deseason_VA!#REF!*100 -> #REF! | F36: =#REF!/Deseason_VA!#REF!*100 -> #REF! | G36: =#REF!/Deseason_VA!#REF!*100 -> #REF! | H36: =#REF!/Deseason_VA!#REF!*100 -> #REF! | I36: =#REF!/Deseason_VA!#REF!*100 -> #REF! | ... AI36: =#REF!/Deseason_VA!#REF!*100 -> #REF! | AJ36: =#REF!/Deseason_VA!B36*100 -> #REF! | AK36: =#REF!/Deseason_VA!C36*100 -> #REF! | AL36: =#REF!/Deseason_VA!D36*100 -> #REF! | AM36: =#REF!/Deseason_VA!E36*100 -> #REF! | AN36: =#REF!/Deseason_VA!F36*100 -> #REF! | AO36: =#REF!/Deseason_VA!G36*100 -> #REF! | AP36: =#REF!/Deseason_VA!H36*100 -> #REF! | AQ36: =#REF!/Deseason_VA!I36*100 -> #REF!
A37: Source: Uganda Bureau of Statistics
Z38: 8.5

Sheet Trend_VA
A1: Table 9: TREND-CYCLE Value Added at constant 2016/17 prices, BILLION SHILLINGS, 2016/17-2024/25 | B1: Table 9: TREND-CYCLE Value Added at constant 2016/17 prices, BILLION SHILLINGS, 2016/17-2021/22
B3: 2016/17 | F3: 2017/18 | J3: 2018/19 | N3: 2019/20 | R3: 2020/21 | V3: 2021/22 | Z3: 2022/23 | AD3: 2023/24 | AH3: 2024/25
B4: Q1 | C4: Q2 | D4: Q3 | E4: Q4 | F4: Q1 | G4: Q2 | H4: Q3 | I4: Q4 | J4: Q1 | K4: Q2 | L4: Q3 | M4: Q4 | N4: Q1 | O4: Q2 | P4: Q3 | Q4: Q4 | R4: Q1 | S4: Q2 | T4: Q3 | U4: Q4 | V4: Q1 | W4: Q2 | X4: Q3 | Y4: Q4 | Z4: Q1 | AA4: Q2 | AB4: Q3 | AC4: Q4 | AD4: Q1 | AE4: Q2 | AF4: Q3 | AG4: Q4 | AH4: Q1 | AI4: Q2 | AJ4: Q3 | AK4: Q4
A5: GDP AT MARKET PRICES | B5: 26463.215 | C5: 26873.32 | D5: 27377.604 | E5: 27828.633 | F5: 28165.944 | G5: 28515.282 | H5: 28962.671 | I5: 29458.581 | J5: 29876.385 | K5: 30340.894 | L5: 30852.208 | M5: 31486.946 | N5: 32235.222 | O5: 32548.013 | P5: 32190.328 | Q5: 32003.037 | R5: 32218.63 | S5: 32524.946 | T5: 32835.262 | U5: 32924.12 | V5: 33149.569 | W5: 34063.607 | X5: 34746.616 | Y5: 35092.187 | Z5: 35354.053 | AA5: 35602.14 | AB5: 36076.794 | AC5: 36786.043 | AD5: 37209.646 | AE5: 37737.153 | AF5: 38348.224 | AG5: 39280.849 | AH5: 39943.516 | AI5: 40316.163 | AJ5: 40765.026 | AK5: 41326.47
A6: AGRICULTURE,FORESTRY&FISHING | B6: 6218.8815 | C6: 6294.4679 | D6: 6408.2976 | E6: 6477.5191 | F6: 6491.92 | G6: 6509.745 | H6: 6593.63 | I6: 6679.6719 | J6: 6762.1648 | K6: 6853.7422 | L6: 6976.9249 | M6: 7094.2545 | N6: 7181.0354 | O6: 7251.9083 | P6: 7353.8193 | Q6: 7494.804 | R6: 7588.2493 | S6: 7577.7207 | T6: 7533.6338 | U6: 7517.0176 | V6: 7590.7756 | W6: 7809.8977 | X6: 8061.5077 | Y6: 8304.7971 | Z6: 8432.3266 | AA6: 8399.0411 | AB6: 8345.1929 | AC6: 8350.2267 | AD6: 8417.9208 | AE6: 8586.8618 | AF6: 8786.5021 | AG6: 8983.3267 | AH6: 9131.0139 | AI6: 9203.4534 | AJ6: 9284.9916 | AK6: 9409.0282
A7: Cash crops | B7: 593.8199 | C7: 581.60729 | D7: 575.41382 | E7: 578.97123 | F7: 593.96286 | G7: 625.04499 | H7: 660.57055 | I7: 690.87089 | J7: 699.69751 | K7: 679.51035 | L7: 659.79549 | M7: 673.68251 | N7: 700.11752 | O7: 699.63384 | P7: 699.18168 | Q7: 718.50206 | R7: 740.34752 | S7: 768.52225 | T7: 789.20122 | U7: 770.8989 | V7: 785.50223 | W7: 852.42603 | X7: 898.10052 | Y7: 916.2733 | Z7: 931.63556 | AA7: 909.32011 | AB7: 888.18288 | AC7: 910.94028 | AD7: 918.22684 | AE7: 897.88036 | AF7: 906.59903 | AG7: 938.00632 | AH7: 979.298 | AI7: 1033.8256 | AJ7: 1066.4485 | AK7: 1077.4637
A8: Food crops | B8: 3262.4111 | C8: 3335.189 | D8: 3445.8253 | E8: 3529.9893 | F8: 3574.7708 | G8: 3597.5019 | H8: 3615.5997 | I8: 3589.6778 | J8: 3576.655 | K8: 3612.5818 | L8: 3680.9107 | M8: 3725.3472 | N8: 3749.2296 | O8: 3825.3099 | P8: 3966.2823 | Q8: 4097.1565 | R8: 4121.7761 | S8: 4044.7511 | T8: 3985.1407 | U8: 3967.4498 | V8: 3985.0506 | W8: 4101.0497 | X8: 4259.0993 | Y8: 4436.1256 | Z8: 4506.3321 | AA8: 4410.7918 | AB8: 4326.7459 | AC8: 4342.6466 | AD8: 4431.1479 | AE8: 4554.0053 | AF8: 4632.118 | AG8: 4705.8436 | AH8: 4776.2189 | AI8: 4802.9044 | AJ8: 4812.5122 | AK8: 4833.0741
A9: Livestock | B9: 803.55474 | C9: 820.12437 | D9: 835.87347 | E9: 851.06693 | F9: 866.06194 | G9: 880.36898 | H9: 893.42526 | I9: 907.94107 | J9: 924.62753 | K9: 942.06846 | L9: 959.40174 | M9: 978.34151 | N9: 997.90872 | O9: 1017.3029 | P9: 1036.52 | Q9: 1054.3433 | R9: 1072.9947 | S9: 1094.2797 | T9: 1117.3878 | U9: 1140.7644 | V9: 1162.8134 | W9: 1184.6283 | X9: 1209.1466 | Y9: 1236.8889 | Z9: 1264.4758 | AA9: 1289.9413 | AB9: 1313.8218 | AC9: 1337.8053 | AD9: 1363.985 | AE9: 1392.3328 | AF9: 1421.3773 | AG9: 1450.0318 | AH9: 1479.9897 | AI9: 1512.5727 | AJ9: 1547.1117 | AK9: 1581.2798
A10: Agriculture Support Services | B10: 4.0671731 | C10: 4.1089577 | D10: 4.1351436 | E10: 4.1524012 | F10: 4.1006286 | G10: 4.0228271 | H10: 4.0737401 | I10: 4.2050282 | J10: 4.2991144 | K10: 4.3807174 | L10: 4.5921319 | M10: 4.8455577 | N10: 5.0911213 | O10: 5.2503336 | P10: 4.1511966 | Q10: 4.3097237 | R10: 4.6026726 | S10: 4.886962 | T10: 5.0302985 | U10: 5.0433669 | V10: 4.9757268 | W10: 4.9916718 | X10: 5.0777711 | Y10: 5.1373846 | Z10: 5.1467918 | AA10: 5.1909311 | AB10: 5.2200789 | AC10: 5.2465958 | AD10: 5.3846897 | AE10: 5.5858558 | AF10: 5.6776026 | AG10: 5.6745903 | AH10: 5.5581214 | AI10: 5.4672396 | AJ10: 5.791306 | AK10: 6.3819318
A11: Forestry | B11: 978.99865 | C11: 987.14384 | D11: 1003.9818 | E11: 1019.8623 | F11: 1015.301 | G11: 1014.1463 | H11: 1036.5065 | I11: 1061.2798 | J11: 1067.09 | K11: 1061.1923 | L11: 1066.9744 | M11: 1087.1914 | N11: 1114.1538 | O11: 1119.0108 | P11: 1102.1309 | Q11: 1089.2033 | R11: 1109.4909 | S11: 1140.5001 | T11: 1150.9378 | U11: 1142.5491 | V11: 1135.5841 | W11: 1157.6489 | X11: 1192.5463 | Y11: 1201.0796 | Z11: 1187.284 | AA11: 1203.3038 | AB11: 1226.388 | AC11: 1237.2593 | AD11: 1236.842 | AE11: 1234.8175 | AF11: 1242.2903 | AG11: 1272.0583 | AH11: 1294.6536 | AI11: 1284.4429 | AJ11: 1284.4432 | AK11: 1304.7401
A12: Fishing | B12: 576.02988 | C12: 566.29441 | D12: 543.06805 | E12: 493.47698 | F12: 437.72283 | G12: 388.66004 | H12: 383.45422 | I12: 425.69729 | J12: 489.79567 | K12: 554.00853 | L12: 605.25047 | M12: 624.84623 | N12: 614.53465 | O12: 585.40043 | P12: 545.55333 | Q12: 531.28911 | R12: 539.03752 | S12: 524.78064 | T12: 485.93588 | U12: 490.31197 | V12: 516.84958 | W12: 509.1531 | X12: 497.53725 | Y12: 509.29222 | Z12: 537.45236 | AA12: 580.49312 | AB12: 584.83421 | AC12: 516.32862 | AD12: 462.33438 | AE12: 502.24003 | AF12: 578.4399 | AG12: 611.71214 | AH12: 595.29558 | AI12: 564.24053 | AJ12: 568.68475 | AK12: 606.08855
A13: INDUSTRY | B13: 6795.0098 | C13: 7057.0163 | D13: 7190.6806 | E13: 7181.2301 | F13: 7151.961 | G13: 7264.681 | H13: 7489.38 | I13: 7693.5302 | J13: 7818.4785 | K13: 7993.0725 | L13: 8172.6885 | M13: 8348.1836 | N13: 8610.0665 | O13: 8759.0411 | P13: 8686.6509 | Q13: 8662.3296 | R13: 8724.8673 | S13: 8728.4973 | T13: 8722.721 | U13: 8700.9642 | V13: 8832.7434 | W13: 9176.1541 | X13: 9266.5108 | Y13: 9303.2367 | Z13: 9262.9183 | AA13: 9235.3843 | AB13: 9424.3365 | AC13: 9744.7046 | AD13: 9866.5507 | AE13: 9836.8881 | AF13: 9961.0616 | AG13: 10288.964 | AH13: 10551.412 | AI13: 10632.767 | AJ13: 10635.877 | AK13: 10699.075
A14: Mining & quarrying | B14: 281.42633 | C14: 330.51837 | D14: 358.3241 | E14: 356.06424 | F14: 316.13537 | G14: 277.74857 | H14: 318.5781 | I14: 377.27683 | J14: 363.95391 | K14: 357.69437 | L14: 387.52318 | M14: 398.99907 | N14: 437.0472 | O14: 516.79246 | P14: 490.5291 | Q14: 473.77301 | R14: 534.24932 | S14: 529.31584 | T14: 422.40011 | U14: 352.81181 | V14: 396.4912 | W14: 529.94407 | X14: 647.98041 | Y14: 614.14121 | Z14: 466.06626 | AA14: 371.59626 | AB14: 583.55021 | AC14: 868.92422 | AD14: 906.78613 | AE14: 720.41951 | AF14: 556.41918 | AG14: 571.15538 | AH14: 743.00639 | AI14: 786.41551 | AJ14: 578.20675 | AK14: 332.51064
A15: Manufacturing | B15: 4044.2198 | C15: 4209.6998 | D15: 4309.57 | E15: 4297.3486 | F15: 4267.3983 | G15: 4347.6778 | H15: 4458.2213 | I15: 4538.2104 | J15: 4604.7375 | K15: 4711.0558 | L15: 4800.1602 | M15: 4913.9305 | N15: 5082.4197 | O15: 5094.4373 | P15: 4990.0671 | Q15: 4948.7265 | R15: 4921.378 | S15: 4874.1764 | T15: 4913.8187 | U15: 4917.6293 | V15: 4974.9731 | W15: 5159.171 | X15: 5304.6938 | Y15: 5299.2069 | Z15: 5297.6228 | AA15: 5295.2474 | AB15: 5238.2042 | AC15: 5230.82 | AD15: 5269.0618 | AE15: 5336.6062 | AF15: 5499.6157 | AG15: 5746.3985 | AH15: 5800.1321 | AI15: 5735.5745 | AJ15: 5786.5408 | AK15: 5933.9314
A16: Electricity | B16: 329.30166 | C16: 339.91388 | D16: 351.54146 | E16: 359.04707 | F16: 363.6257 | G16: 365.84313 | H16: 363.73678 | I16: 361.4866 | J16: 362.26541 | K16: 365.0768 | L16: 372.75206 | M16: 389.54574 | N16: 407.81356 | O16: 422.69388 | P16: 433.46022 | Q16: 440.18959 | R16: 447.10623 | S16: 457.69811 | T16: 467.88473 | U16: 471.5803 | V16: 471.39537 | W16: 472.48672 | X16: 477.14878 | Y16: 484.55836 | Z16: 496.73511 | AA16: 509.32205 | AB16: 521.55062 | AC16: 535.73151 | AD16: 548.83421 | AE16: 557.71172 | AF16: 564.61049 | AG16: 574.5307 | AH16: 589.75855 | AI16: 612.88998 | AJ16: 640.87028 | AK16: 669.86375
... A33: Activities of Households | B33: 220.43587 | C33: 222.05691 | D33: 223.64518 | E33: 225.20664 | F33: 226.76115 | G33: 228.31786 | H33: 229.88196 | I33: 231.46345 | J33: 233.07079 | K33: 234.68602 | L33: 236.29313 | M33: 237.90679 | N33: 239.54244 | O33: 241.18155 | P33: 242.80154 | Q33: 244.42086 | R33: 246.06693 | S33: 247.74385 | T33: 249.44252 | U33: 251.15627 | V33: 252.87849 | W33: 254.60436 | X33: 256.32573 | Y33: 258.04496 | Z33: 259.77372 | AA33: 261.53364 | AB33: 263.33457 | AC33: 265.15311 | AD33: 266.96249 | AE33: 268.77536 | AF33: 270.6002 | AG33: 272.42431 | AH33: 274.25049 | AI33: 276.10481 | AJ33: 278.00661 | AK33: 279.92641
A35: ADJUSTMENTS
A36: Taxes on products | B36: 1863.2746 | C36: 1911.2565 | D36: 1951.159 | E36: 1991.9835 | F36: 2002.3721 | G36: 1985.045 | H36: 1977.4858 | I36: 1992.0312 | J36: 2008.2863 | K36: 2060.6438 | L36: 2121.0559 | M36: 2153.3699 | N36: 2206.5995 | O36: 2219.0512 | P36: 2169.675 | Q36: 2135.7073 | R36: 2144.1291 | S36: 2140.3948 | T36: 2151.2089 | U36: 2177.9374 | V36: 2249.2376 | W36: 2370.4622 | X36: 2457.8518 | Y36: 2449.544 | Z36: 2432.8063 | AA36: 2493.4825 | AB36: 2596.7266 | AC36: 2702.2743 | AD36: 2729.9744 | AE36: 2718.6011 | AF36: 2740.5262 | AG36: 2840.0156 | AH36: 2927.7933 | AI36: 2943.2382 | AJ36: 2946.5009 | AK36: 3003.5733
A37: Source: Uganda Bureau of Statistics

Sheet Trend_Growth
A1: Table 10: TREND-CYCLE Value Added at constant 2016/17 prices, PERCENTAGE CHANGE, 2016/17-2024/25
B3: 2016/17 | F3: 2017/18 | J3: 2018/19 | N3: 2019/20 | R3: 2020/21 | V3: 2021/22 | Z3: 2022/23 | AD3: 2023/24 | AH3: 2024/25
B4: Q1 | C4: Q2 | D4: Q3 | E4: Q4 | F4: Q1 | G4: Q2 | H4: Q3 | I4: Q4 | J4: Q1 | K4: Q2 | L4: Q3 | M4: Q4 | N4: Q1 | O4: Q2 | P4: Q3 | Q4: Q4 | R4: Q1 | S4: Q2 | T4: Q3 | U4: Q4 | V4: Q1 | W4: Q2 | X4: Q3 | Y4: Q4 | Z4: Q1 | AA4: Q2 | AB4: Q3 | AC4: Q4 | AD4: Q1 | AE4: Q2 | AF4: Q3 | AG4: Q4 | AH4: Q1 | AI4: Q2 | AJ4: Q3 | AK4: Q4
A5: GDP AT MARKET PRICES | B5: 0.99433829 | C5: 1.5497157 | D5: 1.8765235 | E5: 1.647439 | F5: 1.2120997 | G5: 1.2402843 | H5: 1.5689466 | I5: 1.7122381 | J5: 1.4182753 | K5: 1.554771 | L5: 1.6852295 | M5: 2.05735 | N5: 2.3764644 | O5: 0.97033838 | P5: -1.0989441 | Q5: -0.58182294 | R5: 0.67366162 | S5: 0.95074269 | T5: 0.95408506 | U5: 0.2706202 | V5: 0.68475159 | W5: 2.7573147 | X5: 2.0050999 | Y5: 0.99454524 | Z5: 0.74622241 | AA5: 0.70172201 | AB5: 1.3332176 | AC5: 1.9659439 | AD5: 1.15153 | AE5: 1.4176616 | AF5: 1.6192823 | AG5: 2.4319904 | AH5: 1.6869992 | AI5: 0.93293471 | AJ5: 1.1133561 | AK5: 1.3772688
A6: AGRICULTURE,FORESTRY&FISHING | B6: -0.33329111 | C6: 1.2154345 | D6: 1.808409 | E6: 1.080186 | F6: 0.22232019 | G6: 0.27457206 | H6: 1.2886065 | I6: 1.3049247 | J6: 1.2349845 | K6: 1.3542623 | L6: 1.7973057 | M6: 1.6816795 | N6: 1.2232571 | O6: 0.98694442 | P6: 1.4053001 | Q6: 1.9171626 | R6: 1.2468015 | S6: -0.13874883 | T6: -0.58179704 | U6: -0.22056013 | V6: 0.98121345 | W6: 2.8866895 | X6: 3.2216818 | Y6: 3.0179138 | Z6: 1.535613 | AA6: -0.39473758 | AB6: -0.64112355 | AC6: 0.060320219 | AD6: 0.8106857 | AE6: 2.0069205 | AF6: 2.3249513 | AG6: 2.2400793 | AH6: 1.6440141 | AI6: 0.793335 | AJ6: 0.88595254 | AK6: 1.3358821
A7: Cash crops | B7: 0.57712974 | C7: -2.0566173 | D7: -1.0648888 | E7: 0.61823525 | F7: 2.589356 | G7: 5.2330081 | H7: 5.6836812 | I7: 4.5869959 | J7: 1.2776068 | K7: -2.8851265 | L7: -2.9013338 | M7: 2.1047472 | N7: 3.9239561 | O7: -0.069085047 | P7: -0.064627966 | Q7: 2.7632847 | R7: 3.0404169 | S7: 3.8056089 | T7: 2.6907434 | U7: -2.3190942 | V7: 1.8943256 | W7: 8.5198735 | X7: 5.3581768 | Y7: 2.0234681 | Z7: 1.6766021 | AA7: -2.3952978 | AB7: -2.3245097 | AC7: 2.5622434 | AD7: 0.79989438 | AE7: -2.2158453 | AF7: 0.97102891 | AG7: 3.4642975 | AH7: 4.4020683 | AI7: 5.5680317 | AJ7: 3.1555485 | AK7: 1.0328823
A8: Food crops | B8: -0.41315876 | C8: 2.230801 | D8: 3.3172424 | E8: 2.4424903 | F8: 1.268601 | G8: 0.63587683 | H8: 0.50306691 | I8: -0.71694799 | J8: -0.36278485 | K8: 1.0044831 | L8: 1.8914124 | M8: 1.2072157 | N8: 0.64107803 | O8: 2.0292253 | P8: 3.6852547 | Q8: 3.2996677 | R8: 0.60089509 | S8: -1.8687325 | T8: -1.4737712 | U8: -0.44392106 | V8: 0.44362772 | W8: 2.9108585 | X8: 3.853882 | Y8: 4.1564257 | Z8: 1.5826071 | AA8: -2.1201334 | AB8: -1.9054606 | AC8: 0.36749759 | AD8: 2.0379571 | AE8: 2.7725854 | AF8: 1.7152546 | AG8: 1.5916159 | AH8: 1.4954875 | AI8: 0.55871655 | AJ8: 0.20004114 | AK8: 0.42725989
A9: Livestock | B9: 1.9680301 | C9: 2.0620407 | D9: 1.9203309 | E9: 1.8176749 | F9: 1.7619066 | G9: 1.6519657 | H9: 1.4830464 | I9: 1.6247364 | J9: 1.8378357 | K9: 1.8862653 | L9: 1.8399171 | M9: 1.9741228 | N9: 2.0000391 | O9: 1.9434844 | P9: 1.8890181 | Q9: 1.719539 | R9: 1.7690026 | S9: 1.9837035 | T9: 2.1117195 | U9: 2.092071 | V9: 1.9328252 | W9: 1.8760486 | X9: 2.0697007 | Y9: 2.2943743 | Z9: 2.2303464 | AA9: 2.013916 | AB9: 1.851284 | AC9: 1.8254773 | AD9: 1.9569125 | AE9: 2.0783061 | AF9: 2.0860325 | AG9: 2.0159703 | AH9: 2.0660148 | AI9: 2.2015689 | AJ9: 2.2834605 | AK9: 2.2085111
A10: Agriculture Support Services | B10: 2.2389276 | C10: 1.0273618 | D10: 0.63728776 | E10: 0.41733954 | F10: -1.246812 | G10: -1.897306 | H10: 1.2656024 | I10: 3.2227906 | J10: 2.2374682 | K10: 1.8981367 | L10: 4.8260235 | M10: 5.5186966 | N10: 5.0678082 | O10: 3.127255 | P10: -20.934613 | Q10: 3.8188287 | R10: 6.7973951 | S10: 6.1766138 | T10: 2.9330402 | U10: 0.25979349 | V10: -1.3411697 | W10: 0.32045535 | X10: 1.7248601 | Y10: 1.174009 | Z10: 0.18311141 | AA10: 0.85760836 | AB10: 0.56151449 | AC10: 0.50797801 | AD10: 2.6320674 | AE10: 3.7358894 | AF10: 1.6424853 | AG10: -0.053056052 | AH10: -2.052463 | AI10: -1.6351176 | AJ10: 5.9274222 | AK10: 10.198491
A11: Forestry | B11: -1.4661964 | C11: 0.83199253 | D11: 1.7057249 | E11: 1.5817546 | F11: -0.44725198 | G11: -0.11373153 | H11: 2.204831 | I11: 2.3900842 | J11: 0.54746761 | K11: -0.55268791 | L11: 0.54486957 | M11: 1.8947967 | N11: 2.4800041 | O11: 0.4359354 | P11: -1.5084726 | Q11: -1.1729565 | R11: 1.8626034 | S11: 2.7949026 | T11: 0.91519189 | U11: -0.72885726 | V11: -0.60960224 | W11: 1.9430294 | X11: 3.0145089 | Y11: 0.71555698 | Z11: -1.1486 | AA11: 1.3492774 | AB11: 1.9184006 | AC11: 0.88644893 | AD11: -0.033725794 | AE11: -0.16368311 | AF11: 0.60517106 | AG11: 2.3962215 | AH11: 1.776281 | AI11: -0.78868056 | AJ11: 2.3134701e-05 | AK11: 1.5802091
A12: Fishing | B12: -1.9905922 | C12: -1.690099 | D12: -4.1014628 | E12: -9.1316499 | F12: -11.298227 | G12: -11.208644 | H12: -1.3394261 | I12: 11.016455 | J12: 15.05727 | K12: 13.110132 | L12: 9.2493042 | M12: 3.2376291 | N12: -1.6502594 | O12: -4.740858 | P12: -6.806812 | Q12: -2.6146332 | R12: 1.4584174 | S12: -2.6448775 | T12: -7.4020946 | U12: 0.90054775 | V12: 5.4123928 | W12: -1.4891139 | X12: -2.2814052 | Y12: 2.3626306 | Z12: 5.5292694 | AA12: 8.0082932 | AB12: 0.74782834 | AC12: -11.713678 | AD12: -10.45734 | AE12: 8.6313399 | AF12: 15.172002 | AG12: 5.7520653 | AH12: -2.6837058 | AI12: -5.2167444 | AJ12: 0.78764481 | AK12: 6.5772481
A13: INDUSTRY | B13: 3.3139122 | C13: 3.8558656 | D13: 1.8940633 | E13: -0.13142752 | F13: -0.40757674 | G13: 1.5760703 | H13: 3.0930337 | I13: 2.725863 | J13: 1.624069 | K13: 2.2330945 | L13: 2.2471455 | M13: 2.1473369 | N13: 3.1370041 | O13: 1.7302382 | P13: -0.82646331 | Q13: -0.27998509 | R13: 0.72195025 | S13: 0.041606045 | T13: -0.06617806 | U13: -0.24942652 | V13: 1.5145357 | W13: 3.8879273 | X13: 0.98469071 | Y13: 0.3963296 | Z13: -0.43338097 | AA13: -0.29724971 | AB13: 2.0459599 | AC13: 3.3993702 | AD13: 1.2503827 | AE13: -0.30063824 | AF13: 1.2623247 | AG13: 3.29184 | AH13: 2.5507724 | AI13: 0.77103757 | AJ13: 0.029245956 | AK13: 0.59419903
A14: Mining & quarrying | B14: 22.721095 | C14: 17.444009 | D14: 8.4127649 | E14: -0.63067458 | F14: -11.213952 | G14: -12.14252 | H14: 14.700177 | I14: 18.425223 | J14: -3.5313386 | K14: -1.7198717 | L14: 8.3391889 | M14: 2.9613434 | N14: 9.5358954 | O14: 18.246371 | P14: -5.0819926 | Q14: -3.4159212 | R14: 12.764826 | S14: -0.92344049 | T14: -20.198853 | U14: -16.474499 | V14: 12.380366 | W14: 33.65847 | X14: 22.273357 | Y14: -5.2222568 | Z14: -24.110895 | AA14: -20.269651 | AB14: 57.038776 | AC14: 48.903076 | AD14: 4.357331 | AE14: -20.552433 | AF14: -22.76456 | AG14: 2.6483983 | AH14: 30.088311 | AI14: 5.8423623 | AJ14: -26.475668 | AK14: -42.492777
A15: Manufacturing | B15: 2.7053934 | C15: 4.0917651 | D15: 2.3723836 | E15: -0.28358675 | F15: -0.69694891 | G15: 1.8812285 | H15: 2.5425865 | I15: 1.7941936 | J15: 1.4659322 | K15: 2.3088894 | L15: 1.8913897 | M15: 2.3701364 | N15: 3.4288064 | O15: 0.2364535 | P15: -2.0487079 | Q15: -0.82845789 | R15: -0.55263685 | S15: -0.95911465 | T15: 0.81331268 | U15: 0.077549503 | V15: 1.1660859 | W15: 3.7024913 | X15: 2.8206612 | Y15: -0.1034351 | Z15: -0.029893104 | AA15: -0.044838654 | AB15: -1.0772529 | AC15: -0.14096744 | AD15: 0.73108537 | AE15: 1.2819069 | AF15: 3.0545535 | AG15: 4.4872734 | AH15: 0.9350822 | AI15: -1.1130359 | AJ15: 0.88859937 | AK15: 2.5471287
A16: Electricity | B16: 2.4710931 | C16: 3.2226438 | D16: 3.4207455 | E16: 2.1350547 | F16: 1.2752178 | G16: 0.60981285 | H16: -0.57575249 | I16: -0.61863031 | J16: 0.21544781 | K16: 0.77605847 | L16: 2.1023675 | M16: 4.5053224 | N16: 4.6895186 | O16: 3.6488037 | P16: 2.5470778 | Q16: 1.5524763 | R16: 1.5712873 | S16: 2.3689836 | T16: 2.2256219 | U16: 0.78984626 | V16: -0.039216828 | W16: 0.23151517 | X16: 0.98670676 | Y16: 1.5528878 | Z16: 2.5129573 | AA16: 2.5339351 | AB16: 2.4009501 | AC16: 2.7189873 | AD16: 2.4457577 | AE16: 1.6175221 | AF16: 1.2369778 | AG16: 1.7570006 | AH16: 2.6504848 | AI16: 3.9221862 | AJ16: 4.5653059 | AK16: 4.5240777
... A33: Activities of Households | B33: 0.74018211 | C33: 0.73537863 | D33: 0.7152519 | E33: 0.69818693 | F33: 0.69025937 | G33: 0.68649752 | H33: 0.68505438 | I33: 0.68795957 | J33: 0.69442361 | K33: 0.69301955 | L33: 0.68479317 | M33: 0.6829042 | N33: 0.68751701 | O33: 0.68426823 | P33: 0.67168904 | Q33: 0.66693147 | R33: 0.67345594 | S33: 0.68149286 | T33: 0.68565276 | U33: 0.68703493 | V33: 0.68571469 | W33: 0.68249136 | X33: 0.6760957 | Y33: 0.67072189 | Z33: 0.66994181 | AA33: 0.67748316 | AB33: 0.68860204 | AC33: 0.69058372 | AD33: 0.68238872 | AE33: 0.67907581 | AF33: 0.67894382 | AG33: 0.67409948 | AH33: 0.67034327 | AI33: 0.67614244 | AJ33: 0.68879629 | AK33: 0.69055854
A35: ADJUSTMENTS
A36: Taxes on products | B36: 4.9668598 | C36: 2.5751423 | D36: 2.0877585 | E36: 2.092322 | F36: 0.52152183 | G36: -0.86532786 | H36: -0.3808074 | I36: 0.73555057 | J36: 0.81600398 | K36: 2.6070756 | L36: 2.9317076 | M36: 1.5234875 | N36: 2.4719191 | O36: 0.56429634 | P36: -2.225107 | Q36: -1.5655659 | R36: 0.39433514 | S36: -0.17416533 | T36: 0.5052379 | U36: 1.242491 | V36: 3.2737474 | W36: 5.389584 | X36: 3.6866055 | Y36: -0.33800714 | Z36: -0.68330133 | AA36: 2.4940818 | AB36: 4.1405585 | AC36: 4.0646462 | AD36: 1.0250645 | AE36: -0.41660823 | AF36: 0.80648488 | AG36: 3.6303052 | AH36: 3.0907473 | AI36: 0.5275258 | AJ36: 0.11085245 | AK36: 1.936957
A37: Source: Uganda Bureau of Statistics

Sheet TS IPD
X1: Table 15: TREND-CYCLE Value Added at constant 2009/10 prices, IMPLICIT PRICE DEFLATORS, 2013/14-2017/18
B2: 2008Q1 | C2: 2008Q2 | D2: 2008Q3 | E2: 2008Q4 | F2: 2009Q1 | G2: 2009Q2 | H2: 2009Q3 | I2: 2009Q4 | J2: 2010Q1 | K2: 2010Q2 | L2: 2010Q3 | M2: 2010Q4 | N2: 2011Q1 | O2: 2011Q2 | P2: 2011Q3 | Q2: 2011Q4 | R2: 2012Q1 | S2: 2012Q2 | T2: 2012Q3 | U2: 2012Q4 | V2: 2013Q1 | W2: 2013Q2 | X2: 2013Q3 | Y2: 2013Q4 | Z2: 2014Q1 | AA2: 2014Q2 | AB2: 2014Q3 | AC2: 2014Q4 | AD2: 2015Q1 | AE2: 2015Q2 | AF2: 2015Q3
B3: 2007/08 | D3: 2008/09 | H3: 2009/10 | L3: 2010/11 | P3: 2011/12 | T3: 2012/13 | X3: 2013/14 | AB3: 2014/15 | AF3: 2015/16 | AJ3: 2016/17 | AN3: 2017/18
A4: Activity | B4: Q3 | C4: Q4 | D4: Q1 | E4: Q2 | F4: Q3 | G4: Q4 | H4: Q1 | I4: Q2 | J4: Q3 | K4: Q4 | L4: Q1 | M4: Q2 | N4: Q3 | O4: Q4 | P4: Q1 | Q4: Q2 | R4: Q3 | S4: Q4 | T4: Q1 | U4: Q2 | V4: Q3 | W4: Q4 | X4: Q1 | Y4: Q2 | Z4: Q3 | AA4: Q4 | AB4: Q1 | AC4: Q2 | AD4: Q3 | AE4: Q4 | AF4: Q1 | AG4: Q2 | AH4: Q3 | AI4: Q4 | AJ4: Q1 | AK4: Q2 | AL4: Q3 | AM4: Q4 | AN4: Q1 | AO4: Q2 | AP4: Q3 | AQ4: Q4
A5: GDP AT MARKET PRICES | B5: =#REF!/Trend_VA!#REF!*100 -> #REF! | C5: =#REF!/Trend_VA!#REF!*100 -> #REF! | D5: =#REF!/Trend_VA!#REF!*100 -> #REF! | E5: =#REF!/Trend_VA!#REF!*100 -> #REF! | F5: =#REF!/Trend_VA!#REF!*100 -> #REF! | G5: =#REF!/Trend_VA!#REF!*100 -> #REF! | H5: =#REF!/Trend_VA!#REF!*100 -> #REF! | I5: =#REF!/Trend_VA!#REF!*100 -> #REF! | ... AI5: =#REF!/Trend_VA!#REF!*100 -> #REF! | AJ5: =#REF!/Trend_VA!B5*100 -> #REF! | AK5: =#REF!/Trend_VA!C5*100 -> #REF! | AL5: =#REF!/Trend_VA!D5*100 -> #REF! | AM5: =#REF!/Trend_VA!E5*100 -> #REF! | AN5: =#REF!/Trend_VA!F5*100 -> #REF! | AO5: =#REF!/Trend_VA!G5*100 -> #REF! | AP5: =#REF!/Trend_VA!H5*100 -> #REF! | AQ5: =#REF!/Trend_VA!I5*100 -> #REF!
A6: AGRICULTURE,FORESTRY&FISHING | B6: =#REF!/Trend_VA!#REF!*100 -> #REF! | C6: =#REF!/Trend_VA!#REF!*100 -> #REF! | D6: =#REF!/Trend_VA!#REF!*100 -> #REF! | E6: =#REF!/Trend_VA!#REF!*100 -> #REF! | F6: =#REF!/Trend_VA!#REF!*100 -> #REF! | G6: =#REF!/Trend_VA!#REF!*100 -> #REF! | H6: =#REF!/Trend_VA!#REF!*100 -> #REF! | I6: =#REF!/Trend_VA!#REF!*100 -> #REF! | ... AI6: =#REF!/Trend_VA!#REF!*100 -> #REF! | AJ6: =#REF!/Trend_VA!B6*100 -> #REF! | AK6: =#REF!/Trend_VA!C6*100 -> #REF! | AL6: =#REF!/Trend_VA!D6*100 -> #REF! | AM6: =#REF!/Trend_VA!E6*100 -> #REF! | AN6: =#REF!/Trend_VA!F6*100 -> #REF! | AO6: =#REF!/Trend_VA!G6*100 -> #REF! | AP6: =#REF!/Trend_VA!H6*100 -> #REF! | AQ6: =#REF!/Trend_VA!I6*100 -> #REF!
A7: Cash crops | B7: =#REF!/Trend_VA!#REF!*100 -> #REF! | C7: =#REF!/Trend_VA!#REF!*100 -> #REF! | D7: =#REF!/Trend_VA!#REF!*100 -> #REF! | E7: =#REF!/Trend_VA!#REF!*100 -> #REF! | F7: =#REF!/Trend_VA!#REF!*100 -> #REF! | G7: =#REF!/Trend_VA!#REF!*100 -> #REF! | H7: =#REF!/Trend_VA!#REF!*100 -> #REF! | I7: =#REF!/Trend_VA!#REF!*100 -> #REF! | ... AI7: =#REF!/Trend_VA!#REF!*100 -> #REF! | AJ7: =#REF!/Trend_VA!B7*100 -> #REF! | AK7: =#REF!/Trend_VA!C7*100 -> #REF! | AL7: =#REF!/Trend_VA!D7*100 -> #REF! | AM7: =#REF!/Trend_VA!E7*100 -> #REF! | AN7: =#REF!/Trend_VA!F7*100 -> #REF! | AO7: =#REF!/Trend_VA!G7*100 -> #REF! | AP7: =#REF!/Trend_VA!H7*100 -> #REF! | AQ7: =#REF!/Trend_VA!I7*100 -> #REF!
A8: Food crops | B8: =#REF!/Trend_VA!#REF!*100 -> #REF! | C8: =#REF!/Trend_VA!#REF!*100 -> #REF! | D8: =#REF!/Trend_VA!#REF!*100 -> #REF! | E8: =#REF!/Trend_VA!#REF!*100 -> #REF! | F8: =#REF!/Trend_VA!#REF!*100 -> #REF! | G8: =#REF!/Trend_VA!#REF!*100 -> #REF! | H8: =#REF!/Trend_VA!#REF!*100 -> #REF! | I8: =#REF!/Trend_VA!#REF!*100 -> #REF! | ... AI8: =#REF!/Trend_VA!#REF!*100 -> #REF! | AJ8: =#REF!/Trend_VA!B8*100 -> #REF! | AK8: =#REF!/Trend_VA!C8*100 -> #REF! | AL8: =#REF!/Trend_VA!D8*100 -> #REF! | AM8: =#REF!/Trend_VA!E8*100 -> #REF! | AN8: =#REF!/Trend_VA!F8*100 -> #REF! | AO8: =#REF!/Trend_VA!G8*100 -> #REF! | AP8: =#REF!/Trend_VA!H8*100 -> #REF! | AQ8: =#REF!/Trend_VA!I8*100 -> #REF!
A9: Livestock | B9: =#REF!/Trend_VA!#REF!*100 -> #REF! | C9: =#REF!/Trend_VA!#REF!*100 -> #REF! | D9: =#REF!/Trend_VA!#REF!*100 -> #REF! | E9: =#REF!/Trend_VA!#REF!*100 -> #REF! | F9: =#REF!/Trend_VA!#REF!*100 -> #REF! | G9: =#REF!/Trend_VA!#REF!*100 -> #REF! | H9: =#REF!/Trend_VA!#REF!*100 -> #REF! | I9: =#REF!/Trend_VA!#REF!*100 -> #REF! | ... AI9: =#REF!/Trend_VA!#REF!*100 -> #REF! | AJ9: =#REF!/Trend_VA!B9*100 -> #REF! | AK9: =#REF!/Trend_VA!C9*100 -> #REF! | AL9: =#REF!/Trend_VA!D9*100 -> #REF! | AM9: =#REF!/Trend_VA!E9*100 -> #REF! | AN9: =#REF!/Trend_VA!F9*100 -> #REF! | AO9: =#REF!/Trend_VA!G9*100 -> #REF! | AP9: =#REF!/Trend_VA!H9*100 -> #REF! | AQ9: =#REF!/Trend_VA!I9*100 -> #REF!
A10: Agriculture Support Services | B10: =#REF!/Trend_VA!#REF!*100 -> #REF! | C10: =#REF!/Trend_VA!#REF!*100 -> #REF! | D10: =#REF!/Trend_VA!#REF!*100 -> #REF! | E10: =#REF!/Trend_VA!#REF!*100 -> #REF! | F10: =#REF!/Trend_VA!#REF!*100 -> #REF! | G10: =#REF!/Trend_VA!#REF!*100 -> #REF! | H10: =#REF!/Trend_VA!#REF!*100 -> #REF! | I10: =#REF!/Trend_VA!#REF!*100 -> #REF! | ... AI10: =#REF!/Trend_VA!#REF!*100 -> #REF! | AJ10: =#REF!/Trend_VA!B10*100 -> #REF! | AK10: =#REF!/Trend_VA!C10*100 -> #REF! | AL10: =#REF!/Trend_VA!D10*100 -> #REF! | AM10: =#REF!/Trend_VA!E10*100 -> #REF! | AN10: =#REF!/Trend_VA!F10*100 -> #REF! | AO10: =#REF!/Trend_VA!G10*100 -> #REF! | AP10: =#REF!/Trend_VA!H10*100 -> #REF! | AQ10: =#REF!/Trend_VA!I10*100 -> #REF!
A11: Forestry | B11: =#REF!/Trend_VA!#REF!*100 -> #REF! | C11: =#REF!/Trend_VA!#REF!*100 -> #REF! | D11: =#REF!/Trend_VA!#REF!*100 -> #REF! | E11: =#REF!/Trend_VA!#REF!*100 -> #REF! | F11: =#REF!/Trend_VA!#REF!*100 -> #REF! | G11: =#REF!/Trend_VA!#REF!*100 -> #REF! | H11: =#REF!/Trend_VA!#REF!*100 -> #REF! | I11: =#REF!/Trend_VA!#REF!*100 -> #REF! | ... AI11: =#REF!/Trend_VA!#REF!*100 -> #REF! | AJ11: =#REF!/Trend_VA!B11*100 -> #REF! | AK11: =#REF!/Trend_VA!C11*100 -> #REF! | AL11: =#REF!/Trend_VA!D11*100 -> #REF! | AM11: =#REF!/Trend_VA!E11*100 -> #REF! | AN11: =#REF!/Trend_VA!F11*100 -> #REF! | AO11: =#REF!/Trend_VA!G11*100 -> #REF! | AP11: =#REF!/Trend_VA!H11*100 -> #REF! | AQ11: =#REF!/Trend_VA!I11*100 -> #REF!
A12: Fishing | B12: =#REF!/Trend_VA!#REF!*100 -> #REF! | C12: =#REF!/Trend_VA!#REF!*100 -> #REF! | D12: =#REF!/Trend_VA!#REF!*100 -> #REF! | E12: =#REF!/Trend_VA!#REF!*100 -> #REF! | F12: =#REF!/Trend_VA!#REF!*100 -> #REF! | G12: =#REF!/Trend_VA!#REF!*100 -> #REF! | H12: =#REF!/Trend_VA!#REF!*100 -> #REF! | I12: =#REF!/Trend_VA!#REF!*100 -> #REF! | ... AI12: =#REF!/Trend_VA!#REF!*100 -> #REF! | AJ12: =#REF!/Trend_VA!B12*100 -> #REF! | AK12: =#REF!/Trend_VA!C12*100 -> #REF! | AL12: =#REF!/Trend_VA!D12*100 -> #REF! | AM12: =#REF!/Trend_VA!E12*100 -> #REF! | AN12: =#REF!/Trend_VA!F12*100 -> #REF! | AO12: =#REF!/Trend_VA!G12*100 -> #REF! | AP12: =#REF!/Trend_VA!H12*100 -> #REF! | AQ12: =#REF!/Trend_VA!I12*100 -> #REF!
A13: INDUSTRY | B13: =#REF!/Trend_VA!#REF!*100 -> #REF! | C13: =#REF!/Trend_VA!#REF!*100 -> #REF! | D13: =#REF!/Trend_VA!#REF!*100 -> #REF! | E13: =#REF!/Trend_VA!#REF!*100 -> #REF! | F13: =#REF!/Trend_VA!#REF!*100 -> #REF! | G13: =#REF!/Trend_VA!#REF!*100 -> #REF! | H13: =#REF!/Trend_VA!#REF!*100 -> #REF! | I13: =#REF!/Trend_VA!#REF!*100 -> #REF! | ... AI13: =#REF!/Trend_VA!#REF!*100 -> #REF! | AJ13: =#REF!/Trend_VA!B13*100 -> #REF! | AK13: =#REF!/Trend_VA!C13*100 -> #REF! | AL13: =#REF!/Trend_VA!D13*100 -> #REF! | AM13: =#REF!/Trend_VA!E13*100 -> #REF! | AN13: =#REF!/Trend_VA!F13*100 -> #REF! | AO13: =#REF!/Trend_VA!G13*100 -> #REF! | AP13: =#REF!/Trend_VA!H13*100 -> #REF! | AQ13: =#REF!/Trend_VA!I13*100 -> #REF!
A14: Mining & quarrying | B14: =#REF!/Trend_VA!#REF!*100 -> #REF! | C14: =#REF!/Trend_VA!#REF!*100 -> #REF! | D14: =#REF!/Trend_VA!#REF!*100 -> #REF! | E14: =#REF!/Trend_VA!#REF!*100 -> #REF! | F14: =#REF!/Trend_VA!#REF!*100 -> #REF! | G14: =#REF!/Trend_VA!#REF!*100 -> #REF! | H14: =#REF!/Trend_VA!#REF!*100 -> #REF! | I14: =#REF!/Trend_VA!#REF!*100 -> #REF! | ... AI14: =#REF!/Trend_VA!#REF!*100 -> #REF! | AJ14: =#REF!/Trend_VA!B14*100 -> #REF! | AK14: =#REF!/Trend_VA!C14*100 -> #REF! | AL14: =#REF!/Trend_VA!D14*100 -> #REF! | AM14: =#REF!/Trend_VA!E14*100 -> #REF! | AN14: =#REF!/Trend_VA!F14*100 -> #REF! | AO14: =#REF!/Trend_VA!G14*100 -> #REF! | AP14: =#REF!/Trend_VA!H14*100 -> #REF! | AQ14: =#REF!/Trend_VA!I14*100 -> #REF!
A15: Manufacturing | B15: =#REF!/Trend_VA!#REF!*100 -> #REF! | C15: =#REF!/Trend_VA!#REF!*100 -> #REF! | D15: =#REF!/Trend_VA!#REF!*100 -> #REF! | E15: =#REF!/Trend_VA!#REF!*100 -> #REF! | F15: =#REF!/Trend_VA!#REF!*100 -> #REF! | G15: =#REF!/Trend_VA!#REF!*100 -> #REF! | H15: =#REF!/Trend_VA!#REF!*100 -> #REF! | I15: =#REF!/Trend_VA!#REF!*100 -> #REF! | ... AI15: =#REF!/Trend_VA!#REF!*100 -> #REF! | AJ15: =#REF!/Trend_VA!B15*100 -> #REF! | AK15: =#REF!/Trend_VA!C15*100 -> #REF! | AL15: =#REF!/Trend_VA!D15*100 -> #REF! | AM15: =#REF!/Trend_VA!E15*100 -> #REF! | AN15: =#REF!/Trend_VA!F15*100 -> #REF! | AO15: =#REF!/Trend_VA!G15*100 -> #REF! | AP15: =#REF!/Trend_VA!H15*100 -> #REF! | AQ15: =#REF!/Trend_VA!I15*100 -> #REF!
A16: Electricity | B16: =#REF!/Trend_VA!#REF!*100 -> #REF! | C16: =#REF!/Trend_VA!#REF!*100 -> #REF! | D16: =#REF!/Trend_VA!#REF!*100 -> #REF! | E16: =#REF!/Trend_VA!#REF!*100 -> #REF! | F16: =#REF!/Trend_VA!#REF!*100 -> #REF! | G16: =#REF!/Trend_VA!#REF!*100 -> #REF! | H16: =#REF!/Trend_VA!#REF!*100 -> #REF! | I16: =#REF!/Trend_VA!#REF!*100 -> #REF! | ... AI16: =#REF!/Trend_VA!#REF!*100 -> #REF! | AJ16: =#REF!/Trend_VA!B16*100 -> #REF! | AK16: =#REF!/Trend_VA!C16*100 -> #REF! | AL16: =#REF!/Trend_VA!D16*100 -> #REF! | AM16: =#REF!/Trend_VA!E16*100 -> #REF! | AN16: =#REF!/Trend_VA!F16*100 -> #REF! | AO16: =#REF!/Trend_VA!G16*100 -> #REF! | AP16: =#REF!/Trend_VA!H16*100 -> #REF! | AQ16: =#REF!/Trend_VA!I16*100 -> #REF!
... A30: Human Health & Social Work | B30: =#REF!/Trend_VA!#REF!*100 -> #REF! | C30: =#REF!/Trend_VA!#REF!*100 -> #REF! | D30: =#REF!/Trend_VA!#REF!*100 -> #REF! | E30: =#REF!/Trend_VA!#REF!*100 -> #REF! | F30: =#REF!/Trend_VA!#REF!*100 -> #REF! | G30: =#REF!/Trend_VA!#REF!*100 -> #REF! | H30: =#REF!/Trend_VA!#REF!*100 -> #REF! | I30: =#REF!/Trend_VA!#REF!*100 -> #REF! | ... AI30: =#REF!/Trend_VA!#REF!*100 -> #REF! | AJ30: =#REF!/Trend_VA!B30*100 -> #REF! | AK30: =#REF!/Trend_VA!C30*100 -> #REF! | AL30: =#REF!/Trend_VA!D30*100 -> #REF! | AM30: =#REF!/Trend_VA!E30*100 -> #REF! | AN30: =#REF!/Trend_VA!F30*100 -> #REF! | AO30: =#REF!/Trend_VA!G30*100 -> #REF! | AP30: =#REF!/Trend_VA!H30*100 -> #REF! | AQ30: =#REF!/Trend_VA!I30*100 -> #REF!
A31: Arts, Entertainment & Recreation | B31: =#REF!/Trend_VA!#REF!*100 -> #REF! | C31: =#REF!/Trend_VA!#REF!*100 -> #REF! | D31: =#REF!/Trend_VA!#REF!*100 -> #REF! | E31: =#REF!/Trend_VA!#REF!*100 -> #REF! | F31: =#REF!/Trend_VA!#REF!*100 -> #REF! | G31: =#REF!/Trend_VA!#REF!*100 -> #REF! | H31: =#REF!/Trend_VA!#REF!*100 -> #REF! | I31: =#REF!/Trend_VA!#REF!*100 -> #REF! | ... P31: =#REF!/Trend_VA!#REF!*100 -> #REF! | Q31: Table 10: Summary of QGDP at constant 2009/10 prices, percentage change, 2010/11-2015/16 | R31: =#REF!/Trend_VA!#REF!*100 -> #REF! | S31: =#REF!/Trend_VA!#REF!*100 -> #REF! | T31: =#REF!/Trend_VA!#REF!*100 -> #REF! | U31: =#REF!/Trend_VA!#REF!*100 -> #REF! | V31: =#REF!/Trend_VA!#REF!*100 -> #REF! | W31: =#REF!/Trend_VA!#REF!*100 -> #REF! | X31: =#REF!/Trend_VA!#REF!*100 -> #REF! | Y31: =#REF!/Trend_VA!#REF!*100 -> #REF! | ... AI31: =#REF!/Trend_VA!#REF!*100 -> #REF! | AJ31: =#REF!/Trend_VA!B31*100 -> #REF! | AK31: =#REF!/Trend_VA!C31*100 -> #REF! | AL31: =#REF!/Trend_VA!D31*100 -> #REF! | AM31: =#REF!/Trend_VA!E31*100 -> #REF! | AN31: =#REF!/Trend_VA!F31*100 -> #REF! | AO31: =#REF!/Trend_VA!G31*100 -> #REF! | AP31: =#REF!/Trend_VA!H31*100 -> #REF! | AQ31: =#REF!/Trend_VA!I31*100 -> #REF!
A32: Other Service Activities | B32: =#REF!/Trend_VA!#REF!*100 -> #REF! | C32: =#REF!/Trend_VA!#REF!*100 -> #REF! | D32: =#REF!/Trend_VA!#REF!*100 -> #REF! | E32: =#REF!/Trend_VA!#REF!*100 -> #REF! | F32: =#REF!/Trend_VA!#REF!*100 -> #REF! | G32: =#REF!/Trend_VA!#REF!*100 -> #REF! | H32: =#REF!/Trend_VA!#REF!*100 -> #REF! | I32: =#REF!/Trend_VA!#REF!*100 -> #REF! | ... AI32: =#REF!/Trend_VA!#REF!*100 -> #REF! | AJ32: =#REF!/Trend_VA!B32*100 -> #REF! | AK32: =#REF!/Trend_VA!C32*100 -> #REF! | AL32: =#REF!/Trend_VA!D32*100 -> #REF! | AM32: =#REF!/Trend_VA!E32*100 -> #REF! | AN32: =#REF!/Trend_VA!F32*100 -> #REF! | AO32: =#REF!/Trend_VA!G32*100 -> #REF! | AP32: =#REF!/Trend_VA!H32*100 -> #REF! | AQ32: =#REF!/Trend_VA!I32*100 -> #REF!
A33: Activities of Households | B33: =#REF!/Trend_VA!#REF!*100 -> #REF! | C33: =#REF!/Trend_VA!#REF!*100 -> #REF! | D33: =#REF!/Trend_VA!#REF!*100 -> #REF! | E33: =#REF!/Trend_VA!#REF!*100 -> #REF! | F33: =#REF!/Trend_VA!#REF!*100 -> #REF! | G33: =#REF!/Trend_VA!#REF!*100 -> #REF! | H33: =#REF!/Trend_VA!#REF!*100 -> #REF! | I33: =#REF!/Trend_VA!#REF!*100 -> #REF! | ... AI33: =#REF!/Trend_VA!#REF!*100 -> #REF! | AJ33: =#REF!/Trend_VA!B33*100 -> #REF! | AK33: =#REF!/Trend_VA!C33*100 -> #REF! | AL33: =#REF!/Trend_VA!D33*100 -> #REF! | AM33: =#REF!/Trend_VA!E33*100 -> #REF! | AN33: =#REF!/Trend_VA!F33*100 -> #REF! | AO33: =#REF!/Trend_VA!G33*100 -> #REF! | AP33: =#REF!/Trend_VA!H33*100 -> #REF! | AQ33: =#REF!/Trend_VA!I33*100 -> #REF!
A35: ADJUSTMENTS
A36: Taxes on Products | B36: =#REF!/Trend_VA!#REF!*100 -> #REF! | C36: =#REF!/Trend_VA!#REF!*100 -> #REF! | D36: =#REF!/Trend_VA!#REF!*100 -> #REF! | E36: =#REF!/Trend_VA!#REF!*100 -> #REF! | F36: =#REF!/Trend_VA!#REF!*100 -> #REF! | G36: =#REF!/Trend_VA!#REF!*100 -> #REF! | H36: =#REF!/Trend_VA!#REF!*100 -> #REF! | I36: =#REF!/Trend_VA!#REF!*100 -> #REF! | ... AI36: =#REF!/Trend_VA!#REF!*100 -> #REF! | AJ36: =#REF!/Trend_VA!B36*100 -> #REF! | AK36: =#REF!/Trend_VA!C36*100 -> #REF! | AL36: =#REF!/Trend_VA!D36*100 -> #REF! | AM36: =#REF!/Trend_VA!E36*100 -> #REF! | AN36: =#REF!/Trend_VA!F36*100 -> #REF! | AO36: =#REF!/Trend_VA!G36*100 -> #REF! | AP36: =#REF!/Trend_VA!H36*100 -> #REF! | AQ36: =#REF!/Trend_VA!I36*100 -> #REF!
A37: Source: Uganda Bureau of Statistics
Z38: 8.5

Sheet Graphs (2)

Sheet Graphs

Sheet Original_Expenditure
A1: Updated: | C1: 2016 | D1: 2016 | E1: 2017 | F1: 2017 | G1: 2017 | H1: 2017 | I1: 2018 | J1: 2018 | K1: 2018 | L1: 2018 | M1: 2019 | N1: 2019 | O1: 2019 | P1: 2019 | Q1: 2020 | R1: 2020 | S1: 2020 | T1: 2020 | U1: 2021 | V1: 2021 | W1: 2021 | X1: 2021 | Y1: 2022 | Z1: 2022 | AA1: 2022 | AB1: 2022 | AC1: 2023 | AD1: 2023 | AE1: 2023 | AF1: 2023 | AG1: 2024 | AH1: 2024 | AI1: 2024 | AJ1: 2024 | AK1: 2025 | AL1: 2025
B2: Accounts for | C2: 2016/17 | G2: 2017/18 | K2: 2018/19 | O2: 2019/20 | S2: 2020/21 | W2: 2021/22 | AA2: 2022/23 | AE2: 2023/24 | AI2: 2024/25
B3: EXPENDITURE Constant prices | C3: Q1 | D3: Q2 | E3: Q3 | F3: Q4 | G3: Q1 | H3: Q2 | I3: Q3 | J3: Q4 | K3: Q1 | L3: Q2 | M3: Q3 | N3: Q4 | O3: Q1 | P3: Q2 | Q3: Q3 | R3: Q4 | S3: Q1 | T3: Q2 | U3: Q3 | V3: Q4 | W3: Q1 | X3: Q2 | Y3: Q3 | Z3: Q4 | AA3: Q1 | AB3: Q2 | AC3: Q3 | AD3: Q4 | AE3: Q1 | AF3: Q2 | AG3: Q3 | AH3: Q4 | AI3: Q1 | AJ3: Q2 | AK3: Q3 | AL3: Q4
B4: Final Consumption Expenditure | C4: 21056.108 | D4: 21809.964 | E4: 20873.407 | F4: 21882.071 | G4: 23635.343 | H4: 22889.457 | I4: 23080.407 | J4: 24400.686 | K4: 24578.433 | L4: 25052.237 | M4: 24429.744 | N4: 26518.577 | O4: 27496.761 | P4: 27762.147 | Q4: 24507.264 | R4: 24079.789 | S4: 27567.684 | T4: 28215.331 | U4: 26474.968 | V4: 27848.232 | W4: 27972.653 | X4: 28348.573 | Y4: 28267.668 | Z4: 30291.768 | AA4: 31361.55 | AB4: 30181.181 | AC4: 27673.232 | AD4: 29957.688 | AE4: 32920.65 | AF4: 31184.091 | AG4: 27447.646 | AH4: 30593.882 | AI4: 35471.969 | AJ4: 32619.171 | AK4: 33546.461 | AL4: 33303.949
B5: General Government FCE | C5: 1993.8506 | D5: 2102.9782 | E5: 2058.9446 | F5: 2535.9086 | G5: 2354.6136 | H5: 2575.5965 | I5: 2456.0321 | J5: 2687.4359 | K5: 2424.4707 | L5: 2664.4656 | M5: 2471.3663 | N5: 3312.0474 | O5: 2637.0772 | P5: 3251.1259 | Q5: 3009.6177 | R5: 3359.6022 | S5: 2846.0464 | T5: 3376.3583 | U5: 3362.9828 | V5: 3472.7615 | W5: 3032.8623 | X5: 3015.6576 | Y5: 3658.1947 | Z5: 4024.1059 | AA5: 3634.3059 | AB5: 3550.8513 | AC5: 3429.2703 | AD5: 3641.0724 | AE5: 3683.2112 | AF5: 3467.0353 | AG5: 4088.2918 | AH5: 5147.0963 | AI5: 4964.2054 | AJ5: 4789.4191 | AK5: 5523.6073 | AL5: 5842.8258
B6: NPISH FCE | C6: 1028.3715 | D6: 1050.8996 | E6: 1079.8473 | F6: 1103.0017 | G6: 1143.1427 | H6: 1190.9272 | I6: 1244.3071 | J6: 1298.9417 | K6: 1377.0939 | L6: 1406.5254 | M6: 1388.0897 | N6: 1337.5424 | O6: 1258.8632 | P6: 1195.4984 | Q6: 1138.9556 | R6: 1109.131 | S6: 1105.8405 | T6: 1116.5329 | U6: 1151.8145 | V6: 1193.2397 | W6: 1238.0769 | X6: 1276.9131 | Y6: 1301.2069 | Z6: 1332.261 | AA6: 1372.9372 | AB6: 1362.645 | AC6: 1376.6523 | AD6: 1383.4521 | AE6: 1419.8263 | AF6: 1450.6647 | AG6: 1325.2086 | AH6: 1347.1035 | AI6: 1340.0776 | AJ6: 1345.2022 | AK6: 1179.8711 | AL6: 1283.1168
B7: Household FCE | C7: 18033.886 | D7: 18656.087 | E7: 17734.615 | F7: 18243.161 | G7: 20137.586 | H7: 19122.934 | I7: 19380.068 | J7: 20414.308 | K7: 20776.868 | L7: 20981.246 | M7: 20570.288 | N7: 21868.987 | O7: 23600.82 | P7: 23315.523 | Q7: 20358.691 | R7: 19611.056 | S7: 23615.797 | T7: 23722.44 | U7: 21960.17 | V7: 23182.231 | W7: 23701.713 | X7: 24056.002 | Y7: 23308.266 | Z7: 24935.401 | AA7: 26354.307 | AB7: 25267.685 | AC7: 22867.309 | AD7: 24933.164 | AE7: 27817.612 | AF7: 26266.391 | AG7: 22034.146 | AH7: 24099.683 | AI7: 29167.686 | AJ7: 26484.55 | AK7: 26842.983 | AL7: 26178.006
B8: Gross Fixed Capital Formation | C8: 6395.6537 | D8: 6857.9603 | E8: 6318.6139 | F8: 6528.9902 | G8: 7184.0049 | H8: 7297.7366 | I8: 7060.1156 | J8: 7108.5563 | K8: 7675.5755 | L8: 7828.7503 | M8: 7691.5252 | N8: 8232.0251 | O8: 7984.0966 | P8: 8101.5448 | Q8: 8238.9369 | R8: 7080.2528 | S8: 7125.6248 | T8: 8633.175 | U8: 8524.5459 | V8: 8565.9508 | W8: 8756.0932 | X8: 9192.4806 | Y8: 8534.4336 | Z8: 8763.0548 | AA8: 9047.7164 | AB8: 9154.8138 | AC8: 8919.6258 | AD8: 9429.5564 | AE8: 9575.9233 | AF8: 9262.3743 | AG8: 9968.3771 | AH8: 10179.465 | AI8: 9888.709 | AJ8: 9942.4045 | AK8: 10839.635 | AL8: 11106.42
B9: Dwellings | C9: 82.406705 | D9: 82.390972 | E9: 82.525201 | F9: 82.811741 | G9: 83.25297 | H9: 83.659714 | I9: 84.031412 | J9: 84.367496 | K9: 84.667391 | L9: 84.977296 | M9: 85.297353 | N9: 85.627707 | O9: 85.968504 | P9: 86.308472 | Q9: 86.64758 | R9: 86.985801 | S9: 87.323103 | T9: 87.662248 | U9: 88.003248 | V9: 88.346116 | W9: 88.690867 | X9: 89.036832 | Y9: 89.384016 | Z9: 89.732421 | AA9: 90.082051 | AB9: 90.433074 | AC9: 90.785498 | AD9: 91.139328 | AE9: 91.494569 | AF9: 91.851187 | AG9: 92.209187 | AH9: 92.568575 | AI9: 92.929355 | AJ9: 93.291543 | AK9: 93.655145 | AL9: 94.020165
B10: Other Buildings | C10: 1421.5075 | D10: 1560.3049 | E10: 1455.7505 | F10: 1542.0243 | G10: 1514.0816 | H10: 1547.0148 | I10: 1638.2659 | J10: 1757.562 | K10: 1735.3264 | L10: 1776.0615 | M10: 1787.2149 | N10: 1930.7897 | O10: 1859.4191 | P10: 1956.231 | Q10: 1940.3932 | R10: 1821.8274 | S10: 1558.7432 | T10: 1942.0978 | U10: 2020.6703 | V10: 2177.5291 | W10: 2305.3667 | X10: 2189.282 | Y10: 2041.6952 | Z10: 2154.6246 | AA10: 2225.3554 | AB10: 2093.8053 | AC10: 2165.8792 | AD10: 2194.0547 | AE10: 2312.7802 | AF10: 2065.9426 | AG10: 2297.647 | AH10: 2474.026 | AI10: 2405.5274 | AJ10: 2475.7329 | AK10: 2838.778 | AL10: 2904.1867
B11: Other Structures | C11: 2300.0523 | D11: 2500.2614 | E11: 2276.4166 | F11: 2300.5622 | G11: 2320.5892 | H11: 2525.1316 | I11: 2527.9708 | J11: 2723.5185 | K11: 2711.6484 | L11: 2982.8216 | M11: 2942.8028 | N11: 3100.1009 | O11: 2905.5806 | P11: 3071.0241 | Q11: 3166.287 | R11: 2972.8705 | S11: 2527.8992 | T11: 3295.3763 | U11: 3413.5643 | V11: 3478.8037 | W11: 3273.0874 | X11: 3213.7684 | Y11: 3063.248 | Z11: 3251.4972 | AA11: 3344.7909 | AB11: 3317.8393 | AC11: 3450.7843 | AD11: 3781.0932 | AE11: 3551.4131 | AF11: 3503.4834 | AG11: 3909.6946 | AH11: 4132.7349 | AI11: 3794.6654 | AJ11: 3605.0321 | AK11: 4338.6867 | AL11: 4648.9834
B12: Transport Equipment | C12: 467.46982 | D12: 541.96879 | E12: 439.51209 | F12: 431.44024 | G12: 648.72579 | H12: 660.22085 | I12: 587.38285 | J12: 613.15448 | K12: 590.12291 | L12: 563.68262 | M12: 502.07668 | N12: 554.7833 | O12: 541.36254 | P12: 469.22391 | Q12: 452.37275 | R12: 207.18267 | S12: 483.74848 | T12: 451.29433 | U12: 561.96974 | V12: 523.42195 | W12: 525.51274 | X12: 570.25763 | Y12: 500.79524 | Z12: 567.34225 | AA12: 550.24269 | AB12: 476.3246 | AC12: 557.30615 | AD12: 575.37771 | AE12: 508.5104 | AF12: 457.7731 | AG12: 505.29788 | AH12: 485.3277 | AI12: 502.32596 | AJ12: 705.50321 | AK12: 540.33548 | AL12: 644.91682
B13: ICT Equipment | C13: 47.130738 | D13: 178.07993 | E13: 352.88163 | F13: 167.93997 | G13: 160.2673 | H13: 180.91728 | I13: 135.48406 | J13: 101.2749 | K13: 129.491 | L13: 141.42411 | M13: 175.99962 | N13: 150.72942 | O13: 128.10082 | P13: 120.94143 | Q13: 121.74162 | R13: 124.56159 | S13: 102.51937 | T13: 130.43032 | U13: 106.50985 | V13: 122.84204 | W13: 88.108905 | X13: 132.29198 | Y13: 115.54869 | Z13: 165.02796 | AA13: 127.47252 | AB13: 127.89371 | AC13: 150.12625 | AD13: 116.71406 | AE13: 101.05715 | AF13: 80.534697 | AG13: 146.26476 | AH13: 126.111 | AI13: 79.209061 | AJ13: 153.16075 | AK13: 128.83212 | AL13: 98.460206
B14: Other Machinery and Equipment | C14: 1485.3314 | D14: 1460.2273 | E14: 1195.6421 | F14: 1559.7693 | G14: 1890.6726 | H14: 1724.4582 | I14: 1521.8294 | J14: 1262.2021 | K14: 1854.3913 | L14: 1765.0243 | M14: 1601.1083 | N14: 1835.5279 | O14: 1857.3206 | P14: 1767.4203 | Q14: 1875.9887 | R14: 1346.2051 | S14: 1740.0588 | T14: 2064.5847 | U14: 1714.2292 | V14: 1603.8935 | W14: 1796.7973 | X14: 2208.0139 | Y14: 2034.4344 | Z14: 1823.324 | AA14: 1920.0489 | AB14: 2219.8794 | AC14: 1590.0003 | AD14: 1683.7703 | AE14: 2018.8744 | AF14: 1999.3184 | AG14: 2047.661 | AH14: 1944.1629 | AI14: 1965.0744 | AJ14: 1850.6783 | AK14: 1826.6895 | AL14: 1790.5718
B15: Other Asset Types | C15: 591.75519 | D15: 534.72692 | E15: 515.88585 | F15: 444.44248 | G15: 566.41542 | H15: 576.33423 | I15: 565.15115 | J15: 566.47683 | K15: 569.92817 | L15: 514.75881 | M15: 597.02545 | N15: 574.46619 | O15: 606.34441 | P15: 630.39558 | Q15: 595.50609 | R15: 520.61983 | S15: 625.33258 | T15: 661.72935 | U15: 619.59925 | V15: 571.11439 | W15: 678.5293 | X15: 789.82982 | Y15: 689.32794 | Z15: 711.50633 | AA15: 789.72396 | AB15: 828.63849 | AC15: 914.74405 | AD15: 987.40709 | AE15: 991.79356 | AF15: 1063.4708 | AG15: 969.60262 | AH15: 924.53386 | AI15: 1048.9775 | AJ15: 1059.0056 | AK15: 1072.6579 | AL15: 925.28056
... B25: GDP at Market Prices | C25: 28577.25 | D25: 26610.224 | E25: 26240.151 | F25: 27090.416 | G25: 30772.211 | H25: 28335.282 | I25: 27653.33 | J25: 28598.112 | K25: 32487.628 | L25: 29958.638 | M25: 29773.221 | N25: 30567.116 | O25: 34943.76 | P25: 32466.476 | Q25: 30130.098 | R25: 28870.078 | S25: 34802.79 | T25: 32477.032 | U25: 30975.068 | V25: 32626.128 | W25: 35622.479 | X25: 34024.497 | Y25: 32716.622 | Z25: 34522.269 | AA25: 38746.74 | AB25: 35491.988 | AC25: 33446.221 | AD25: 36506.48 | AE25: 41068.053 | AF25: 37544.269 | AG25: 35728.81 | AH25: 38581.926 | AI25: 43605.801 | AJ25: 39557.92 | AK25: 38728.024 | AL25: 40714.112
G26: 2017/18 | K26: 2018/19 | O26: 2019/20 | S26: 2020/21 | W26: 2021/22 | AA26: 2022/23 | AE26: 2023/24 | AI26: 2024/25
B27: QUARTERLY CHANGES Constant prices | G27: Q1 | H27: Q2 | I27: Q3 | J27: Q4 | K27: Q1 | L27: Q2 | M27: Q3 | N27: Q4 | O27: Q1 | P27: Q2 | Q27: Q3 | R27: Q4 | S27: Q1 | T27: Q2 | U27: Q3 | V27: Q4 | W27: Q1 | X27: Q2 | Y27: Q3 | Z27: Q4 | AA27: Q1 | AB27: Q2 | AC27: Q3 | AD27: Q4 | AE27: Q1 | AF27: Q2 | AG27: Q3 | AH27: Q4 | AI27: Q1 | AJ27: Q2 | AK27: Q3 | AL27: Q4
B28: Final Consumption Expenditure | C28: 0.93480928 | D28: 10.85888 | E28: -16.79752 | F28: 14.935018 | G28: 12.249343 | H28: 4.9495396 | I28: 10.573265 | J28: 11.509947 | K28: 3.9901712 | L28: 9.448802 | M28: 5.846243 | N28: 8.6796389 | O28: 11.87353 | P28: 10.817039 | Q28: 0.31731783 | R28: -9.1965277 | S28: 0.25793239 | T28: 1.63238 | U28: 8.0290639 | V28: 15.64982 | W28: 1.4689981 | X28: 0.47223325 | Y28: 6.771303 | Z28: 8.7744729 | AA28: 12.115038 | AB28: 6.464551 | AC28: -2.1028834 | AD28: -1.1028727 | AE28: 4.9713737 | AF28: 3.3229657 | AG28: -0.81517575 | AH28: 2.1236416 | AI28: 7.7499052 | AJ28: 4.6019624 | AK28: 22.219809 | AL28: 8.8581979
B29: General Government FCE | C29: 6.5162488 | D29: -0.050776208 | E29: 17.23704 | F29: 28.841789 | G29: 18.093785 | H29: 22.473761 | I29: 19.285971 | J29: 5.9752645 | K29: 2.9668196 | L29: 3.4504285 | M29: 0.62434938 | N29: 23.241915 | O29: 8.7691913 | P29: 22.017936 | Q29: 21.779508 | R29: 1.4358127 | S29: 7.9242727 | T29: 3.8519697 | U29: 11.741197 | V29: 3.3682347 | W29: 6.5640495 | X29: -10.683128 | Y29: 8.7782745 | Z29: 15.876254 | AA29: 19.83089 | AB29: 17.747162 | AC29: -6.2578514 | AD29: -9.5184753 | AE29: 1.3456567 | AF29: -2.3604462 | AG29: 19.217542 | AH29: 41.362097 | AI29: 34.779276 | AJ29: 38.141629 | AK29: 35.107951 | AL29: 13.516932
B30: NPISH FCE | C30: 5.8183991 | D30: 5.8445629 | E30: 8.6812151 | F30: 10.202213 | G30: 11.16048 | H30: 13.324545 | I30: 15.229913 | J30: 17.764245 | K30: 20.465624 | L30: 18.103399 | M30: 11.555232 | N30: 2.9717063 | O30: -8.5855267 | P30: -15.003432 | Q30: -17.947986 | R30: -17.076944 | S30: -12.155625 | T30: -6.605235 | U30: 1.1290148 | V30: 7.5832885 | W30: 11.958003 | X30: 14.364127 | Y30: 12.970178 | Z30: 11.65075 | AA30: 10.892725 | AB30: 6.7139968 | AC30: 5.7981081 | AD30: 3.8424214 | AE30: 3.4152391 | AF30: 6.4594763 | AG30: -3.7368706 | AH30: -2.627384 | AI30: -5.6167959 | AJ30: -7.2699458 | AK30: -10.967144 | AL30: -4.7499509
B31: Household FCE | C31: 0.091526565 | D31: 12.543954 | E31: -20.60668 | F31: 13.526465 | G31: 11.665266 | H31: 2.5023842 | I31: 9.2782012 | J31: 11.90116 | K31: 3.1745722 | L31: 9.7177145 | M31: 6.141464 | N31: 7.125782 | O31: 13.591807 | P31: 11.12554 | Q31: -1.0286552 | R31: -10.324812 | S31: 0.063457734 | T31: 1.7452614 | U31: 7.8663201 | V31: 18.210013 | W31: 0.36380908 | X31: 1.406106 | Y31: 6.1388232 | Z31: 7.5625585 | AA31: 11.191568 | AB31: 5.0369233 | AC31: -1.8918485 | AD31: -0.0089719979 | AE31: 5.5524339 | AF31: 3.952505 | AG31: -3.6434686 | AH31: -3.3428625 | AI31: 4.8533056 | AJ31: 0.83056304 | AK31: 21.824475 | AL31: 8.6238642
B32: Gross Fixed Capital Formation | C32: -1.7073961 | D32: 2.133728 | E32: 0.6016882 | F32: 7.1509196 | G32: 12.326358 | H32: 6.4126403 | I32: 11.735196 | J32: 8.8768103 | K32: 6.8425716 | L32: 7.2764155 | M32: 8.9433317 | N32: 15.804458 | O32: 4.0195165 | P32: 3.4845223 | Q32: 7.1170771 | R32: -13.99136 | S32: -10.752272 | T32: 6.5620839 | U32: 3.4665749 | V32: 20.983685 | W32: 22.88176 | X32: 6.4785617 | Y32: 0.11599133 | Z32: 2.3010175 | AA32: 3.3305177 | AB32: -0.40975605 | AC32: 4.5133893 | AD32: 7.6058135 | AE32: 5.8380135 | AF32: 1.1749059 | AG32: 11.757795 | AH32: 7.9527445 | AI32: 3.2663764 | AJ32: 7.341857 | AK32: 8.7402169 | AL32: 9.1061252
B33: Dwellings | C33: 3.8703884 | D33: 1.6857289 | E33: 0.51018813 | F33: 0.29268347 | G33: 1.0269369 | H33: 1.5399037 | I33: 1.8251533 | J33: 1.8786647 | K33: 1.6989445 | L33: 1.57493 | M33: 1.5065088 | N33: 1.493716 | O33: 1.5367344 | P33: 1.5665077 | Q33: 1.5829654 | R33: 1.5860449 | S33: 1.5756923 | T33: 1.5685324 | U33: 1.5645764 | V33: 1.5638363 | W33: 1.5663245 | X33: 1.5680456 | Y33: 1.5689967 | Z33: 1.5691746 | AA33: 1.5685765 | AB33: 1.5681627 | AC33: 1.567934 | AD33: 1.5678911 | AE33: 1.5680348 | AF33: 1.5681343 | AG33: 1.5681895 | AH33: 1.5682001 | AI33: 1.568166 | AJ33: 1.568142 | AK33: 1.568128 | AL33: 1.5681241
B34: Other Buildings | C34: 7.9732637 | D34: 12.736558 | E34: 7.6479014 | F34: 20.014063 | G34: 6.5123908 | H34: -0.8517645 | I34: 12.537549 | J34: 13.977576 | K34: 14.612474 | L34: 14.80572 | M34: 9.0918731 | N34: 9.8561374 | O34: 7.1509741 | P34: 10.14433 | Q34: 8.5707774 | R34: -5.6434075 | S34: -16.170421 | T34: -0.72247434 | U34: 4.1371568 | V34: 19.524447 | W34: 47.899065 | X34: 12.72769 | Y34: 1.0404954 | Z34: -1.0518546 | AA34: -3.4706507 | AB34: -4.3610973 | AC34: 6.0823943 | AD34: 1.8300212 | AE34: 3.9285733 | AF34: -1.330718 | AG34: 6.083804 | AH34: 12.760451 | AI34: 4.0102039 | AJ34: 19.835513 | AK34: 23.551529 | AL34: 17.387074
B35: Other Structures | C35: 14.995735 | D35: 15.106636 | E35: 6.6894839 | F35: 11.711146 | G35: 0.8928849 | H35: 0.99470081 | I35: 11.050447 | J35: 18.384913 | K35: 16.85172 | L35: 18.125395 | M35: 16.409682 | N35: 13.827053 | O35: 7.15182 | P35: 2.9570131 | Q35: 7.5942644 | R35: -4.1040741 | S35: -12.998482 | T35: 7.3054525 | U35: 7.8096915 | V35: 17.018341 | W35: 29.478557 | X35: -2.4764361 | Y35: -10.262477 | Z35: -6.5340418 | AA35: 2.1906983 | AB35: 3.2382828 | AC35: 12.651157 | AD35: 16.287757 | AE35: 6.1774325 | AF35: 5.5953333 | AG35: 13.298724 | AH35: 9.3000019 | AI35: 6.849451 | AJ35: 2.8985062 | AK35: 10.972522 | AL35: 12.491692
B36: Transport Equipment | C36: -19.229177 | D36: 2.5459388 | E36: -9.2477908 | F36: -7.7458166 | G36: 38.773835 | H36: 21.818981 | I36: 33.6443 | J36: 42.118055 | K36: -9.0335363 | L36: -14.622111 | M36: -14.523095 | N36: -9.5198159 | O36: -8.262748 | P36: -16.757429 | Q36: -9.8996687 | R36: -62.655208 | S36: -10.642418 | T36: -3.8211138 | U36: 24.227142 | V36: 152.6379 | W36: 8.6334671 | X36: 26.360471 | Y36: -10.885729 | Z36: 8.3909919 | AA36: 4.7058691 | AB36: -16.472035 | AC36: 11.284235 | AD36: 1.4163354 | AE36: -7.5843426 | AF36: -3.894717 | AG36: -9.3320835 | AH36: -15.650591 | AI36: -1.2161876 | AJ36: 54.116354 | AK36: 6.9340488 | AL36: 32.882755
B37: ICT Equipment | C37: -74.517676 | D37: 51.826403 | E37: 73.939727 | F37: -3.4003552 | G37: 240.04836 | H37: 1.5933032 | I37: -61.606372 | J37: -39.695774 | K37: -19.203108 | L37: -21.829409 | M37: 29.904298 | N37: 48.831959 | O37: -1.0735753 | P37: -14.48316 | Q37: -30.828473 | R37: -17.360796 | S37: -19.969776 | T37: 7.8458587 | U37: -12.511555 | V37: -1.3804842 | W37: -14.056333 | X37: 1.4273197 | Y37: 8.48639 | Z37: 34.341603 | AA37: 44.676091 | AB37: -3.3246695 | AC37: 29.924665 | AD37: -29.276191 | AE37: -20.722403 | AF37: -37.029977 | AG37: -2.5721613 | AH37: 8.0512487 | AI37: -21.619537 | AJ37: 90.179832 | AK37: -11.918551 | AL37: -21.92576
B38: Other Machinery and Equipment | C38: -12.428698 | D38: -14.682622 | E38: -14.324043 | F38: 5.9506128 | G38: 27.289615 | H38: 18.095187 | I38: 27.281354 | J38: -19.07764 | K38: -1.9189614 | L38: 2.3523992 | M38: 5.2094477 | N38: 45.422662 | O38: 0.15796374 | P38: 0.13575061 | Q38: 17.168132 | R38: -26.658422 | S38: -6.3134901 | T38: 16.813452 | U38: -8.6226259 | V38: 19.141837 | W38: 3.26072 | X38: 6.9471231 | Y38: 18.679252 | Z38: 13.681113 | AA38: 6.8595155 | AB38: 0.53738183 | AC38: -21.845586 | AD38: -7.6538054 | AE38: 5.1470317 | AF38: -9.93572 | AG38: 28.783687 | AH38: 15.46485 | AI38: -2.6648502 | AJ38: -7.4345371 | AK38: -10.79141 | AL38: -7.9001124
B39: Other Asset Types | C39: -9.0869717 | D39: -25.750878 | E39: -18.112308 | F39: -19.595569 | G39: -4.2821385 | H39: 7.7810379 | I39: 9.5496512 | J39: 27.45785 | K39: 0.62017187 | L39: -10.683977 | M39: 5.6399602 | N39: 1.4103602 | O39: 6.3896203 | P39: 22.464262 | Q39: -0.25448814 | R39: -9.3732873 | S39: 3.1315817 | T39: 4.9704939 | U39: 4.0458295 | V39: 9.6989328 | W39: 8.5069477 | X39: 19.358439 | Y39: 11.253837 | Z39: 24.582105 | AA39: 16.387599 | AB39: 4.9135476 | AC39: 32.700852 | AD39: 38.776993 | AE39: 25.587371 | AF39: 28.339538 | AG39: 5.9971494 | AH39: -6.3675081 | AI39: 5.7657074 | AJ39: -0.41986802 | AK39: 10.628607 | AL39: 0.080764805
... B47: Services | C47: 123.59877 | D47: 144.06814 | E47: 113.82494 | F47: 88.442915 | G47: 14.016327 | H47: 17.251356 | I47: 9.2748683 | J47: 2.3265212 | K47: 18.167648 | L47: 13.320456 | M47: 26.930686 | N47: 8.6259651 | O47: 4.4244604 | P47: -1.145213 | Q47: 20.499554 | R47: -19.535462 | S47: -10.661079 | T47: 3.1475144 | U47: -29.231685 | V47: 31.898086 | W47: -1.7135466 | X47: -12.275617 | Y47: 7.2108343 | Z47: -7.8471386 | AA47: 6.6596278 | AB47: -3.5783242 | AC47: 0.61715871 | AD47: 8.1379653 | AE47: 20.227711 | AF47: 40.604545 | AG47: 23.844492 | AH47: 6.5022201 | AI47: -15.002728 | AJ47: -0.8014262 | AK47: -3.2902651 | AL47: 37.985736
B48: Statistical Discrepancy
B49: GDP at Market Prices | C49: -0.26123732 | D49: 0.50759973 | E49: 6.7463304 | F49: 6.1812772 | G49: 7.6807994 | H49: 6.482691 | I49: 5.3855619 | J49: 5.5654191 | K49: 5.5745631 | L49: 5.7290986 | M49: 7.6659497 | N49: 6.8850866 | O49: 7.5602101 | P49: 8.3709998 | Q49: 1.1986518 | R49: -5.5518446 | S49: -0.40342092 | T49: 0.032514813 | U49: 2.8044035 | V49: 13.010184 | W49: 2.3552391 | X49: 4.7647978 | Y49: 5.6224394 | Z49: 5.8117272 | AA49: 8.7704759 | AB49: 4.3130427 | AC49: 2.2300565 | AD49: 5.7476249 | AE49: 5.9909884 | AF49: 5.7823762 | AG49: 6.8246543 | AH49: 5.6851455 | AI49: 6.179374 | AJ49: 5.3634057 | AK49: 8.3943861 | AL49: 5.5263844

Sheet Deseason_Exp
A1: Updated: | C1: 2016 | D1: 2016 | E1: 2017 | F1: 2017 | G1: 2017 | H1: 2017 | I1: 2018 | J1: 2018 | K1: 2018 | L1: 2018 | M1: 2019 | N1: 2019 | O1: 2019 | P1: 2019 | Q1: 2020 | R1: 2020 | S1: 2020 | T1: 2020 | U1: 2021 | V1: 2021 | W1: 2021 | X1: 2021 | Y1: 2022 | Z1: 2022 | AA1: 2022 | AB1: 2022 | AC1: 2023 | AD1: 2023 | AE1: 2023 | AF1: 2023 | AG1: 2024 | AH1: 2024 | AI1: 2024 | AJ1: 2024 | AK1: 2025 | AL1: 2025
B2: Accounts for | C2: 2016/17 | G2: 2017/18 | K2: 2018/19 | O2: 2019/20 | S2: 2020/21 | W2: 2021/22 | AA2: 2022/23 | AE2: 2023/24 | AI2: 2024/25
B3: EXPENDITURE Constant prices | C3: Q1 | D3: Q2 | E3: Q3 | F3: Q4 | G3: Q1 | H3: Q2 | I3: Q3 | J3: Q4 | K3: Q1 | L3: Q2 | M3: Q3 | N3: Q4 | O3: Q1 | P3: Q2 | Q3: Q3 | R3: Q4 | S3: Q1 | T3: Q2 | U3: Q3 | V3: Q4 | W3: Q1 | X3: Q2 | Y3: Q3 | Z3: Q4 | AA3: Q1 | AB3: Q2 | AC3: Q3 | AD3: Q4 | AE3: Q1 | AF3: Q2 | AG3: Q3 | AH3: Q4 | AI3: Q1 | AJ3: Q2 | AK3: Q3 | AL3: Q4
B4: Final Consumption Expenditure | C4: 21157.345 | D4: 21762.04 | E4: 20982.097 | F4: 21701.572 | G4: 23757.495 | H4: 22833.03 | I4: 23201.377 | J4: 24192.074 | K4: 24736.591 | L4: 24998.622 | M4: 24535.585 | N4: 26244.543 | O4: 27696.346 | P4: 27708.814 | Q4: 24583.326 | R4: 23818.729 | S4: 27785.824 | T4: 28225.264 | U4: 26488.018 | V4: 27586.626 | W4: 28154.495 | X4: 28450.729 | Y4: 28265.688 | Z4: 29990.388 | AA4: 31474.239 | AB4: 30361.374 | AC4: 27689.725 | AD4: 29700.697 | AE4: 32976.386 | AF4: 31408.698 | AG4: 27464.636 | AH4: 30221.134 | AI4: 35511.56 | AJ4: 32955.116 | AK4: 33544.641 | AL4: 32908.048
B5: General Government FCE | C5: 2095.0883 | D5: 2055.0538 | E5: 2167.6352 | F5: 2355.4092 | G5: 2476.7657 | H5: 2519.1696 | I5: 2577.0016 | J5: 2478.8242 | K5: 2582.6286 | L5: 2610.8508 | M5: 2577.2077 | N5: 3038.0131 | O5: 2836.6628 | P5: 3197.793 | Q5: 3085.68 | R5: 3098.5423 | S5: 3064.1866 | T5: 3386.2918 | U5: 3376.0335 | V5: 3211.1547 | W5: 3214.7048 | X5: 3117.8137 | Y5: 3656.2144 | Z5: 3722.726 | AA5: 3746.995 | AB5: 3731.0447 | AC5: 3445.7637 | AD5: 3384.0807 | AE5: 3738.9471 | AF5: 3691.6426 | AG5: 4105.2813 | AH5: 4774.3484 | AI5: 5003.7963 | AJ5: 5125.3637 | AK5: 5521.7873 | AL5: 5446.9244
B6: NPISH FCE | C6: 1028.3715 | D6: 1050.8996 | E6: 1079.8473 | F6: 1103.0017 | G6: 1143.1427 | H6: 1190.9272 | I6: 1244.3071 | J6: 1298.9417 | K6: 1377.0939 | L6: 1406.5254 | M6: 1388.0897 | N6: 1337.5424 | O6: 1258.8632 | P6: 1195.4984 | Q6: 1138.9556 | R6: 1109.131 | S6: 1105.8405 | T6: 1116.5329 | U6: 1151.8145 | V6: 1193.2397 | W6: 1238.0769 | X6: 1276.9131 | Y6: 1301.2069 | Z6: 1332.261 | AA6: 1372.9372 | AB6: 1362.645 | AC6: 1376.6523 | AD6: 1383.4521 | AE6: 1419.8263 | AF6: 1450.6647 | AG6: 1325.2086 | AH6: 1347.1035 | AI6: 1340.0776 | AJ6: 1345.2022 | AK6: 1179.8711 | AL6: 1283.1168
B7: Household FCE | C7: 18033.886 | D7: 18656.087 | E7: 17734.615 | F7: 18243.161 | G7: 20137.586 | H7: 19122.934 | I7: 19380.068 | J7: 20414.308 | K7: 20776.868 | L7: 20981.246 | M7: 20570.288 | N7: 21868.987 | O7: 23600.82 | P7: 23315.523 | Q7: 20358.691 | R7: 19611.056 | S7: 23615.797 | T7: 23722.44 | U7: 21960.17 | V7: 23182.231 | W7: 23701.713 | X7: 24056.002 | Y7: 23308.266 | Z7: 24935.401 | AA7: 26354.307 | AB7: 25267.685 | AC7: 22867.309 | AD7: 24933.164 | AE7: 27817.612 | AF7: 26266.391 | AG7: 22034.146 | AH7: 24099.683 | AI7: 29167.686 | AJ7: 26484.55 | AK7: 26842.983 | AL7: 26178.006
B8: Gross Fixed Capital Formation | C8: 6302.7912 | D8: 6783.3088 | E8: 6398.6068 | F8: 6616.6463 | G8: 7067.5293 | H8: 7219.3676 | I8: 7157.4224 | J8: 7182.197 | K8: 7555.528 | L8: 7734.471 | M8: 7793.2241 | N8: 8373.954 | O8: 7866.7995 | P8: 7984.7101 | Q8: 8350.4636 | R8: 7206.3829 | S8: 7021.3402 | T8: 8480.1014 | U8: 8628.7494 | V8: 8713.4746 | W8: 8675.6058 | X8: 9016.2954 | Y8: 8639.5666 | Z8: 8869.6021 | AA8: 8962.736 | AB8: 9026.0483 | AC8: 9033.5341 | AD8: 9537.6045 | AE8: 9364.3417 | AF8: 9115.9156 | AG8: 10130.359 | AH8: 10393.838 | AI8: 9693.4103 | AJ8: 9758.5989 | AK8: 10945.459 | AL8: 11312.13
B9: Dwellings | C9: 82.406705 | D9: 82.390972 | E9: 82.525201 | F9: 82.811741 | G9: 83.25297 | H9: 83.659714 | I9: 84.031412 | J9: 84.367496 | K9: 84.667391 | L9: 84.977296 | M9: 85.297353 | N9: 85.627707 | O9: 85.968504 | P9: 86.308472 | Q9: 86.64758 | R9: 86.985801 | S9: 87.323103 | T9: 87.662248 | U9: 88.003248 | V9: 88.346116 | W9: 88.690867 | X9: 89.036832 | Y9: 89.384016 | Z9: 89.732421 | AA9: 90.082051 | AB9: 90.433074 | AC9: 90.785498 | AD9: 91.139328 | AE9: 91.494569 | AF9: 91.851187 | AG9: 92.209187 | AH9: 92.568575 | AI9: 92.929355 | AJ9: 93.291543 | AK9: 93.655145 | AL9: 94.020165
B10: Other Buildings | C10: 1421.5075 | D10: 1560.3049 | E10: 1455.7505 | F10: 1542.0243 | G10: 1514.0816 | H10: 1547.0148 | I10: 1638.2659 | J10: 1757.562 | K10: 1735.3264 | L10: 1776.0615 | M10: 1787.2149 | N10: 1930.7897 | O10: 1859.4191 | P10: 1956.231 | Q10: 1940.3932 | R10: 1821.8274 | S10: 1558.7432 | T10: 1942.0978 | U10: 2020.6703 | V10: 2177.5291 | W10: 2305.3667 | X10: 2189.282 | Y10: 2041.6952 | Z10: 2154.6246 | AA10: 2225.3554 | AB10: 2093.8053 | AC10: 2165.8792 | AD10: 2194.0547 | AE10: 2312.7802 | AF10: 2065.9426 | AG10: 2297.647 | AH10: 2474.026 | AI10: 2405.5274 | AJ10: 2475.7329 | AK10: 2838.778 | AL10: 2904.1867
B11: Other Structures | C11: 2300.0523 | D11: 2500.2614 | E11: 2276.4166 | F11: 2300.5622 | G11: 2320.5892 | H11: 2525.1316 | I11: 2527.9708 | J11: 2723.5185 | K11: 2711.6484 | L11: 2982.8216 | M11: 2942.8028 | N11: 3100.1009 | O11: 2905.5806 | P11: 3071.0241 | Q11: 3166.287 | R11: 2972.8705 | S11: 2527.8992 | T11: 3295.3763 | U11: 3413.5643 | V11: 3478.8037 | W11: 3273.0874 | X11: 3213.7684 | Y11: 3063.248 | Z11: 3251.4972 | AA11: 3344.7909 | AB11: 3317.8393 | AC11: 3450.7843 | AD11: 3781.0932 | AE11: 3551.4131 | AF11: 3503.4834 | AG11: 3909.6946 | AH11: 4132.7349 | AI11: 3794.6654 | AJ11: 3605.0321 | AK11: 4338.6867 | AL11: 4648.9834
B12: Transport Equipment | C12: 467.46982 | D12: 541.96879 | E12: 439.51209 | F12: 431.44024 | G12: 648.72579 | H12: 660.22085 | I12: 587.38285 | J12: 613.15448 | K12: 590.12291 | L12: 563.68262 | M12: 502.07668 | N12: 554.7833 | O12: 541.36254 | P12: 469.22391 | Q12: 452.37275 | R12: 207.18267 | S12: 483.74848 | T12: 451.29433 | U12: 561.96974 | V12: 523.42195 | W12: 525.51274 | X12: 570.25763 | Y12: 500.79524 | Z12: 567.34225 | AA12: 550.24269 | AB12: 476.3246 | AC12: 557.30615 | AD12: 575.37771 | AE12: 508.5104 | AF12: 457.7731 | AG12: 505.29788 | AH12: 485.3277 | AI12: 502.32596 | AJ12: 705.50321 | AK12: 540.33548 | AL12: 644.91682
B13: ICT Equipment | C13: 47.130738 | D13: 178.07993 | E13: 352.88163 | F13: 167.93997 | G13: 160.2673 | H13: 180.91728 | I13: 135.48406 | J13: 101.2749 | K13: 129.491 | L13: 141.42411 | M13: 175.99962 | N13: 150.72942 | O13: 128.10082 | P13: 120.94143 | Q13: 121.74162 | R13: 124.56159 | S13: 102.51937 | T13: 130.43032 | U13: 106.50985 | V13: 122.84204 | W13: 88.108905 | X13: 132.29198 | Y13: 115.54869 | Z13: 165.02796 | AA13: 127.47252 | AB13: 127.89371 | AC13: 150.12625 | AD13: 116.71406 | AE13: 101.05715 | AF13: 80.534697 | AG13: 146.26476 | AH13: 126.111 | AI13: 79.209061 | AJ13: 153.16075 | AK13: 128.83212 | AL13: 98.460206
B14: Other Machinery and Equipment | C14: 1393.1866 | D14: 1388.9909 | E14: 1283.9487 | F14: 1640.8924 | G14: 1774.579 | H14: 1637.1402 | I14: 1629.05 | J14: 1332.942 | K14: 1743.6452 | L14: 1672.6773 | M14: 1708.2088 | N14: 1943.3061 | O14: 1750.7889 | P14: 1671.8137 | Q14: 1995.1727 | R14: 1429.0198 | S14: 1644.2321 | T14: 1948.8036 | U14: 1819.6214 | V14: 1704.6119 | W14: 1701.1078 | X14: 2082.1225 | Y14: 2156.8835 | Z14: 1938.3619 | AA14: 1819.3573 | AB14: 2093.3082 | AC14: 1684.7105 | AD14: 1789.9434 | AE14: 1913.3953 | AF14: 1887.1416 | AG14: 2167.3178 | AH14: 2066.1238 | AI14: 1862.6144 | AJ14: 1748.2114 | AK14: 1932.711 | AL14: 1903.0256
B15: Other Asset Types | C15: 591.03753 | D15: 531.31181 | E15: 507.57214 | F15: 450.97538 | G15: 566.03336 | H15: 585.2832 | I15: 555.23739 | J15: 569.37771 | K15: 560.6267 | L15: 512.82657 | M15: 591.62391 | N15: 608.61691 | O15: 595.57912 | P15: 609.16741 | Q15: 587.84883 | R15: 563.93518 | S15: 616.87474 | T15: 624.43687 | U15: 618.41068 | V15: 617.91982 | W15: 693.7314 | X15: 739.53608 | Y15: 672.01188 | Z15: 703.01573 | AA15: 805.43514 | AB15: 826.44425 | AC15: 933.94216 | AD15: 989.28215 | AE15: 885.69106 | AF15: 1029.1889 | AG15: 1011.9276 | AH15: 1016.9456 | AI15: 956.13886 | AJ15: 977.66698 | AK15: 1072.4601 | AL15: 1018.5367
... B25: GDP at Market Prices | C25: 26412.382 | D25: 26833.178 | E25: 27615.092 | F25: 27881.12 | G25: 28280.027 | H25: 28575.32 | I25: 29218.34 | J25: 29435.05 | K25: 29940.121 | L25: 30171.336 | M25: 31551.784 | N25: 31384.57 | O25: 32281.331 | P25: 32718.16 | Q25: 31924.5 | R25: 29657.775 | S25: 31892.811 | T25: 32711.164 | U25: 32892.138 | V25: 33292.407 | W25: 32651.965 | X25: 34298.482 | Y25: 34986.793 | Z25: 35121.515 | AA25: 35508.22 | AB25: 35826.953 | AC25: 35796.595 | AD25: 36928.295 | AE25: 37523.449 | AF25: 38007.399 | AG25: 38339.889 | AH25: 39026.861 | AI25: 39915.242 | AJ25: 40085.641 | AK25: 41469.29 | AL25: 41170.975
G26: 2017/18 | K26: 2018/19 | O26: 2019/20 | S26: 2020/21 | W26: 2021/22 | AA26: 2022/23 | AE26: 2023/24 | AI26: 2024/25
B27: QUARTERLY CHANGES Constant prices | G27: Q1 | H27: Q2 | I27: Q3 | J27: Q4 | K27: Q1 | L27: Q2 | M27: Q3 | N27: Q4 | O27: Q1 | P27: Q2 | Q27: Q3 | R27: Q4 | S27: Q1 | T27: Q2 | U27: Q3 | V27: Q4 | W27: Q1 | X27: Q2 | Y27: Q3 | Z27: Q4 | AA27: Q1 | AB27: Q2 | AC27: Q3 | AD27: Q4 | AE27: Q1 | AF27: Q2 | AG27: Q3 | AH27: Q4 | AI27: Q1 | AJ27: Q2 | AK27: Q3 | AL27: Q4
B28: Final Consumption Expenditure | C28: 0.11942987 | D28: 0.028580835 | E28: -0.035839596 | F28: 0.034289909 | G28: 0.094736141 | H28: -0.038912532 | I28: 0.016132171 | J28: 0.04269994 | K28: 0.022508068 | L28: 0.01059285 | M28: -0.018522487 | N28: 0.069652202 | O28: 0.0553183 | P28: 0.00045015664 | Q28: -0.11279761 | R28: -0.031102269 | S28: 0.1665536 | T28: 0.015815266 | U28: -0.061549321 | V28: 0.041475633 | W28: 0.020584952 | X28: 0.010521726 | Y28: -0.0065039202 | Z28: 0.061017461 | AA28: 0.049477547 | AB28: -0.035357959 | AC28: -0.087994994 | AD28: 0.072625188 | AE28: 0.11028997 | AF28: -0.047539695 | AG28: -0.1255723 | AH28: 0.10036538 | AI28: 0.17505714 | AJ28: -0.07198907 | AK28: 0.017888734 | AL28: -0.018977503
B29: General Government FCE | C29: 0.14504667 | D29: -0.019108771 | E29: 0.054782736 | F29: 0.086626187 | G29: 0.051522477 | H29: 0.017120655 | I29: 0.022956788 | J29: -0.038097529 | K29: 0.041876441 | L29: 0.010927713 | M29: -0.012885854 | N29: 0.17880026 | O29: -0.066276983 | P29: 0.12730812 | Q29: -0.035059499 | R29: 0.0041683706 | S29: -0.01108769 | T29: 0.10511933 | U29: -0.0030293544 | V29: -0.04883803 | W29: 0.0011055437 | X29: -0.030139959 | Y29: 0.17268534 | Z29: 0.018191383 | AA29: 0.0065191255 | AB29: -0.004256822 | AC29: -0.076461419 | AD29: -0.017901104 | AE29: 0.10486344 | AF29: -0.01265181 | AG29: 0.11204733 | AH29: 0.16297716 | AI29: 0.048058481 | AJ29: 0.024295016 | AK29: 0.077345459 | AL29: -0.013557731
B30: NPISH FCE | C30: 0.027458137 | D30: 0.021906577 | E30: 0.027545676 | F30: 0.021442322 | G30: 0.036392434 | H30: 0.041800987 | I30: 0.044822191 | J30: 0.043907617 | K30: 0.060166106 | L30: 0.021372186 | M30: -0.013107305 | N30: -0.036414997 | O30: -0.058823732 | P30: -0.050334944 | Q30: -0.047296436 | R30: -0.026185838 | S30: -0.002966789 | T30: 0.0096690253 | U30: 0.031599285 | V30: 0.0359651 | W30: 0.037576083 | X30: 0.031368136 | Y30: 0.019025443 | Z30: 0.023865609 | AA30: 0.030531717 | AB30: -0.0074965162 | AC30: 0.010279506 | AD30: 0.0049393698 | AE30: 0.026292362 | AF30: 0.021719836 | AG30: -0.086481823 | AH30: 0.01652186 | AI30: -0.0052155791 | AJ30: 0.0038241098 | AK30: -0.1229043 | AL30: 0.087505916
B31: Household FCE | C31: 0.12224156 | D31: 0.034501775 | E31: -0.049392562 | F31: 0.028675323 | G31: 0.10384306 | H31: -0.050386009 | I31: 0.013446386 | J31: 0.053366182 | K31: 0.017760105 | L31: 0.0098367694 | M31: -0.019586914 | N31: 0.063134723 | O31: 0.079191279 | P31: -0.012088466 | Q31: -0.12681818 | R31: -0.036723136 | S31: 0.20420835 | T31: 0.0045157299 | U31: -0.074287014 | V31: 0.055648977 | W31: 0.022408629 | X31: 0.014947814 | Y31: -0.031083129 | Z31: 0.069809345 | AA31: 0.056903264 | AB31: -0.041231299 | AC31: -0.094997834 | AD31: 0.090340961 | AE31: 0.11568722 | AF31: -0.055763998 | AG31: -0.16112777 | AH31: 0.093742527 | AI31: 0.21029337 | AJ31: -0.091990022 | AK31: 0.013533657 | AL31: -0.024772818
B32: Gross Fixed Capital Formation | C32: 0.019532343 | D32: 0.076238862 | E32: -0.056713036 | F32: 0.034076084 | G32: 0.068143737 | H32: 0.021483936 | I32: -0.008580419 | J32: 0.0034613901 | K32: 0.051980043 | L32: 0.023683728 | M32: 0.0075962681 | N32: 0.074517279 | O32: -0.06056332 | P32: 0.014988372 | Q32: 0.045806746 | R32: -0.13700805 | S32: -0.025677603 | T32: 0.20776108 | U32: 0.017529038 | V32: 0.009818932 | W32: -0.0043460009 | X32: 0.039269832 | Y32: -0.041783097 | Z32: 0.026625811 | AA32: 0.010500346 | AB32: 0.0070639536 | AC32: 0.00082935217 | AD32: 0.055799913 | AE32: -0.018166281 | AF32: -0.026528947 | AG32: 0.11128265 | AH32: 0.026008829 | AI32: -0.067388705 | AJ32: 0.0067250419 | AK32: 0.12162194 | AL32: 0.033499827
B33: Dwellings | C33: -0.0019785281 | D33: -0.00019091266 | E33: 0.0016291632 | F33: 0.0034721552 | G33: 0.0053280935 | H33: 0.0048856434 | I33: 0.0044429756 | J33: 0.0039995026 | K33: 0.0035546333 | L33: 0.0036602575 | M33: 0.00376638 | N33: 0.0038729692 | O33: 0.003979993 | P33: 0.0039545577 | Q33: 0.0039290283 | R33: 0.0039034024 | S33: 0.0038776778 | T33: 0.0038837901 | U33: 0.0038899264 | V33: 0.0038960869 | W33: 0.0039022715 | X33: 0.003900802 | Y33: 0.0038993268 | Z33: 0.0038978458 | AA33: 0.0038963591 | AB33: 0.0038967121 | AC33: 0.0038970665 | AD33: 0.0038974222 | AE33: 0.0038977794 | AF33: 0.0038976956 | AG33: 0.0038976115 | AH33: 0.0038975271 | AI33: 0.0038974424 | AJ33: 0.0038974579 | AK33: 0.0038974735 | AL33: 0.0038974891
B34: Other Buildings | C34: 0.10634369 | D34: 0.097641027 | E34: -0.067009014 | F34: 0.059264202 | G34: -0.018120805 | H34: 0.021751275 | I34: 0.058985252 | J34: 0.072818509 | K34: -0.012651369 | L34: 0.02347403 | M34: 0.0062798706 | N34: 0.080334347 | O34: -0.036964432 | P34: 0.052065674 | Q34: -0.0080961275 | R34: -0.061104009 | S34: -0.14440672 | T34: 0.24593822 | U34: 0.04045753 | V34: 0.077627116 | W34: 0.058707645 | X34: -0.050354112 | Y34: -0.067413305 | Z34: 0.055311577 | AA34: 0.032827443 | AB34: -0.059114234 | AC34: 0.034422465 | AD34: 0.013008813 | AE34: 0.054112346 | AF34: -0.10672763 | AG34: 0.11215434 | AH34: 0.076765036 | AI34: -0.027687112 | AJ34: 0.029185102 | AK34: 0.14664147 | AL34: 0.023041143
B35: Other Structures | C35: 0.1168639 | D35: 0.087045453 | E35: -0.089528569 | F35: 0.010606827 | G35: 0.0087052609 | H35: 0.088142443 | I35: 0.0011244045 | J35: 0.077353619 | K35: -0.0043583965 | L35: 0.10000311 | M35: -0.013416433 | N35: 0.053451795 | O35: -0.062746451 | P35: 0.056939908 | Q35: 0.031019937 | R35: -0.061086242 | S35: -0.14967731 | T35: 0.30360272 | U35: 0.035864802 | V35: 0.019111815 | W35: -0.0591342 | X35: -0.018123268 | Y35: -0.046836088 | Z35: 0.061454105 | AA35: 0.02869253 | AB35: -0.0080577835 | AC35: 0.040069771 | AD35: 0.095719926 | AE35: -0.060744359 | AF35: -0.013495933 | AG35: 0.11594494 | AH35: 0.057048005 | AI35: -0.081802856 | AJ35: -0.049973642 | AK35: 0.20350848 | AL35: 0.071518578
B36: Transport Equipment | C36: -0.00041669454 | D36: 0.15936637 | E36: -0.18904538 | F36: -0.018365475 | G36: 0.50362839 | H36: 0.017719437 | I36: -0.11032368 | J36: 0.043875345 | K36: -0.037562417 | L36: -0.044804718 | M36: -0.10929189 | N36: 0.10497723 | O36: -0.024190989 | P36: -0.13325384 | Q36: -0.035912814 | R36: -0.54200896 | S36: 1.3348887 | T36: -0.067088898 | U36: 0.24524 | V36: -0.068594072 | W36: 0.0039944692 | X36: 0.085145204 | Y36: -0.12180879 | Z36: 0.13288266 | AA36: -0.03013976 | AB36: -0.13433725 | AC36: 0.17001339 | AD36: 0.032426631 | AE36: -0.11621465 | AF36: -0.099776319 | AG36: 0.10381732 | AH36: -0.039521596 | AI36: 0.035024285 | AJ36: 0.40447294 | AK36: -0.23411337 | AL36: 0.1935489
B37: ICT Equipment | C37: -0.72890239 | D37: 2.7784243 | E37: 0.98159125 | F37: -0.52408978 | G37: -0.045686983 | H37: 0.12884712 | I37: -0.25112704 | J37: -0.25249582 | K37: 0.27860899 | L37: 0.092153969 | M37: 0.24448101 | N37: -0.14358098 | O37: -0.15012732 | P37: -0.055888694 | Q37: 0.0066163755 | R37: 0.023163563 | S37: -0.17695842 | T37: 0.27225053 | U37: -0.18339654 | V37: 0.15333968 | W37: -0.28274632 | X37: 0.50145981 | Y37: -0.12656313 | Z37: 0.42821143 | AA37: -0.22757019 | AB37: 0.0033041583 | AC37: 0.1738361 | AD37: -0.22256061 | AE37: -0.13414761 | AF37: -0.20307769 | AG37: 0.81617077 | AH37: -0.13778959 | AI37: -0.37190998 | AJ37: 0.93362665 | AK37: -0.15884376 | AL37: -0.235748
B38: Other Machinery and Equipment | C38: -0.097321216 | D38: -0.0030115367 | E38: -0.07562488 | F38: 0.27800468 | G38: 0.081471912 | H38: -0.07744872 | I38: -0.0049416682 | J38: -0.1817673 | K38: 0.30811787 | L38: -0.040700882 | M38: 0.021242318 | N38: 0.13762793 | O38: -0.099066857 | P38: -0.045108307 | Q38: 0.19341804 | R38: -0.28376133 | S38: 0.15060132 | T38: 0.18523633 | U38: -0.066287967 | V38: -0.063205191 | W38: -0.0020556494 | X38: 0.22398034 | Y38: 0.035906162 | Z38: -0.10131359 | AA38: -0.061394439 | AB38: 0.15057565 | AC38: -0.19519231 | AD38: 0.062463485 | AE38: 0.068969731 | AF38: -0.013720979 | AG38: 0.14846587 | AH38: -0.046690865 | AI38: -0.0984982 | AJ38: -0.061420647 | AK38: 0.10553624 | AL38: -0.015359461
B39: Other Asset Types | C39: 0.036345209 | D39: -0.10105232 | E39: -0.04468124 | F39: -0.11150486 | G39: 0.25513139 | H39: 0.034008309 | I39: -0.051335495 | J39: 0.025467164 | K39: -0.015369436 | L39: -0.085261963 | M39: 0.153653 | N39: 0.028722649 | O39: -0.021422005 | P39: 0.022815264 | Q39: -0.034996266 | R39: -0.040679925 | S39: 0.093875262 | T39: 0.012258773 | U39: -0.0096506018 | V39: -0.00079373995 | W39: 0.12268837 | X39: 0.066026536 | Y39: -0.091306164 | Z39: 0.046135868 | AA39: 0.1456858 | AB39: 0.026084179 | AC39: 0.13007279 | AD39: 0.059254199 | AE39: -0.1047134 | AF39: 0.16201794 | AG39: -0.016771801 | AH39: 0.0049588801 | AI39: -0.059793484 | AJ39: 0.022515685 | AK39: 0.09695852 | AL39: -0.050280161
... B47: Services | C47: 0.64035404 | D47: 0.035444623 | E47: -0.063984101 | F47: 0.18531047 | G47: -0.0075130043 | H47: 0.064823692 | I47: -0.12766029 | J47: 0.10994136 | K47: 0.1461335 | L47: 0.021145029 | M47: -0.022888878 | N47: -0.050123686 | O47: 0.10180261 | P47: -0.033319645 | Q47: 0.19105465 | R47: -0.36571252 | S47: 0.22331972 | T47: 0.11609447 | U47: -0.18283119 | V47: 0.18218591 | W47: -0.088419246 | X47: -0.0038434017 | Y47: -0.0013113066 | Z47: 0.016145571 | AA47: 0.055082419 | AB47: -0.099461619 | AC47: 0.04214346 | AD47: 0.09209916 | AE47: 0.17303986 | AF47: 0.053166432 | AG47: -0.082079976 | AH47: -0.060830377 | AI47: -0.063820566 | AJ47: 0.22912896 | AK47: -0.1051101 | AL47: 0.34001
B48: Statistical Discrepancy
B49: GDP at Market Prices | C49: 0.0087619308 | D49: 0.015931775 | E49: 0.029139819 | F49: 0.0096334369 | G49: 0.014307407 | H49: 0.010441771 | I49: 0.022502616 | J49: 0.0074169263 | K49: 0.017158838 | L49: 0.0077225762 | M49: 0.045753613 | N49: -0.0052996504 | O49: 0.028573288 | P49: 0.01353194 | Q49: -0.024257454 | R49: -0.071002683 | S49: 0.075360867 | T49: 0.025659473 | U49: 0.0055325037 | V49: 0.012169134 | W49: -0.019236884 | X49: 0.050426265 | Y49: 0.02006828 | Z49: 0.0038506452 | AA49: 0.0110105 | AB49: 0.0089763029 | AC49: -0.00084733752 | AD49: 0.031614723 | AE49: 0.016116488 | AF49: 0.012897253 | AG49: 0.0087480378 | AH49: 0.017917958 | AI49: 0.022763312 | AJ49: 0.0042690223 | AK49: 0.034517338 | AL49: -0.0071936386

Sheet Graphs Original
